Workbook

Sheet Смета 12 гр. по ФЕР
H3: Приложение 1 к Форме 6 к документации о проведении открытого аукциона в электронной форме
B11: СМЕТА
B12: =IF(Source!G20<>"Новая локальная смета", Source!G20, "")
B14: на создание системы автоматического газового пожаротушения центра обработки данных НИЯУ МИФИ | AD14: =IF(Source!G12<>"Новый объект", Source!G12, "") -> Создание автоматической системы пожаротушения по адресу : г. Москва, Каширское шоссе, д.31,стр.16
G17: базовая цена | I17: текущая цена
C18: Сметная стоимость | G18: =SUM(O29:O786)/1000 -> 467.38456 | I18: =(Source!P572/1000) -> 3797.0324 | K18: тыс. руб.
C19: Строительные работы | G19: =SUM(W29:W786)/1000 -> 24.43419 | I19: =(Source!P559)/1000 -> 165.41936 | K19: тыс. руб.
C20: Монтажные работы | G20: =SUM(X29:X786)/1000 -> 442.95037 | I20: =(Source!P560)/1000 -> 2998.7743 | K20: тыс. руб.
C21: Оборудование | G21: =SUM(Y29:Y786)/1000 -> 0 | I21: =(Source!P551)/1000 -> 0 | K21: тыс. руб.
C22: Прочие работы | G22: =SUM(Z29:Z786)/1000 -> 0 | I22: =(Source!P561+Source!P562)/1000 -> 0 | K22: тыс. руб.
C23: Нормативная трудоемкость | G23: =I23 -> 2794.9557 | I23: =(Source!P564+Source!P565) -> 2794.9557 | K23: чел. -ч.
C24: Средства на оплату труда | G24: =SUM(R29:R786)/1000 -> 30.14654 | I24: =((Source!P557 + Source!P556)/1000) -> 204.09211 | K24: тыс. руб.
A26: Составлена в ценах IV квартал 2018 года
A27: № п/п | B27: Шифр расценки и коды ресурсов | C27: Наименование работ и затрат | D27: Ед. изм. | E27: Кол-во единиц | F27: Цена на ед. изм. | G27: Попра-вочные коэфф. | H27: Стоимость в ценах 2001г. | I27: Пункт коэфф. пересчета | J27: Коэфф. пересчета | K27: Стоимость в текущих ценах | L27: ЗТР всего чел.-час
A28: 1 | B28: 2 | C28: 3 | D28: 4 | E28: 5 | F28: 6 | G28: 7 | H28: 8 | I28: 9 | J28: 10 | K28: 11 | L28: 12
A29: =CONCATENATE("Раздел: ",IF(Source!G24<>"Новый раздел", Source!G24, "")) -> Раздел: Раздел 1 Строительно-монтажные работы. Серверная
A30: =Source!E29 -> 1 | B30: =Source!F29 -> м10-08-001-10 | C30: =Source!G29 -> Приборы приемно-контрольные объектовые на 1 луч | D30: =Source!H29 -> ШТ | E30: =Source!I29 -> 1 | F30: =Source!AL29+Source!AM29+Source!AO29 -> 36.71 | I30: =Source!BO29 | S30: =ROUND((Source!FX29/100)*((ROUND(Source!AF29*Source!I29, 2)+ROUND(Source!AE29*Source!I29, 2))), 2) -> 35.36 | T30: =Source!X29 -> 239.38 | U30: =ROUND((Source!FY29/100)*((ROUND(Source!AF29*Source!I29, 2)+ROUND(Source!AE29*Source!I29, 2))), 2) -> 26.52 | V30: =Source!Y29 -> 179.54
C31: Зарплата | F31: =Source!AO29 -> 32.74 | G31: =Source!DG29 -> )*1,35 | H31: =ROUND(Source!AF29*Source!I29, 2) -> 44.2 | J31: =IF(Source!BA29<> 0, Source!BA29, 1) -> 6.77 | K31: =Source!S29 -> 299.23 | R31: =H31 -> 44.2
C32: Материальные ресурсы | F32: =Source!AL29 -> 3.97 | G32: =Source!DD29 | H32: =ROUND(Source!AC29*Source!I29, 2) -> 3.97 | J32: =IF(Source!BC29<> 0, Source!BC29, 1) -> 6.77 | K32: =Source!P29 -> 26.88
C33: НР от ФОТ | D33: % | E33: =Source!BZ29 -> 80 | H33: =SUM(S30:S36) -> 35.36 | J33: =Source!AT29 -> 80 | K33: =SUM(T30:T36) -> 239.38
C34: СП от ФОТ | D34: % | E34: =Source!CA29 -> 60 | H34: =SUM(U30:U36) -> 26.52 | J34: =Source!AU29 -> 60 | K34: =SUM(V30:V36) -> 179.54
C35: Затраты труда | D35: чел-ч | E35: =Source!AQ29 -> 3.3 | G35: =Source!DI29 -> )*1,35 | L35: =Source!U29 -> 4.455
A36: =Source!E31 -> 1,1 | B36: =Source!F31 -> 61.2.06.01-0007 | C36: =Source!G31 -> Прибор приемно-контрольный и управления автоматическими средствами пожаротушения и оповещателями, марка "С2000- АСПТ" | D36: =Source!H31 -> шт. | E36: =Source!I31 -> 1 | F36: =Source!AL31+Source!AM31+Source!AO31 -> 622.48 | H36: =ROUND(Source!AC31*Source!I31, 2)+ROUND(Source!AD31*Source!I31, 2)+ROUND(Source!AF31*Source!I31, 2) -> 622.48 | J36: =IF(Source!BC31<> 0, Source!BC31, 1) -> 6.77 | K36: =Source!O31 -> 4214.19 | S36: =ROUND((Source!FX31/100)*((ROUND(Source!AF31*Source!I31, 2)+ROUND(Source!AE31*Source!I31, 2))), 2) -> 0 | T36: =Source!X31 -> 0 | U36: =ROUND((Source!FY31/100)*((ROUND(Source!AF31*Source!I31, 2)+ROUND(Source!AE31*Source!I31, 2))), 2) -> 0 | V36: =Source!Y31 -> 0 | W36: =IF(Source!BI31<=1,H36, 0) -> 0 | X36: =IF(Source!BI31=2,H36, 0) -> 622.48 | Y36: =IF(Source!BI31=3,H36, 0) -> 0 | Z36: =IF(Source!BI31=4,H36, 0) -> 0
G37: =H31+H32+H33+H34+SUM(H36:H36) -> 732.53 | J37: =K31+K32+K33+K34+SUM(K36:K36) -> 4959.22 | L37: =Source!U29 -> 4.455 | O37: =G37 -> 732.53 | P37: =J37 -> 4959.22 | Q37: =L37 -> 4.455 | W37: =IF(Source!BI29<=1,H31+H32+H33+H34, 0) -> 0 | X37: =IF(Source!BI29=2,H31+H32+H33+H34, 0) -> 110.05 | Y37: =IF(Source!BI29=3,H31+H32+H33+H34, 0) -> 0 | Z37: =IF(Source!BI29=4,H31+H32+H33+H34, 0) -> 0
A38: =Source!E33 -> 2 | B38: =Source!F33 -> м10-04-077-15 | C38: =Source!G33 -> Пульт служебной связи и контроля | D38: =Source!H33 -> ШТ | E38: =Source!I33 -> 1 | F38: =Source!AL33+Source!AM33+Source!AO33 -> 1170.69 | I38: =Source!BO33 | S38: =ROUND((Source!FX33/100)*((ROUND(Source!AF33*Source!I33, 2)+ROUND(Source!AE33*Source!I33, 2))), 2) -> 931.69 | T38: =Source!X33 -> 6307.6 | U38: =ROUND((Source!FY33/100)*((ROUND(Source!AF33*Source!I33, 2)+ROUND(Source!AE33*Source!I33, 2))), 2) -> 658.26 | V38: =Source!Y33 -> 4456.46
C39: Зарплата | F39: =Source!AO33 -> 712.84 | G39: =Source!DG33 -> )*1,35 | H39: =ROUND(Source!AF33*Source!I33, 2) -> 962.33 | J39: =IF(Source!BA33<> 0, Source!BA33, 1) -> 6.77 | K39: =Source!S33 -> 6515 | R39: =H39 -> 962.33
C40: Эксплуатация машин | F40: =Source!AM33 -> 333.86 | G40: =Source!DE33 -> )*1,35 | H40: =ROUND(Source!AD33*Source!I33, 2) -> 450.71 | J40: =IF(Source!BB33<> 0, Source!BB33, 1) -> 6.77 | K40: =Source!Q33 -> 3051.31
C41: в т.ч. зарплата машинистов | F41: =Source!AN33 -> 37.32 | G41: =Source!DF33 -> )*1,35 | H41: =ROUND(Source!AE33*Source!I33, 2) -> 50.38 | J41: =IF(Source!BS33<> 0, Source!BS33, 1) -> 6.77 | K41: =Source!R33 -> 341.09 | R41: =H41 -> 50.38
C42: Материальные ресурсы | F42: =Source!AL33 -> 123.99 | G42: =Source!DD33 | H42: =ROUND(Source!AC33*Source!I33, 2) -> 123.99 | J42: =IF(Source!BC33<> 0, Source!BC33, 1) -> 6.77 | K42: =Source!P33 -> 839.41
C43: НР от ФОТ | D43: % | E43: =Source!BZ33 -> 92 | H43: =SUM(S38:S46) -> 931.69 | J43: =Source!AT33 -> 92 | K43: =SUM(T38:T46) -> 6307.6
C44: СП от ФОТ | D44: % | E44: =Source!CA33 -> 65 | H44: =SUM(U38:U46) -> 658.26 | J44: =Source!AU33 -> 65 | K44: =SUM(V38:V46) -> 4456.46
C45: Затраты труда | D45: чел-ч | E45: =Source!AQ33 -> 74.1 | G45: =Source!DI33 -> )*1,35 | L45: =Source!U33 -> 100.035
A46: =Source!E35 -> 2,1 | B46: =Source!F35 -> 61.2.04.10-0004 | C46: =Source!G35 -> Пульт контроля и управления охранно-пожарный, марка "С2000- М" | D46: =Source!H35 -> шт. | E46: =Source!I35 -> 1 | F46: =Source!AL35+Source!AM35+Source!AO35 -> 627.51 | H46: =ROUND(Source!AC35*Source!I35, 2)+ROUND(Source!AD35*Source!I35, 2)+ROUND(Source!AF35*Source!I35, 2) -> 627.51 | J46: =IF(Source!BC35<> 0, Source!BC35, 1) -> 6.77 | K46: =Source!O35 -> 4248.24 | S46: =ROUND((Source!FX35/100)*((ROUND(Source!AF35*Source!I35, 2)+ROUND(Source!AE35*Source!I35, 2))), 2) -> 0 | T46: =Source!X35 -> 0 | U46: =ROUND((Source!FY35/100)*((ROUND(Source!AF35*Source!I35, 2)+ROUND(Source!AE35*Source!I35, 2))), 2) -> 0 | V46: =Source!Y35 -> 0 | W46: =IF(Source!BI35<=1,H46, 0) -> 0 | X46: =IF(Source!BI35=2,H46, 0) -> 627.51 | Y46: =IF(Source!BI35=3,H46, 0) -> 0 | Z46: =IF(Source!BI35=4,H46, 0) -> 0
G47: =H39+H40+H42+H43+H44+SUM(H46:H46) -> 3754.49 | J47: =K39+K40+K42+K43+K44+SUM(K46:K46) -> 25418.02 | L47: =Source!U33 -> 100.035 | O47: =G47 -> 3754.49 | P47: =J47 -> 25418.02 | Q47: =L47 -> 100.035 | W47: =IF(Source!BI33<=1,H39+H40+H42+H43+H44, 0) -> 0 | X47: =IF(Source!BI33=2,H39+H40+H42+H43+H44, 0) -> 3126.98 | Y47: =IF(Source!BI33=3,H39+H40+H42+H43+H44, 0) -> 0 | Z47: =IF(Source!BI33=4,H39+H40+H42+H43+H44, 0) -> 0
A48: =Source!E37 -> 3 | B48: =Source!F37 -> м10-01-003-06 | C48: =Source!G37 -> Блок релейный | D48: =Source!H37 -> 10 ШТ | E48: =Source!I37 -> 0.1 | F48: =Source!AL37+Source!AM37+Source!AO37 -> 23.61 | I48: =Source!BO37 | S48: =ROUND((Source!FX37/100)*((ROUND(Source!AF37*Source!I37, 2)+ROUND(Source!AE37*Source!I37, 2))), 2) -> 1.9 | T48: =Source!X37 -> 12.92 | U48: =ROUND((Source!FY37/100)*((ROUND(Source!AF37*Source!I37, 2)+ROUND(Source!AE37*Source!I37, 2))), 2) -> 1.43 | V48: =Source!Y37 -> 9.69
C49: ="Объем: "&Source!I37&"=1/"&"10" -> Объем: 0,1=1/10
C50: Зарплата | F50: =Source!AO37 -> 16.97 | G50: =Source!DG37 -> )*1,35 | H50: =ROUND(Source!AF37*Source!I37, 2) -> 2.29 | J50: =IF(Source!BA37<> 0, Source!BA37, 1) -> 6.77 | K50: =Source!S37 -> 15.51 | R50: =H50 -> 2.29
C51: Эксплуатация машин | F51: =Source!AM37 -> 6.3 | G51: =Source!DE37 -> )*1,35 | H51: =ROUND(Source!AD37*Source!I37, 2) -> 0.85 | J51: =IF(Source!BB37<> 0, Source!BB37, 1) -> 6.77 | K51: =Source!Q37 -> 5.76
C52: в т.ч. зарплата машинистов | F52: =Source!AN37 -> 0.7 | G52: =Source!DF37 -> )*1,35 | H52: =ROUND(Source!AE37*Source!I37, 2) -> 0.09 | J52: =IF(Source!BS37<> 0, Source!BS37, 1) -> 6.77 | K52: =Source!R37 -> 0.64 | R52: =H52 -> 0.09
C53: Материальные ресурсы | F53: =Source!AL37 -> 0.34 | G53: =Source!DD37 | H53: =ROUND(Source!AC37*Source!I37, 2) -> 0.03 | J53: =IF(Source!BC37<> 0, Source!BC37, 1) -> 6.77 | K53: =Source!P37 -> 0.23
C54: НР от ФОТ | D54: % | E54: =Source!BZ37 -> 80 | H54: =SUM(S48:S57) -> 1.9 | J54: =Source!AT37 -> 80 | K54: =SUM(T48:T57) -> 12.92
C55: СП от ФОТ | D55: % | E55: =Source!CA37 -> 60 | H55: =SUM(U48:U57) -> 1.43 | J55: =Source!AU37 -> 60 | K55: =SUM(V48:V57) -> 9.69
C56: Затраты труда | D56: чел-ч | E56: =Source!AQ37 -> 1.64 | G56: =Source!DI37 -> )*1,35 | L56: =Source!U37 -> 0.2214
A57: =Source!E39 -> 3,1 | B57: =Source!F39 -> 61.2.07.02-0079 | C57: =Source!G39 -> Блок сигнально-пусковой (релейный блок), марка "С2000-СП1" | D57: =Source!H39 -> шт. | E57: =Source!I39 -> 1 | F57: =Source!AL39+Source!AM39+Source!AO39 -> 153.02 | H57: =ROUND(Source!AC39*Source!I39, 2)+ROUND(Source!AD39*Source!I39, 2)+ROUND(Source!AF39*Source!I39, 2) -> 153.02 | J57: =IF(Source!BC39<> 0, Source!BC39, 1) -> 6.77 | K57: =Source!O39 -> 1035.95 | S57: =ROUND((Source!FX39/100)*((ROUND(Source!AF39*Source!I39, 2)+ROUND(Source!AE39*Source!I39, 2))), 2) -> 0 | T57: =Source!X39 -> 0 | U57: =ROUND((Source!FY39/100)*((ROUND(Source!AF39*Source!I39, 2)+ROUND(Source!AE39*Source!I39, 2))), 2) -> 0 | V57: =Source!Y39 -> 0 | W57: =IF(Source!BI39<=1,H57, 0) -> 0 | X57: =IF(Source!BI39=2,H57, 0) -> 153.02 | Y57: =IF(Source!BI39=3,H57, 0) -> 0 | Z57: =IF(Source!BI39=4,H57, 0) -> 0
G58: =H50+H51+H53+H54+H55+SUM(H57:H57) -> 159.52 | J58: =K50+K51+K53+K54+K55+SUM(K57:K57) -> 1080.06 | L58: =Source!U37 -> 0.2214 | O58: =G58 -> 159.52 | P58: =J58 -> 1080.06 | Q58: =L58 -> 0.2214 | W58: =IF(Source!BI37<=1,H50+H51+H53+H54+H55, 0) -> 0 | X58: =IF(Source!BI37=2,H50+H51+H53+H54+H55, 0) -> 6.5 | Y58: =IF(Source!BI37=3,H50+H51+H53+H54+H55, 0) -> 0 | Z58: =IF(Source!BI37=4,H50+H51+H53+H54+H55, 0) -> 0
A59: =Source!E41 -> 4 | B59: =Source!F41 -> м10-08-001-12 | C59: =Source!G41 -> Устройства промежуточные на количество лучей 5 | D59: =Source!H41 -> ШТ | E59: =Source!I41 -> 2 | F59: =Source!AL41+Source!AM41+Source!AO41 -> 28.93 | I59: =Source!BO41 | S59: =ROUND((Source!FX41/100)*((ROUND(Source!AF41*Source!I41, 2)+ROUND(Source!AE41*Source!I41, 2))), 2) -> 53.66 | T59: =Source!X41 -> 363.24 | U59: =ROUND((Source!FY41/100)*((ROUND(Source!AF41*Source!I41, 2)+ROUND(Source!AE41*Source!I41, 2))), 2) -> 40.24 | V59: =Source!Y41 -> 272.43
C60: Зарплата | F60: =Source!AO41 -> 24.84 | G60: =Source!DG41 -> )*1,35 | H60: =ROUND(Source!AF41*Source!I41, 2) -> 67.07 | J60: =IF(Source!BA41<> 0, Source!BA41, 1) -> 6.77 | K60: =Source!S41 -> 454.05 | R60: =H60 -> 67.07
C61: Материальные ресурсы | F61: =Source!AL41 -> 4.09 | G61: =Source!DD41 | H61: =ROUND(Source!AC41*Source!I41, 2) -> 8.18 | J61: =IF(Source!BC41<> 0, Source!BC41, 1) -> 6.77 | K61: =Source!P41 -> 55.38
C62: НР от ФОТ | D62: % | E62: =Source!BZ41 -> 80 | H62: =SUM(S59:S65) -> 53.66 | J62: =Source!AT41 -> 80 | K62: =SUM(T59:T65) -> 363.24
C63: СП от ФОТ | D63: % | E63: =Source!CA41 -> 60 | H63: =SUM(U59:U65) -> 40.24 | J63: =Source!AU41 -> 60 | K63: =SUM(V59:V65) -> 272.43
C64: Затраты труда | D64: чел-ч | E64: =Source!AQ41 -> 2.4 | G64: =Source!DI41 -> )*1,35 | L64: =Source!U41 -> 6.48
A65: =Source!E43 -> 4,1 | B65: =Source!F43 -> 61.2.07.02-0028 | C65: =Source!G43 -> Блок индикации и управления пожаротушением, марка "С2000- ПТ" | D65: =Source!H43 -> шт. | E65: =Source!I43 -> 2 | F65: =Source!AL43+Source!AM43+Source!AO43 -> 692.04 | H65: =ROUND(Source!AC43*Source!I43, 2)+ROUND(Source!AD43*Source!I43, 2)+ROUND(Source!AF43*Source!I43, 2) -> 1384.08 | J65: =IF(Source!BC43<> 0, Source!BC43, 1) -> 6.77 | K65: =Source!O43 -> 9370.22 | S65: =ROUND((Source!FX43/100)*((ROUND(Source!AF43*Source!I43, 2)+ROUND(Source!AE43*Source!I43, 2))), 2) -> 0 | T65: =Source!X43 -> 0 | U65: =ROUND((Source!FY43/100)*((ROUND(Source!AF43*Source!I43, 2)+ROUND(Source!AE43*Source!I43, 2))), 2) -> 0 | V65: =Source!Y43 -> 0 | W65: =IF(Source!BI43<=1,H65, 0) -> 0 | X65: =IF(Source!BI43=2,H65, 0) -> 1384.08 | Y65: =IF(Source!BI43=3,H65, 0) -> 0 | Z65: =IF(Source!BI43=4,H65, 0) -> 0
G66: =H60+H61+H62+H63+SUM(H65:H65) -> 1553.23 | J66: =K60+K61+K62+K63+SUM(K65:K65) -> 10515.32 | L66: =Source!U41 -> 6.48 | O66: =G66 -> 1553.23 | P66: =J66 -> 10515.32 | Q66: =L66 -> 6.48 | W66: =IF(Source!BI41<=1,H60+H61+H62+H63, 0) -> 0 | X66: =IF(Source!BI41=2,H60+H61+H62+H63, 0) -> 169.15 | Y66: =IF(Source!BI41=3,H60+H61+H62+H63, 0) -> 0 | Z66: =IF(Source!BI41=4,H60+H61+H62+H63, 0) -> 0
A67: =Source!E45 -> 5 | B67: =Source!F45 -> м10-02-016-06 | C67: =Source!G45 -> Отдельно устанавливаемый преобразователь или блок питания | D67: =Source!H45 -> ШТ | E67: =Source!I45 -> 6 | F67: =Source!AL45+Source!AM45+Source!AO45 -> 199.95 | I67: =Source!BO45 | S67: =ROUND((Source!FX45/100)*((ROUND(Source!AF45*Source!I45, 2)+ROUND(Source!AE45*Source!I45, 2))), 2) -> 754.53 | T67: =Source!X45 -> 5108.18 | U67: =ROUND((Source!FY45/100)*((ROUND(Source!AF45*Source!I45, 2)+ROUND(Source!AE45*Source!I45, 2))), 2) -> 565.9 | V67: =Source!Y45 -> 3831.13
C68: Зарплата | F68: =Source!AO45 -> 112.01 | G68: =Source!DG45 -> )*1,35 | H68: =ROUND(Source!AF45*Source!I45, 2) -> 907.28 | J68: =IF(Source!BA45<> 0, Source!BA45, 1) -> 6.77 | K68: =Source!S45 -> 6142.29 | R68: =H68 -> 907.28
C69: Эксплуатация машин | F69: =Source!AM45 -> 39.6 | G69: =Source!DE45 -> )*1,35 | H69: =ROUND(Source!AD45*Source!I45, 2) -> 320.76 | J69: =IF(Source!BB45<> 0, Source!BB45, 1) -> 6.77 | K69: =Source!Q45 -> 2171.55
C70: в т.ч. зарплата машинистов | F70: =Source!AN45 -> 4.43 | G70: =Source!DF45 -> )*1,35 | H70: =ROUND(Source!AE45*Source!I45, 2) -> 35.88 | J70: =IF(Source!BS45<> 0, Source!BS45, 1) -> 6.77 | K70: =Source!R45 -> 242.93 | R70: =H70 -> 35.88
C71: Материальные ресурсы | F71: =Source!AL45 -> 48.34 | G71: =Source!DD45 | H71: =ROUND(Source!AC45*Source!I45, 2) -> 290.04 | J71: =IF(Source!BC45<> 0, Source!BC45, 1) -> 6.77 | K71: =Source!P45 -> 1963.57
C72: НР от ФОТ | D72: % | E72: =Source!BZ45 -> 80 | H72: =SUM(S67:S77) -> 754.53 | J72: =Source!AT45 -> 80 | K72: =SUM(T67:T77) -> 5108.18
C73: СП от ФОТ | D73: % | E73: =Source!CA45 -> 60 | H73: =SUM(U67:U77) -> 565.9 | J73: =Source!AU45 -> 60 | K73: =SUM(V67:V77) -> 3831.13
C74: Затраты труда | D74: чел-ч | E74: =Source!AQ45 -> 10.1 | G74: =Source!DI45 -> )*1,35 | L74: =Source!U45 -> 81.81
A75: =Source!E47 -> 5,1 | B75: =Source!F47 -> 61.1.04.03-0011 | C75: =Source!G47 -> Преобразователь интерфейса, марка "С2000-ПИ" | D75: =Source!H47 -> шт. | E75: =Source!I47 -> 2 | F75: =Source!AL47+Source!AM47+Source!AO47 -> 282.84 | H75: =ROUND(Source!AC47*Source!I47, 2)+ROUND(Source!AD47*Source!I47, 2)+ROUND(Source!AF47*Source!I47, 2) -> 565.68 | J75: =IF(Source!BC47<> 0, Source!BC47, 1) -> 6.77 | K75: =Source!O47 -> 3829.65 | S75: =ROUND((Source!FX47/100)*((ROUND(Source!AF47*Source!I47, 2)+ROUND(Source!AE47*Source!I47, 2))), 2) -> 0 | T75: =Source!X47 -> 0 | U75: =ROUND((Source!FY47/100)*((ROUND(Source!AF47*Source!I47, 2)+ROUND(Source!AE47*Source!I47, 2))), 2) -> 0 | V75: =Source!Y47 -> 0 | W75: =IF(Source!BI47<=1,H75, 0) -> 0 | X75: =IF(Source!BI47=2,H75, 0) -> 565.68 | Y75: =IF(Source!BI47=3,H75, 0) -> 0 | Z75: =IF(Source!BI47=4,H75, 0) -> 0
A76: =Source!E49 -> 5,2 | B76: =Source!F49 -> 61.2.06.01-0011 | C76: =Source!G49 -> Прибор приемно-контрольный охранно-пожарный, марка "C2000-Ethernet" | D76: =Source!H49 -> шт. | E76: =Source!I49 -> 2 | F76: =Source!AL49+Source!AM49+Source!AO49 -> 386.3 | H76: =ROUND(Source!AC49*Source!I49, 2)+ROUND(Source!AD49*Source!I49, 2)+ROUND(Source!AF49*Source!I49, 2) -> 772.6 | J76: =IF(Source!BC49<> 0, Source!BC49, 1) -> 6.77 | K76: =Source!O49 -> 5230.5 | S76: =ROUND((Source!FX49/100)*((ROUND(Source!AF49*Source!I49, 2)+ROUND(Source!AE49*Source!I49, 2))), 2) -> 0 | T76: =Source!X49 -> 0 | U76: =ROUND((Source!FY49/100)*((ROUND(Source!AF49*Source!I49, 2)+ROUND(Source!AE49*Source!I49, 2))), 2) -> 0 | V76: =Source!Y49 -> 0 | W76: =IF(Source!BI49<=1,H76, 0) -> 0 | X76: =IF(Source!BI49=2,H76, 0) -> 772.6 | Y76: =IF(Source!BI49=3,H76, 0) -> 0 | Z76: =IF(Source!BI49=4,H76, 0) -> 0
A77: =Source!E51 -> 5,3 | B77: =Source!F51 -> 62.4.02.02-0042 | C77: =Source!G51 -> Источник резервного питания, марка "РИП 24" исп. 01 | D77: =Source!H51 -> шт. | E77: =Source!I51 -> 2 | F77: =Source!AL51+Source!AM51+Source!AO51 -> 873.53 | H77: =ROUND(Source!AC51*Source!I51, 2)+ROUND(Source!AD51*Source!I51, 2)+ROUND(Source!AF51*Source!I51, 2) -> 1747.06 | J77: =IF(Source!BC51<> 0, Source!BC51, 1) -> 6.77 | K77: =Source!O51 -> 11827.6 | S77: =ROUND((Source!FX51/100)*((ROUND(Source!AF51*Source!I51, 2)+ROUND(Source!AE51*Source!I51, 2))), 2) -> 0 | T77: =Source!X51 -> 0 | U77: =ROUND((Source!FY51/100)*((ROUND(Source!AF51*Source!I51, 2)+ROUND(Source!AE51*Source!I51, 2))), 2) -> 0 | V77: =Source!Y51 -> 0 | W77: =IF(Source!BI51<=1,H77, 0) -> 0 | X77: =IF(Source!BI51=2,H77, 0) -> 1747.06 | Y77: =IF(Source!BI51=3,H77, 0) -> 0 | Z77: =IF(Source!BI51=4,H77, 0) -> 0
G78: =H68+H69+H71+H72+H73+SUM(H75:H77) -> 5923.85 | J78: =K68+K69+K71+K72+K73+SUM(K75:K77) -> 40104.47 | L78: =Source!U45 -> 81.81 | O78: =G78 -> 5923.85 | P78: =J78 -> 40104.47 | Q78: =L78 -> 81.81 | W78: =IF(Source!BI45<=1,H68+H69+H71+H72+H73, 0) -> 0 | X78: =IF(Source!BI45=2,H68+H69+H71+H72+H73, 0) -> 2838.51 | Y78: =IF(Source!BI45=3,H68+H69+H71+H72+H73, 0) -> 0 | Z78: =IF(Source!BI45=4,H68+H69+H71+H72+H73, 0) -> 0
A79: =Source!E53 -> 6 | B79: =Source!F53 -> м08-01-121-01 | C79: =Source!G53 -> Аккумулятор кислотный стационарный, тип С-1, СК-1 | D79: =Source!H53 -> ШТ | E79: =Source!I53 -> 6 | F79: =Source!AL53+Source!AM53+Source!AO53 -> 40.47 | I79: =Source!BO53 | S79: =ROUND((Source!FX53/100)*((ROUND(Source!AF53*Source!I53, 2)+ROUND(Source!AE53*Source!I53, 2))), 2) -> 152.51 | T79: =Source!X53 -> 1032.53 | U79: =ROUND((Source!FY53/100)*((ROUND(Source!AF53*Source!I53, 2)+ROUND(Source!AE53*Source!I53, 2))), 2) -> 104.35 | V79: =Source!Y53 -> 706.47
C80: Зарплата | F80: =Source!AO53 -> 19.82 | G80: =Source!DG53 -> )*1,35 | H80: =ROUND(Source!AF53*Source!I53, 2) -> 160.54 | J80: =IF(Source!BA53<> 0, Source!BA53, 1) -> 6.77 | K80: =Source!S53 -> 1086.87 | R80: =H80 -> 160.54
C81: Материальные ресурсы | F81: =Source!AL53 -> 20.65 | G81: =Source!DD53 | H81: =ROUND(Source!AC53*Source!I53, 2) -> 123.9 | J81: =IF(Source!BC53<> 0, Source!BC53, 1) -> 6.77 | K81: =Source!P53 -> 838.8
C82: НР от ФОТ | D82: % | E82: =Source!BZ53 -> 95 | H82: =SUM(S79:S86) -> 152.51 | J82: =Source!AT53 -> 95 | K82: =SUM(T79:T86) -> 1032.53
C83: СП от ФОТ | D83: % | E83: =Source!CA53 -> 65 | H83: =SUM(U79:U86) -> 104.35 | J83: =Source!AU53 -> 65 | K83: =SUM(V79:V86) -> 706.47
C84: Затраты труда | D84: чел-ч | E84: =Source!AQ53 -> 2.06 | G84: =Source!DI53 -> )*1,35 | L84: =Source!U53 -> 16.686
A85: =Source!E55 -> 6,1 | B85: =Source!F55 -> 62.4.01.01-0006 | C85: =Source!G55 -> Батарея аккумуляторная АКБ-17 12В/17 А/ч | D85: =Source!H55 -> шт. | E85: =Source!I55 -> 4 | F85: =Source!AL55+Source!AM55+Source!AO55 -> 230.51 | H85: =ROUND(Source!AC55*Source!I55, 2)+ROUND(Source!AD55*Source!I55, 2)+ROUND(Source!AF55*Source!I55, 2) -> 922.04 | J85: =IF(Source!BC55<> 0, Source!BC55, 1) -> 6.77 | K85: =Source!O55 -> 6242.21 | S85: =ROUND((Source!FX55/100)*((ROUND(Source!AF55*Source!I55, 2)+ROUND(Source!AE55*Source!I55, 2))), 2) -> 0 | T85: =Source!X55 -> 0 | U85: =ROUND((Source!FY55/100)*((ROUND(Source!AF55*Source!I55, 2)+ROUND(Source!AE55*Source!I55, 2))), 2) -> 0 | V85: =Source!Y55 -> 0 | W85: =IF(Source!BI55<=1,H85, 0) -> 0 | X85: =IF(Source!BI55=2,H85, 0) -> 922.04 | Y85: =IF(Source!BI55=3,H85, 0) -> 0 | Z85: =IF(Source!BI55=4,H85, 0) -> 0
A86: =Source!E57 -> 6,2 | B86: =Source!F57 -> 62.4.01.01-0003 | C86: =Source!G57 -> Батарея аккумуляторная АКБ-4 12В/4,5 А/ч | D86: =Source!H57 -> шт. | E86: =Source!I57 -> 2 | F86: =Source!AL57+Source!AM57+Source!AO57 -> 70.45 | H86: =ROUND(Source!AC57*Source!I57, 2)+ROUND(Source!AD57*Source!I57, 2)+ROUND(Source!AF57*Source!I57, 2) -> 140.9 | J86: =IF(Source!BC57<> 0, Source!BC57, 1) -> 6.77 | K86: =Source!O57 -> 953.89 | S86: =ROUND((Source!FX57/100)*((ROUND(Source!AF57*Source!I57, 2)+ROUND(Source!AE57*Source!I57, 2))), 2) -> 0 | T86: =Source!X57 -> 0 | U86: =ROUND((Source!FY57/100)*((ROUND(Source!AF57*Source!I57, 2)+ROUND(Source!AE57*Source!I57, 2))), 2) -> 0 | V86: =Source!Y57 -> 0 | W86: =IF(Source!BI57<=1,H86, 0) -> 0 | X86: =IF(Source!BI57=2,H86, 0) -> 140.9 | Y86: =IF(Source!BI57=3,H86, 0) -> 0 | Z86: =IF(Source!BI57=4,H86, 0) -> 0
G87: =H80+H81+H82+H83+SUM(H85:H86) -> 1604.24 | J87: =K80+K81+K82+K83+SUM(K85:K86) -> 10860.77 | L87: =Source!U53 -> 16.686 | O87: =G87 -> 1604.24 | P87: =J87 -> 10860.77 | Q87: =L87 -> 16.686 | W87: =IF(Source!BI53<=1,H80+H81+H82+H83, 0) -> 0 | X87: =IF(Source!BI53=2,H80+H81+H82+H83, 0) -> 541.3 | Y87: =IF(Source!BI53=3,H80+H81+H82+H83, 0) -> 0 | Z87: =IF(Source!BI53=4,H80+H81+H82+H83, 0) -> 0
A88: =Source!E59 -> 7 | B88: =Source!F59 -> м10-08-003-07 | C88: =Source!G59 -> Устройство оптико-(фото)электрическое, комплект преобразователей (излучатель, фотоприемник) | D88: =Source!H59 -> КОМПЛ | E88: =Source!I59 -> 1 | F88: =Source!AL59+Source!AM59+Source!AO59 -> 70.67 | I88: =Source!BO59 | S88: =ROUND((Source!FX59/100)*((ROUND(Source!AF59*Source!I59, 2)+ROUND(Source!AE59*Source!I59, 2))), 2) -> 67.33 | T88: =Source!X59 -> 455.81 | U88: =ROUND((Source!FY59/100)*((ROUND(Source!AF59*Source!I59, 2)+ROUND(Source!AE59*Source!I59, 2))), 2) -> 50.5 | V88: =Source!Y59 -> 341.86
C89: Зарплата | F89: =Source!AO59 -> 62.34 | G89: =Source!DG59 -> )*1,35 | H89: =ROUND(Source!AF59*Source!I59, 2) -> 84.16 | J89: =IF(Source!BA59<> 0, Source!BA59, 1) -> 6.77 | K89: =Source!S59 -> 569.76 | R89: =H89 -> 84.16
C90: Материальные ресурсы | F90: =Source!AL59 -> 8.33 | G90: =Source!DD59 | H90: =ROUND(Source!AC59*Source!I59, 2) -> 8.33 | J90: =IF(Source!BC59<> 0, Source!BC59, 1) -> 6.77 | K90: =Source!P59 -> 56.39
C91: НР от ФОТ | D91: % | E91: =Source!BZ59 -> 80 | H91: =SUM(S88:S94) -> 67.33 | J91: =Source!AT59 -> 80 | K91: =SUM(T88:T94) -> 455.81
C92: СП от ФОТ | D92: % | E92: =Source!CA59 -> 60 | H92: =SUM(U88:U94) -> 50.5 | J92: =Source!AU59 -> 60 | K92: =SUM(V88:V94) -> 341.86
C93: Затраты труда | D93: чел-ч | E93: =Source!AQ59 -> 6.48 | G93: =Source!DI59 -> )*1,35 | L93: =Source!U59 -> 8.748
A94: =Source!E61 -> 7,1 | B94: =Source!F61 -> 61.2.07.08-0003 | C94: =Source!G61 -> Считыватель -2 прим. | D94: =Source!H61 -> 10 шт. | E94: =Source!I61 -> 0.1 | F94: =Source!AL61+Source!AM61+Source!AO61 -> 1886.6 | H94: =ROUND(Source!AC61*Source!I61, 2)+ROUND(Source!AD61*Source!I61, 2)+ROUND(Source!AF61*Source!I61, 2) -> 188.66 | J94: =IF(Source!BC61<> 0, Source!BC61, 1) -> 6.77 | K94: =Source!O61 -> 1277.23 | S94: =ROUND((Source!FX61/100)*((ROUND(Source!AF61*Source!I61, 2)+ROUND(Source!AE61*Source!I61, 2))), 2) -> 0 | T94: =Source!X61 -> 0 | U94: =ROUND((Source!FY61/100)*((ROUND(Source!AF61*Source!I61, 2)+ROUND(Source!AE61*Source!I61, 2))), 2) -> 0 | V94: =Source!Y61 -> 0 | W94: =IF(Source!BI61<=1,H94, 0) -> 0 | X94: =IF(Source!BI61=2,H94, 0) -> 188.66 | Y94: =IF(Source!BI61=3,H94, 0) -> 0 | Z94: =IF(Source!BI61=4,H94, 0) -> 0
G95: =H89+H90+H91+H92+SUM(H94:H94) -> 398.98 | J95: =K89+K90+K91+K92+SUM(K94:K94) -> 2701.05 | L95: =Source!U59 -> 8.748 | O95: =G95 -> 398.98 | P95: =J95 -> 2701.05 | Q95: =L95 -> 8.748 | W95: =IF(Source!BI59<=1,H89+H90+H91+H92, 0) -> 0 | X95: =IF(Source!BI59=2,H89+H90+H91+H92, 0) -> 210.32 | Y95: =IF(Source!BI59=3,H89+H90+H91+H92, 0) -> 0 | Z95: =IF(Source!BI59=4,H89+H90+H91+H92, 0) -> 0
A96: =Source!E63 -> 8 | B96: =Source!F63 -> м10-04-101-15 | C96: =Source!G63 -> Транспарант световой (табло) | D96: =Source!H63 -> ШТ | E96: =Source!I63 -> 5 | F96: =Source!AL63+Source!AM63+Source!AO63 -> 21.32 | I96: =Source!BO63 | S96: =ROUND((Source!FX63/100)*((ROUND(Source!AF63*Source!I63, 2)+ROUND(Source!AE63*Source!I63, 2))), 2) -> 119.48 | T96: =Source!X63 -> 808.88 | U96: =ROUND((Source!FY63/100)*((ROUND(Source!AF63*Source!I63, 2)+ROUND(Source!AE63*Source!I63, 2))), 2) -> 84.42 | V96: =Source!Y63 -> 571.49
C97: Зарплата | F97: =Source!AO63 -> 19.24 | G97: =Source!DG63 -> )*1,35 | H97: =ROUND(Source!AF63*Source!I63, 2) -> 129.87 | J97: =IF(Source!BA63<> 0, Source!BA63, 1) -> 6.77 | K97: =Source!S63 -> 879.22 | R97: =H97 -> 129.87
C98: Материальные ресурсы | F98: =Source!AL63 -> 2.08 | G98: =Source!DD63 | H98: =ROUND(Source!AC63*Source!I63, 2) -> 10.4 | J98: =IF(Source!BC63<> 0, Source!BC63, 1) -> 6.77 | K98: =Source!P63 -> 70.41
C99: НР от ФОТ | D99: % | E99: =Source!BZ63 -> 92 | H99: =SUM(S96:S102) -> 119.48 | J99: =Source!AT63 -> 92 | K99: =SUM(T96:T102) -> 808.88
C100: СП от ФОТ | D100: % | E100: =Source!CA63 -> 65 | H100: =SUM(U96:U102) -> 84.42 | J100: =Source!AU63 -> 65 | K100: =SUM(V96:V102) -> 571.49
C101: Затраты труда | D101: чел-ч | E101: =Source!AQ63 -> 2 | G101: =Source!DI63 -> )*1,35 | L101: =Source!U63 -> 13.5
A102: =Source!E65 -> 8,1 | B102: =Source!F65 -> 61.2.04.07-0010 | C102: =Source!G65 -> Оповещатель световой КОП-25П | D102: =Source!H65 -> шт. | E102: =Source!I65 -> 5 | F102: =Source!AL65+Source!AM65+Source!AO65 -> 113.97 | H102: =ROUND(Source!AC65*Source!I65, 2)+ROUND(Source!AD65*Source!I65, 2)+ROUND(Source!AF65*Source!I65, 2) -> 569.85 | J102: =IF(Source!BC65<> 0, Source!BC65, 1) -> 6.77 | K102: =Source!O65 -> 3857.88 | S102: =ROUND((Source!FX65/100)*((ROUND(Source!AF65*Source!I65, 2)+ROUND(Source!AE65*Source!I65, 2))), 2) -> 0 | T102: =Source!X65 -> 0 | U102: =ROUND((Source!FY65/100)*((ROUND(Source!AF65*Source!I65, 2)+ROUND(Source!AE65*Source!I65, 2))), 2) -> 0 | V102: =Source!Y65 -> 0 | W102: =IF(Source!BI65<=1,H102, 0) -> 0 | X102: =IF(Source!BI65=2,H102, 0) -> 569.85 | Y102: =IF(Source!BI65=3,H102, 0) -> 0 | Z102: =IF(Source!BI65=4,H102, 0) -> 0
G103: =H97+H98+H99+H100+SUM(H102:H102) -> 914.02 | J103: =K97+K98+K99+K100+SUM(K102:K102) -> 6187.88 | L103: =Source!U63 -> 13.5 | O103: =G103 -> 914.02 | P103: =J103 -> 6187.88 | Q103: =L103 -> 13.5 | W103: =IF(Source!BI63<=1,H97+H98+H99+H100, 0) -> 0 | X103: =IF(Source!BI63=2,H97+H98+H99+H100, 0) -> 344.17 | Y103: =IF(Source!BI63=3,H97+H98+H99+H100, 0) -> 0 | Z103: =IF(Source!BI63=4,H97+H98+H99+H100, 0) -> 0
A104: =Source!E67 -> 9 | B104: =Source!F67 -> м08-01-081-02 | C104: =Source!G67 -> Аппарат (кнопка, ключ управления, замок электромагнитной блокировки, звуковой сигнал, сигнальная лампа) управления и сигнализации, количество подключаемых концов до 6 | D104: =Source!H67 -> ШТ | E104: =Source!I67 -> 2 | F104: =Source!AL67+Source!AM67+Source!AO67 -> 18.74 | I104: =Source!BO67 | S104: =ROUND((Source!FX67/100)*((ROUND(Source!AF67*Source!I67, 2)+ROUND(Source!AE67*Source!I67, 2))), 2) -> 30.45 | T104: =Source!X67 -> 206.12 | U104: =ROUND((Source!FY67/100)*((ROUND(Source!AF67*Source!I67, 2)+ROUND(Source!AE67*Source!I67, 2))), 2) -> 20.83 | V104: =Source!Y67 -> 141.03
C105: Зарплата | F105: =Source!AO67 -> 10.87 | G105: =Source!DG67 -> )*1,35 | H105: =ROUND(Source!AF67*Source!I67, 2) -> 29.35 | J105: =IF(Source!BA67<> 0, Source!BA67, 1) -> 6.77 | K105: =Source!S67 -> 198.69 | R105: =H105 -> 29.35
C106: Эксплуатация машин | F106: =Source!AM67 -> 7.11 | G106: =Source!DE67 -> )*1,35 | H106: =ROUND(Source!AD67*Source!I67, 2) -> 19.2 | J106: =IF(Source!BB67<> 0, Source!BB67, 1) -> 6.77 | K106: =Source!Q67 -> 129.96
C107: в т.ч. зарплата машинистов | F107: =Source!AN67 -> 1 | G107: =Source!DF67 -> )*1,35 | H107: =ROUND(Source!AE67*Source!I67, 2) -> 2.7 | J107: =IF(Source!BS67<> 0, Source!BS67, 1) -> 6.77 | K107: =Source!R67 -> 18.28 | R107: =H107 -> 2.7
C108: Материальные ресурсы | F108: =Source!AL67 -> 0.76 | G108: =Source!DD67 | H108: =ROUND(Source!AC67*Source!I67, 2) -> 1.52 | J108: =IF(Source!BC67<> 0, Source!BC67, 1) -> 6.77 | K108: =Source!P67 -> 10.29
C109: НР от ФОТ | D109: % | E109: =Source!BZ67 -> 95 | H109: =SUM(S104:S112) -> 30.45 | J109: =Source!AT67 -> 95 | K109: =SUM(T104:T112) -> 206.12
C110: СП от ФОТ | D110: % | E110: =Source!CA67 -> 65 | H110: =SUM(U104:U112) -> 20.83 | J110: =Source!AU67 -> 65 | K110: =SUM(V104:V112) -> 141.03
C111: Затраты труда | D111: чел-ч | E111: =Source!AQ67 -> 1.13 | G111: =Source!DI67 -> )*1,35 | L111: =Source!U67 -> 3.051
A112: =Source!E69 -> 9,1 | B112: =Source!F69 -> 61.2.04.03-0007 | C112: =Source!G69 -> Ключ Touch Memori с держателем | D112: =Source!H69 -> 10 шт. | E112: =Source!I69 -> 0.2 | F112: =Source!AL69+Source!AM69+Source!AO69 -> 993.5 | H112: =ROUND(Source!AC69*Source!I69, 2)+ROUND(Source!AD69*Source!I69, 2)+ROUND(Source!AF69*Source!I69, 2) -> 198.7 | J112: =IF(Source!BC69<> 0, Source!BC69, 1) -> 6.77 | K112: =Source!O69 -> 1345.2 | S112: =ROUND((Source!FX69/100)*((ROUND(Source!AF69*Source!I69, 2)+ROUND(Source!AE69*Source!I69, 2))), 2) -> 0 | T112: =Source!X69 -> 0 | U112: =ROUND((Source!FY69/100)*((ROUND(Source!AF69*Source!I69, 2)+ROUND(Source!AE69*Source!I69, 2))), 2) -> 0 | V112: =Source!Y69 -> 0 | W112: =IF(Source!BI69<=1,H112, 0) -> 0 | X112: =IF(Source!BI69=2,H112, 0) -> 198.7 | Y112: =IF(Source!BI69=3,H112, 0) -> 0 | Z112: =IF(Source!BI69=4,H112, 0) -> 0
G113: =H105+H106+H108+H109+H110+SUM(H112:H112) -> 300.05 | J113: =K105+K106+K108+K109+K110+SUM(K112:K112) -> 2031.29 | L113: =Source!U67 -> 3.051 | O113: =G113 -> 300.05 | P113: =J113 -> 2031.29 | Q113: =L113 -> 3.051 | W113: =IF(Source!BI67<=1,H105+H106+H108+H109+H110, 0) -> 0 | X113: =IF(Source!BI67=2,H105+H106+H108+H109+H110, 0) -> 101.35 | Y113: =IF(Source!BI67=3,H105+H106+H108+H109+H110, 0) -> 0 | Z113: =IF(Source!BI67=4,H105+H106+H108+H109+H110, 0) -> 0
...

Sheet Source
A1: 0 | B1: Smeta.RU (495) 974-1589 | D1: _PS_ | F1: 0 | G1: 0 | H1: 0 | I1: Smeta.RU | K1: 0 | L1: 13277 | M1: 10 | N1: 10 | O1: 1 | P1: 0 | Q1: 10
A12: 1 | B12: 635 | C12: 0 | D12: =ROW(A574) -> 574 | E12: 0 | F12: Новый объект | G12: Создание автоматической системы пожаротушения по адресу : г. Москва, Каширское шоссе, д.31,стр.16 | I12: 0 | K12: 0 | O12: 0 | P12: 0 | Q12: 0 | R12: 0 | S12: 0 | V12: 0 | BH12: Сметные нормы списания | BI12: Коды ценников | BJ12: 1 | BK12: 1 | BL12: 0 | BM12: 0 | BN12: 1 | BO12: 0 | BP12: 6 | BQ12: 2 | BR12: 1 | BS12: 1 | BT12: 0 | BU12: 0 | BV12: 0 | BW12: 0 | BX12: 0 | BY12: ФЕР-2017 | BZ12: ТР для Версии 10: Центральные регионы (с учетом п-ма 2536-ИП/12/ГС от 22.03.2017 г | CA12: ФЕР-2017 | CB12: ФЕР-2017 | CC12: ФЕР-2017 | CD12: ФЕР-2017 | CE12: Поправки для ГСН 2017 от 31.03.2017 г | CF12: 0 | CG12: 0 | CH12: 17301512 | CK12: 4 | EC12: 0
A15: 15 | B15: 1
A18: 52 | B18: =B574 -> 635 | C18: =C574 -> 1 | D18: =D574 -> 12 | E18: =E574 -> 0 | F18: =F574 -> Новый объект | G18: =G574 -> Создание автоматической системы пожаротушения по адресу : г. Москва, Каширское шоссе, д.31,стр.16 | O18: =O574 -> 1250180 | P18: =P574 -> 1204255.3 | Q18: =Q574 -> 17534 | R18: =R574 -> 1755.84 | S18: =S574 -> 28390.7 | T18: =T574 -> 0 | U18: =U574 -> 2642.0628 | V18: =V574 -> 152.89281 | ... GX18: =GX574 -> 0
A20: 3 | B20: 1 | D20: =ROW(A542) -> 542 | F20: Новая локальная смета | G20: Новая локальная смета | I20: 0 | K20: 0 | V20: 0 | BX20: 0 | CF20: 0 | CG20: 0
A22: 52 | B22: =B542 -> 1 | C22: =C542 -> 3 | D22: =D542 -> 20 | E22: =E542 -> 0 | F22: =F542 -> Новая локальная смета | G22: =G542 -> Новая локальная смета | O22: =O542 -> 1250180 | P22: =P542 -> 1204255.3 | Q22: =Q542 -> 17534 | R22: =R542 -> 1755.84 | S22: =S542 -> 28390.7 | T22: =T542 -> 0 | U22: =U542 -> 2642.0628 | V22: =V542 -> 152.89281 | ... GX22: =GX542 -> 0
A24: 4 | B24: 1 | D24: =ROW(A219) -> 219 | F24: Новый раздел | G24: Раздел 1 Строительно-монтажные работы. Серверная | I24: 0 | K24: 0 | V24: 0 | BX24: 0 | CJ24: 0
A26: 52 | B26: =B219 -> 1 | C26: =C219 -> 4 | D26: =D219 -> 24 | E26: =E219 -> 0 | F26: =F219 -> Новый раздел | G26: =G219 -> Раздел 1 Строительно-монтажные работы. Серверная | O26: =O219 -> 846043.86 | P26: =P219 -> 819143.87 | Q26: =Q219 -> 9935.56 | R26: =R219 -> 950.88 | S26: =S219 -> 16964.43 | T26: =T219 -> 0 | U26: =U219 -> 1615.5291 | V26: =V219 -> 84.376575 | ... GX26: =GX219 -> 0
A28: 17 | B28: 1 | C28: =ROW(SmtRes!A7) -> 7 | D28: =ROW(EtalonRes!A6) -> 6 | E28: 1 | F28: м10-08-001-10 | G28: Приборы приемно-контрольные объектовые на 1 луч | H28: ШТ | I28: 1 | J28: 0 | O28: =ROUND(CP28,2) -> 48.17 | P28: =ROUND(CQ28*I28,2) -> 3.97 | Q28: =ROUND(CR28*I28,2) -> 0 | R28: =ROUND(CS28*I28,2) -> 0 | S28: =ROUND(CT28*I28,2) -> 44.2 | T28: =ROUND(CU28*I28,2) -> 0 | U28: =CV28*I28 -> 4.455 | V28: =CW28*I28 -> 0 | W28: =ROUND(CX28*I28,2) -> 0 | X28: =ROUND(CY28,2) -> 35.36 | Y28: =ROUND(CZ28,2) -> 26.52 | AA28: 39650536 | AB28: =ROUND((AC28+AD28+AF28),6) -> 48.169 | AC28: =ROUND((ES28),6) -> 3.97 | AD28: =ROUND(((((ET28*1.35))-((EU28*1.35)))+AE28),6) -> 0 | AE28: =ROUND(((EU28*1.35)),6) -> 0 | AF28: =ROUND(((EV28*1.35)),6) -> 44.199 | AG28: =ROUND((AP28),6) -> 0 | AH28: =((EW28*1.35)) -> 4.455 | AI28: =((EX28*1.35)) -> 0 | AJ28: =(AS28) -> 0 | AK28: 36.71 | AL28: 3.97 | AM28: 0 | AN28: 0 | AO28: 32.74 | AP28: 0 | AQ28: 3.3 | AR28: 0 | AS28: 0 | AT28: 80 | AU28: 60 | AV28: 1 | AW28: 1 | AZ28: 1 | BA28: 1 | BB28: 1 | BC28: 1 | BH28: 0 | BI28: 2 | BJ28: ФЕРм-2001, м10-08-001-10, приказ Минстроя России №1039/пр от 30.12.2016г. | BM28: 110011 | BN28: 0 | BP28: 0 | BQ28: 3 | BR28: 0 | BS28: 1 | BT28: 1 | BU28: 1 | BV28: 1 | BW28: 1 | BX28: 1 | BZ28: 80 | CA28: 60 | CE28: 0 | CF28: 0 | CG28: 0 | CM28: 0 | CN28: Поправка: Прил.2, Табл.2, п. 1.2 Наименование: Производство работ осуществляется в помещениях эксплуатируемого объекта капитального строительства без остановки рабочего процесса предприятия, при этом: в зоне производства работ имеется один из перечисленных ниже факторов: движение транспорта по внутрицеховым путям; действующее технологическое или лабораторное оборудование, мебель и иные загромождающие помещения предметы | CO28: 0 | CP28: =(P28+Q28+S28) -> 48.17 | CQ28: =AC28*BC28 -> 3.97 | CR28: =AD28*BB28 -> 0 | CS28: =AE28*BS28 -> 0 | CT28: =AF28*BA28 -> 44.199 | CU28: =AG28 -> 0 | CV28: =AH28 -> 4.455 | CW28: =AI28 -> 0 | CX28: =AJ28 -> 0 | CY28: =(((S28+R28)*AT28)/100) -> 35.36 | CZ28: =(((S28+R28)*AU28)/100) -> 26.52 | DE28: )*1,35 | DF28: )*1,35 | DG28: )*1,35 | DI28: )*1,35 | DJ28: )*1,35 | DN28: 0 | DO28: 0 | DP28: 1 | DQ28: 1 | DU28: 1013 | DV28: ШТ | DW28: ШТ | DX28: 1 | EE28: 39174433 | EF28: 3 | EG28: Монтажные работы | EH28: 0 | EJ28: 2 | EK28: 110011 | EL28: Связь: пожарно-охранная сигнализация и пром. телевиз. установки ( отделы 8 и 9 ) (при устройстве средств посадки самолетов : НР=95%, СП=55% - {АВИА}=1) | EM28: мФЕР-10 | EO28: Поправка: Прил.2, Табл.2, п. 1.2 | EQ28: 0 | ER28: 36.71 | ES28: 3.97 | ET28: 0 | EU28: 0 | EV28: 32.74 | EW28: 3.3 | EX28: 0 | EY28: 0 | FQ28: 0 | FR28: =ROUND(IF(AND(BH28=3,BI28=3),P28,0),2) -> 0 | FS28: 0 | FX28: 80 | FY28: 60 | GD28: 1 | GF28: 119056495 | GG28: 2 | GH28: 1 | GI28: -2 | GJ28: 0 | GK28: 0 | GL28: =ROUND(IF(AND(BH28=3,BI28=3,FS28<>0),P28,0),2) -> 0 | GM28: =ROUND(O28+X28+Y28,2)+GX28 -> 110.05 | GN28: =IF(OR(BI28=0,BI28=1),ROUND(O28+X28+Y28,2),0) -> 0 | GO28: =IF(BI28=2,ROUND(O28+X28+Y28,2),0) -> 110.05 | GP28: =IF(BI28=4,ROUND(O28+X28+Y28,2)+GX28,0) -> 0 | GR28: 0 | GS28: 3 | GT28: 0 | GV28: =ROUND((GT28),6) -> 0 | GW28: 1 | GX28: =ROUND(HC28*I28,2) -> 0 | HA28: 0 | HB28: 0 | HC28: =GV28*GW28 -> 0 | IK28: 0
A29: 17 | B29: 1 | C29: =ROW(SmtRes!A14) -> 14 | D29: =ROW(EtalonRes!A12) -> 12 | E29: 1 | F29: м10-08-001-10 | G29: Приборы приемно-контрольные объектовые на 1 луч | H29: ШТ | I29: 1 | J29: 0 | O29: =ROUND(CP29,2) -> 326.11 | P29: =ROUND(CQ29*I29,2) -> 26.88 | Q29: =ROUND(CR29*I29,2) -> 0 | R29: =ROUND(CS29*I29,2) -> 0 | S29: =ROUND(CT29*I29,2) -> 299.23 | T29: =ROUND(CU29*I29,2) -> 0 | U29: =CV29*I29 -> 4.455 | V29: =CW29*I29 -> 0 | W29: =ROUND(CX29*I29,2) -> 0 | X29: =ROUND(CY29,2) -> 239.38 | Y29: =ROUND(CZ29,2) -> 179.54 | AA29: 39650538 | AB29: =ROUND((AC29+AD29+AF29),6) -> 48.169 | AC29: =ROUND((ES29),6) -> 3.97 | AD29: =ROUND(((((ET29*1.35))-((EU29*1.35)))+AE29),6) -> 0 | AE29: =ROUND(((EU29*1.35)),6) -> 0 | AF29: =ROUND(((EV29*1.35)),6) -> 44.199 | AG29: =ROUND((AP29),6) -> 0 | AH29: =((EW29*1.35)) -> 4.455 | AI29: =((EX29*1.35)) -> 0 | AJ29: =(AS29) -> 0 | AK29: 36.71 | AL29: 3.97 | AM29: 0 | AN29: 0 | AO29: 32.74 | AP29: 0 | AQ29: 3.3 | AR29: 0 | AS29: 0 | AT29: 80 | AU29: 60 | AV29: 1 | AW29: 1 | AZ29: 6.77 | BA29: 6.77 | BB29: 6.77 | BC29: 6.77 | BH29: 0 | BI29: 2 | BJ29: ФЕРм-2001, м10-08-001-10, приказ Минстроя России №1039/пр от 30.12.2016г. | BM29: 110011 | BN29: 0 | BP29: 0 | BQ29: 3 | BR29: 0 | BS29: 6.77 | BT29: 1 | BU29: 1 | BV29: 1 | BW29: 1 | BX29: 1 | BZ29: 80 | CA29: 60 | CE29: 0 | CF29: 0 | CG29: 0 | CM29: 0 | CN29: Поправка: Прил.2, Табл.2, п. 1.2 Наименование: Производство работ осуществляется в помещениях эксплуатируемого объекта капитального строительства без остановки рабочего процесса предприятия, при этом: в зоне производства работ имеется один из перечисленных ниже факторов: движение транспорта по внутрицеховым путям; действующее технологическое или лабораторное оборудование, мебель и иные загромождающие помещения предметы | CO29: 0 | CP29: =(P29+Q29+S29) -> 326.11 | CQ29: =AC29*BC29 -> 26.8769 | CR29: =AD29*BB29 -> 0 | CS29: =AE29*BS29 -> 0 | CT29: =AF29*BA29 -> 299.22723 | CU29: =AG29 -> 0 | CV29: =AH29 -> 4.455 | CW29: =AI29 -> 0 | CX29: =AJ29 -> 0 | CY29: =(((S29+R29)*AT29)/100) -> 239.384 | CZ29: =(((S29+R29)*AU29)/100) -> 179.538 | DE29: )*1,35 | DF29: )*1,35 | DG29: )*1,35 | DI29: )*1,35 | DJ29: )*1,35 | DN29: 0 | DO29: 0 | DP29: 1 | DQ29: 1 | DU29: 1013 | DV29: ШТ | DW29: ШТ | DX29: 1 | EE29: 39174433 | EF29: 3 | EG29: Монтажные работы | EH29: 0 | EJ29: 2 | EK29: 110011 | EL29: Связь: пожарно-охранная сигнализация и пром. телевиз. установки ( отделы 8 и 9 ) (при устройстве средств посадки самолетов : НР=95%, СП=55% - {АВИА}=1) | EM29: мФЕР-10 | EO29: Поправка: Прил.2, Табл.2, п. 1.2 | EQ29: 0 | ER29: 36.71 | ES29: 3.97 | ET29: 0 | EU29: 0 | EV29: 32.74 | EW29: 3.3 | EX29: 0 | EY29: 0 | FQ29: 0 | FR29: =ROUND(IF(AND(BH29=3,BI29=3),P29,0),2) -> 0 | FS29: 0 | FX29: 80 | FY29: 60 | GD29: 1 | GF29: 119056495 | GG29: 1 | GH29: 1 | GI29: 4 | GJ29: 0 | GK29: 0 | GL29: =ROUND(IF(AND(BH29=3,BI29=3,FS29<>0),P29,0),2) -> 0 | GM29: =ROUND(O29+X29+Y29,2)+GX29 -> 745.03 | GN29: =IF(OR(BI29=0,BI29=1),ROUND(O29+X29+Y29,2),0) -> 0 | GO29: =IF(BI29=2,ROUND(O29+X29+Y29,2),0) -> 745.03 | GP29: =IF(BI29=4,ROUND(O29+X29+Y29,2)+GX29,0) -> 0 | GR29: 0 | GS29: 3 | GT29: 0 | GV29: =ROUND((GT29),6) -> 0 | GW29: 1 | GX29: =ROUND(HC29*I29,2) -> 0 | HA29: 0 | HB29: 0 | HC29: =GV29*GW29 -> 0 | IK29: 0
A30: 18 | B30: 1 | C30: 6 | E30: 1,1 | F30: 61.2.06.01-0007 | G30: Прибор приемно-контрольный и управления автоматическими средствами пожаротушения и оповещателями, марка "С2000- АСПТ" | H30: шт. | I30: =I28*J30 -> 1 | J30: 1 | O30: =ROUND(CP30,2) -> 622.48 | P30: =ROUND(CQ30*I30,2) -> 622.48 | Q30: =ROUND(CR30*I30,2) -> 0 | R30: =ROUND(CS30*I30,2) -> 0 | S30: =ROUND(CT30*I30,2) -> 0 | T30: =ROUND(CU30*I30,2) -> 0 | U30: =CV30*I30 -> 0 | V30: =CW30*I30 -> 0 | W30: =ROUND(CX30*I30,2) -> 0 | X30: =ROUND(CY30,2) -> 0 | Y30: =ROUND(CZ30,2) -> 0 | AA30: 39650536 | AB30: =ROUND((AC30+AD30+AF30),6) -> 622.48 | AC30: =ROUND((ES30),6) -> 622.48 | AD30: =ROUND((((ET30)-(EU30))+AE30),6) -> 0 | AE30: =ROUND((EU30),6) -> 0 | AF30: =ROUND((EV30),6) -> 0 | AG30: =ROUND((AP30),6) -> 0 | AH30: =(EW30) -> 0 | AI30: =(EX30) -> 0 | AJ30: =(AS30) -> 0 | AK30: 622.48 | AL30: 622.48 | AM30: 0 | AN30: 0 | AO30: 0 | AP30: 0 | AQ30: 0 | AR30: 0 | AS30: 0 | AT30: 80 | AU30: 60 | AV30: 1 | AW30: 1 | AZ30: 1 | BA30: 1 | BB30: 1 | BC30: 1 | BH30: 3 | BI30: 2 | BJ30: ФССЦ-2001, 61.2.06.01-0007, приказ Минстроя России №1039/пр от 30.12.2016г. | BM30: 110011 | BN30: 0 | BP30: 0 | BQ30: 3 | BR30: 0 | BS30: 1 | BT30: 1 | BU30: 1 | BV30: 1 | BW30: 1 | BX30: 1 | BZ30: 80 | CA30: 60 | CE30: 0 | CF30: 0 | CG30: 0 | CM30: 0 | CO30: 0 | CP30: =(P30+Q30+S30) -> 622.48 | CQ30: =AC30*BC30 -> 622.48 | CR30: =AD30*BB30 -> 0 | CS30: =AE30*BS30 -> 0 | CT30: =AF30*BA30 -> 0 | CU30: =AG30 -> 0 | CV30: =AH30 -> 0 | CW30: =AI30 -> 0 | CX30: =AJ30 -> 0 | CY30: =(((S30+R30)*AT30)/100) -> 0 | CZ30: =(((S30+R30)*AU30)/100) -> 0 | DN30: 0 | DO30: 0 | DP30: 1 | DQ30: 1 | DU30: 1010 | DV30: шт. | DW30: шт. | DX30: 1 | EE30: 39174433 | EF30: 3 | EG30: Монтажные работы | EH30: 0 | EJ30: 2 | EK30: 110011 | EL30: Связь: пожарно-охранная сигнализация и пром. телевиз. установки ( отделы 8 и 9 ) (при устройстве средств посадки самолетов : НР=95%, СП=55% - {АВИА}=1) | EM30: мФЕР-10 | EQ30: 0 | ER30: 622.48 | ES30: 622.48 | ET30: 0 | EU30: 0 | EV30: 0 | EW30: 0 | EX30: 0 | FQ30: 0 | FR30: =ROUND(IF(AND(BH30=3,BI30=3),P30,0),2) -> 0 | FS30: 0 | FX30: 80 | FY30: 60 | GD30: 1 | GF30: 378709477 | GG30: 1 | GH30: 1 | GI30: -2 | GJ30: 0 | GK30: 0 | GL30: =ROUND(IF(AND(BH30=3,BI30=3,FS30<>0),P30,0),2) -> 0 | GM30: =ROUND(O30+X30+Y30,2)+GX30 -> 622.48 | GN30: =IF(OR(BI30=0,BI30=1),ROUND(O30+X30+Y30,2),0) -> 0 | GO30: =IF(BI30=2,ROUND(O30+X30+Y30,2),0) -> 622.48 | GP30: =IF(BI30=4,ROUND(O30+X30+Y30,2)+GX30,0) -> 0 | GR30: 0 | GS30: 3 | GT30: 0 | GV30: =ROUND((GT30),6) -> 0 | GW30: 1 | GX30: =ROUND(HC30*I30,2) -> 0 | HA30: 0 | HB30: 0 | HC30: =GV30*GW30 -> 0 | IK30: 0
A31: 18 | B31: 1 | C31: 13 | E31: 1,1 | F31: 61.2.06.01-0007 | G31: Прибор приемно-контрольный и управления автоматическими средствами пожаротушения и оповещателями, марка "С2000- АСПТ" | H31: шт. | I31: =I29*J31 -> 1 | J31: 1 | O31: =ROUND(CP31,2) -> 4214.19 | P31: =ROUND(CQ31*I31,2) -> 4214.19 | Q31: =ROUND(CR31*I31,2) -> 0 | R31: =ROUND(CS31*I31,2) -> 0 | S31: =ROUND(CT31*I31,2) -> 0 | T31: =ROUND(CU31*I31,2) -> 0 | U31: =CV31*I31 -> 0 | V31: =CW31*I31 -> 0 | W31: =ROUND(CX31*I31,2) -> 0 | X31: =ROUND(CY31,2) -> 0 | Y31: =ROUND(CZ31,2) -> 0 | AA31: 39650538 | AB31: =ROUND((AC31+AD31+AF31),6) -> 622.48 | AC31: =ROUND((ES31),6) -> 622.48 | AD31: =ROUND((((ET31)-(EU31))+AE31),6) -> 0 | AE31: =ROUND((EU31),6) -> 0 | AF31: =ROUND((EV31),6) -> 0 | AG31: =ROUND((AP31),6) -> 0 | AH31: =(EW31) -> 0 | AI31: =(EX31) -> 0 | AJ31: =(AS31) -> 0 | AK31: 622.48 | AL31: 622.48 | AM31: 0 | AN31: 0 | AO31: 0 | AP31: 0 | AQ31: 0 | AR31: 0 | AS31: 0 | AT31: 80 | AU31: 60 | AV31: 1 | AW31: 1 | AZ31: 6.77 | BA31: 1 | BB31: 1 | BC31: 6.77 | BH31: 3 | BI31: 2 | BJ31: ФССЦ-2001, 61.2.06.01-0007, приказ Минстроя России №1039/пр от 30.12.2016г. | BM31: 110011 | BN31: 0 | BP31: 0 | BQ31: 3 | BR31: 0 | BS31: 1 | BT31: 1 | BU31: 1 | BV31: 1 | BW31: 1 | BX31: 1 | BZ31: 80 | CA31: 60 | CE31: 0 | CF31: 0 | CG31: 0 | CM31: 0 | CO31: 0 | CP31: =(P31+Q31+S31) -> 4214.19 | CQ31: =AC31*BC31 -> 4214.1896 | CR31: =AD31*BB31 -> 0 | CS31: =AE31*BS31 -> 0 | CT31: =AF31*BA31 -> 0 | CU31: =AG31 -> 0 | CV31: =AH31 -> 0 | CW31: =AI31 -> 0 | CX31: =AJ31 -> 0 | CY31: =(((S31+R31)*AT31)/100) -> 0 | CZ31: =(((S31+R31)*AU31)/100) -> 0 | DN31: 0 | DO31: 0 | DP31: 1 | DQ31: 1 | DU31: 1010 | DV31: шт. | DW31: шт. | DX31: 1 | EE31: 39174433 | EF31: 3 | EG31: Монтажные работы | EH31: 0 | EJ31: 2 | EK31: 110011 | EL31: Связь: пожарно-охранная сигнализация и пром. телевиз. установки ( отделы 8 и 9 ) (при устройстве средств посадки самолетов : НР=95%, СП=55% - {АВИА}=1) | EM31: мФЕР-10 | EQ31: 0 | ER31: 622.48 | ES31: 622.48 | ET31: 0 | EU31: 0 | EV31: 0 | EW31: 0 | EX31: 0 | FQ31: 0 | FR31: =ROUND(IF(AND(BH31=3,BI31=3),P31,0),2) -> 0 | FS31: 0 | FX31: 80 | FY31: 60 | GD31: 1 | GF31: 378709477 | GG31: 1 | GH31: 1 | GI31: 4 | GJ31: 0 | GK31: 0 | GL31: =ROUND(IF(AND(BH31=3,BI31=3,FS31<>0),P31,0),2) -> 0 | GM31: =ROUND(O31+X31+Y31,2)+GX31 -> 4214.19 | GN31: =IF(OR(BI31=0,BI31=1),ROUND(O31+X31+Y31,2),0) -> 0 | GO31: =IF(BI31=2,ROUND(O31+X31+Y31,2),0) -> 4214.19 | GP31: =IF(BI31=4,ROUND(O31+X31+Y31,2)+GX31,0) -> 0 | GR31: 0 | GS31: 3 | GT31: 0 | GV31: =ROUND((GT31),6) -> 0 | GW31: 1 | GX31: =ROUND(HC31*I31,2) -> 0 | HA31: 0 | HB31: 0 | HC31: =GV31*GW31 -> 0 | IK31: 0
A32: 17 | B32: 1 | C32: =ROW(SmtRes!A24) -> 24 | D32: =ROW(EtalonRes!A22) -> 22 | E32: 2 | F32: м10-04-077-15 | G32: Пульт служебной связи и контроля | H32: ШТ | I32: 1 | J32: 0 | O32: =ROUND(CP32,2) -> 1537.03 | P32: =ROUND(CQ32*I32,2) -> 123.99 | Q32: =ROUND(CR32*I32,2) -> 450.71 | R32: =ROUND(CS32*I32,2) -> 50.38 | S32: =ROUND(CT32*I32,2) -> 962.33 | T32: =ROUND(CU32*I32,2) -> 0 | U32: =CV32*I32 -> 100.035 | V32: =CW32*I32 -> 5.0085 | W32: =ROUND(CX32*I32,2) -> 0 | X32: =ROUND(CY32,2) -> 931.69 | Y32: =ROUND(CZ32,2) -> 658.26 | AA32: 39650536 | AB32: =ROUND((AC32+AD32+AF32),6) -> 1537.035 | AC32: =ROUND((ES32),6) -> 123.99 | AD32: =ROUND(((((ET32*1.35))-((EU32*1.35)))+AE32),6) -> 450.711 | AE32: =ROUND(((EU32*1.35)),6) -> 50.382 | AF32: =ROUND(((EV32*1.35)),6) -> 962.334 | AG32: =ROUND((AP32),6) -> 0 | AH32: =((EW32*1.35)) -> 100.035 | AI32: =((EX32*1.35)) -> 5.0085 | AJ32: =(AS32) -> 0 | AK32: 1170.69 | AL32: 123.99 | AM32: 333.86 | AN32: 37.32 | AO32: 712.84 | AP32: 0 | AQ32: 74.1 | AR32: 3.71 | AS32: 0 | AT32: 92 | AU32: 65 | AV32: 1 | AW32: 1 | AZ32: 1 | BA32: 1 | BB32: 1 | BC32: 1 | BH32: 0 | BI32: 2 | BJ32: ФЕРм-2001, м10-04-077-15, приказ Минстроя России №1039/пр от 30.12.2016г. | BM32: 110004 | BN32: 0 | BP32: 0 | BQ32: 3 | BR32: 0 | BS32: 1 | BT32: 1 | BU32: 1 | BV32: 1 | BW32: 1 | BX32: 1 | BZ32: 92 | CA32: 65 | CE32: 0 | CF32: 0 | CG32: 0 | CM32: 0 | CN32: Поправка: Прил.2, Табл.2, п. 1.2 Наименование: Производство работ осуществляется в помещениях эксплуатируемого объекта капитального строительства без остановки рабочего процесса предприятия, при этом: в зоне производства работ имеется один из перечисленных ниже факторов: движение транспорта по внутрицеховым путям; действующее технологическое или лабораторное оборудование, мебель и иные загромождающие помещения предметы | CO32: 0 | CP32: =(P32+Q32+S32) -> 1537.03 | CQ32: =AC32*BC32 -> 123.99 | CR32: =AD32*BB32 -> 450.711 | CS32: =AE32*BS32 -> 50.382 | CT32: =AF32*BA32 -> 962.334 | CU32: =AG32 -> 0 | CV32: =AH32 -> 100.035 | CW32: =AI32 -> 5.0085 | CX32: =AJ32 -> 0 | CY32: =(((S32+R32)*AT32)/100) -> 931.6932 | CZ32: =(((S32+R32)*AU32)/100) -> 658.2615 | DE32: )*1,35 | DF32: )*1,35 | DG32: )*1,35 | DI32: )*1,35 | DJ32: )*1,35 | DN32: 0 | DO32: 0 | DP32: 1 | DQ32: 1 | DU32: 1013 | DV32: ШТ | DW32: ШТ | DX32: 1 | EE32: 39174390 | EF32: 3 | EG32: Монтажные работы | EH32: 0 | EJ32: 2 | EK32: 110004 | EL32: Связь: монтаж теле- радио оборудования ( отдел 4 и 5 ) - (при устройстве средств посадки самолетов : НР=95%, СП=55% - {АВИА}=1) | EM32: мФЕР-10 | EO32: Поправка: Прил.2, Табл.2, п. 1.2 | EQ32: 0 | ER32: 1170.69 | ES32: 123.99 | ET32: 333.86 | EU32: 37.32 | EV32: 712.84 | EW32: 74.1 | EX32: 3.71 | EY32: 0 | FQ32: 0 | FR32: =ROUND(IF(AND(BH32=3,BI32=3),P32,0),2) -> 0 | FS32: 0 | FX32: 92 | FY32: 65 | GD32: 1 | GF32: 321368565 | GG32: 2 | GH32: 1 | GI32: -2 | GJ32: 0 | GK32: 0 | GL32: =ROUND(IF(AND(BH32=3,BI32=3,FS32<>0),P32,0),2) -> 0 | GM32: =ROUND(O32+X32+Y32,2)+GX32 -> 3126.98 | GN32: =IF(OR(BI32=0,BI32=1),ROUND(O32+X32+Y32,2),0) -> 0 | GO32: =IF(BI32=2,ROUND(O32+X32+Y32,2),0) -> 3126.98 | GP32: =IF(BI32=4,ROUND(O32+X32+Y32,2)+GX32,0) -> 0 | GR32: 0 | GS32: 3 | GT32: 0 | GV32: =ROUND((GT32),6) -> 0 | GW32: 1 | GX32: =ROUND(HC32*I32,2) -> 0 | HA32: 0 | HB32: 0 | HC32: =GV32*GW32 -> 0 | IK32: 0
A33: 17 | B33: 1 | C33: =ROW(SmtRes!A34) -> 34 | D33: =ROW(EtalonRes!A32) -> 32 | E33: 2 | F33: м10-04-077-15 | G33: Пульт служебной связи и контроля | H33: ШТ | I33: 1 | J33: 0 | O33: =ROUND(CP33,2) -> 10405.72 | P33: =ROUND(CQ33*I33,2) -> 839.41 | Q33: =ROUND(CR33*I33,2) -> 3051.31 | R33: =ROUND(CS33*I33,2) -> 341.09 | S33: =ROUND(CT33*I33,2) -> 6515 | T33: =ROUND(CU33*I33,2) -> 0 | U33: =CV33*I33 -> 100.035 | V33: =CW33*I33 -> 5.0085 | W33: =ROUND(CX33*I33,2) -> 0 | X33: =ROUND(CY33,2) -> 6307.6 | Y33: =ROUND(CZ33,2) -> 4456.46 | AA33: 39650538 | AB33: =ROUND((AC33+AD33+AF33),6) -> 1537.035 | AC33: =ROUND((ES33),6) -> 123.99 | AD33: =ROUND(((((ET33*1.35))-((EU33*1.35)))+AE33),6) -> 450.711 | AE33: =ROUND(((EU33*1.35)),6) -> 50.382 | AF33: =ROUND(((EV33*1.35)),6) -> 962.334 | AG33: =ROUND((AP33),6) -> 0 | AH33: =((EW33*1.35)) -> 100.035 | AI33: =((EX33*1.35)) -> 5.0085 | AJ33: =(AS33) -> 0 | AK33: 1170.69 | AL33: 123.99 | AM33: 333.86 | AN33: 37.32 | AO33: 712.84 | AP33: 0 | AQ33: 74.1 | AR33: 3.71 | AS33: 0 | AT33: 92 | AU33: 65 | AV33: 1 | AW33: 1 | AZ33: 6.77 | BA33: 6.77 | BB33: 6.77 | BC33: 6.77 | BH33: 0 | BI33: 2 | BJ33: ФЕРм-2001, м10-04-077-15, приказ Минстроя России №1039/пр от 30.12.2016г. | BM33: 110004 | BN33: 0 | BP33: 0 | BQ33: 3 | BR33: 0 | BS33: 6.77 | BT33: 1 | BU33: 1 | BV33: 1 | BW33: 1 | BX33: 1 | BZ33: 92 | CA33: 65 | CE33: 0 | CF33: 0 | CG33: 0 | CM33: 0 | CN33: Поправка: Прил.2, Табл.2, п. 1.2 Наименование: Производство работ осуществляется в помещениях эксплуатируемого объекта капитального строительства без остановки рабочего процесса предприятия, при этом: в зоне производства работ имеется один из перечисленных ниже факторов: движение транспорта по внутрицеховым путям; действующее технологическое или лабораторное оборудование, мебель и иные загромождающие помещения предметы | CO33: 0 | CP33: =(P33+Q33+S33) -> 10405.72 | CQ33: =AC33*BC33 -> 839.4123 | CR33: =AD33*BB33 -> 3051.3135 | CS33: =AE33*BS33 -> 341.08614 | CT33: =AF33*BA33 -> 6515.0012 | CU33: =AG33 -> 0 | CV33: =AH33 -> 100.035 | CW33: =AI33 -> 5.0085 | CX33: =AJ33 -> 0 | CY33: =(((S33+R33)*AT33)/100) -> 6307.6028 | CZ33: =(((S33+R33)*AU33)/100) -> 4456.4585 | DE33: )*1,35 | DF33: )*1,35 | DG33: )*1,35 | DI33: )*1,35 | DJ33: )*1,35 | DN33: 0 | DO33: 0 | DP33: 1 | DQ33: 1 | DU33: 1013 | DV33: ШТ | DW33: ШТ | DX33: 1 | EE33: 39174390 | EF33: 3 | EG33: Монтажные работы | EH33: 0 | EJ33: 2 | EK33: 110004 | EL33: Связь: монтаж теле- радио оборудования ( отдел 4 и 5 ) - (при устройстве средств посадки самолетов : НР=95%, СП=55% - {АВИА}=1) | EM33: мФЕР-10 | EO33: Поправка: Прил.2, Табл.2, п. 1.2 | EQ33: 0 | ER33: 1170.69 | ES33: 123.99 | ET33: 333.86 | EU33: 37.32 | EV33: 712.84 | EW33: 74.1 | EX33: 3.71 | EY33: 0 | FQ33: 0 | FR33: =ROUND(IF(AND(BH33=3,BI33=3),P33,0),2) -> 0 | FS33: 0 | FX33: 92 | FY33: 65 | GD33: 1 | GF33: 321368565 | GG33: 1 | GH33: 1 | GI33: 4 | GJ33: 0 | GK33: 0 | GL33: =ROUND(IF(AND(BH33=3,BI33=3,FS33<>0),P33,0),2) -> 0 | GM33: =ROUND(O33+X33+Y33,2)+GX33 -> 21169.78 | GN33: =IF(OR(BI33=0,BI33=1),ROUND(O33+X33+Y33,2),0) -> 0 | GO33: =IF(BI33=2,ROUND(O33+X33+Y33,2),0) -> 21169.78 | GP33: =IF(BI33=4,ROUND(O33+X33+Y33,2)+GX33,0) -> 0 | GR33: 0 | GS33: 3 | GT33: 0 | GV33: =ROUND((GT33),6) -> 0 | GW33: 1 | GX33: =ROUND(HC33*I33,2) -> 0 | HA33: 0 | HB33: 0 | HC33: =GV33*GW33 -> 0 | IK33: 0
A34: 18 | B34: 1 | C34: 23 | E34: 2,1 | F34: 61.2.04.10-0004 | G34: Пульт контроля и управления охранно-пожарный, марка "С2000- М" | H34: шт. | I34: =I32*J34 -> 1 | J34: 1 | O34: =ROUND(CP34,2) -> 627.51 | P34: =ROUND(CQ34*I34,2) -> 627.51 | Q34: =ROUND(CR34*I34,2) -> 0 | R34: =ROUND(CS34*I34,2) -> 0 | S34: =ROUND(CT34*I34,2) -> 0 | T34: =ROUND(CU34*I34,2) -> 0 | U34: =CV34*I34 -> 0 | V34: =CW34*I34 -> 0 | W34: =ROUND(CX34*I34,2) -> 0 | X34: =ROUND(CY34,2) -> 0 | Y34: =ROUND(CZ34,2) -> 0 | AA34: 39650536 | AB34: =ROUND((AC34+AD34+AF34),6) -> 627.51 | AC34: =ROUND((ES34),6) -> 627.51 | AD34: =ROUND((((ET34)-(EU34))+AE34),6) -> 0 | AE34: =ROUND((EU34),6) -> 0 | AF34: =ROUND((EV34),6) -> 0 | AG34: =ROUND((AP34),6) -> 0 | AH34: =(EW34) -> 0 | AI34: =(EX34) -> 0 | AJ34: =(AS34) -> 0 | AK34: 627.51 | AL34: 627.51 | AM34: 0 | AN34: 0 | AO34: 0 | AP34: 0 | AQ34: 0 | AR34: 0 | AS34: 0 | AT34: 80 | AU34: 60 | AV34: 1 | AW34: 1 | AZ34: 1 | BA34: 1 | BB34: 1 | BC34: 1 | BH34: 3 | BI34: 2 | BJ34: ФССЦ-2001, 61.2.04.10-0004, приказ Минстроя России №1039/пр от 30.12.2016г. | BM34: 110001 | BN34: 0 | BP34: 0 | BQ34: 3 | BR34: 0 | BS34: 1 | BT34: 1 | BU34: 1 | BV34: 1 | BW34: 1 | BX34: 1 | BZ34: 80 | CA34: 60 | CE34: 0 | CF34: 0 | CG34: 0 | CM34: 0 | CO34: 0 | CP34: =(P34+Q34+S34) -> 627.51 | CQ34: =AC34*BC34 -> 627.51 | CR34: =AD34*BB34 -> 0 | CS34: =AE34*BS34 -> 0 | CT34: =AF34*BA34 -> 0 | CU34: =AG34 -> 0 | CV34: =AH34 -> 0 | CW34: =AI34 -> 0 | CX34: =AJ34 -> 0 | CY34: =(((S34+R34)*AT34)/100) -> 0 | CZ34: =(((S34+R34)*AU34)/100) -> 0 | DN34: 0 | DO34: 0 | DP34: 1 | DQ34: 1 | DU34: 1010 | DV34: шт. | DW34: шт. | DX34: 1 | EE34: 39174389 | EF34: 3 | EG34: Монтажные работы | EH34: 0 | EJ34: 2 | EK34: 110001 | EL34: Связь: городская, местная, междугородняя проводная телефонная связь ( отделы 1, 2, 3 ) - ( при уст-ве средств посадки самолетов: {AВИА}=1 - НР=95%, СП=55% ) | EM34: мФЕР-10 | EQ34: 0 | ER34: 627.51 | ES34: 627.51 | ET34: 0 | EU34: 0 | EV34: 0 | EW34: 0 | EX34: 0 | FQ34: 0 | FR34: =ROUND(IF(AND(BH34=3,BI34=3),P34,0),2) -> 0 | FS34: 0 | FX34: 80 | FY34: 60 | GD34: 1 | GF34: -688371732 | GG34: 1 | GH34: 1 | GI34: -2 | GJ34: 0 | GK34: 0 | GL34: =ROUND(IF(AND(BH34=3,BI34=3,FS34<>0),P34,0),2) -> 0 | GM34: =ROUND(O34+X34+Y34,2)+GX34 -> 627.51 | GN34: =IF(OR(BI34=0,BI34=1),ROUND(O34+X34+Y34,2),0) -> 0 | GO34: =IF(BI34=2,ROUND(O34+X34+Y34,2),0) -> 627.51 | GP34: =IF(BI34=4,ROUND(O34+X34+Y34,2)+GX34,0) -> 0 | GR34: 0 | GS34: 3 | GT34: 0 | GV34: =ROUND((GT34),6) -> 0 | GW34: 1 | GX34: =ROUND(HC34*I34,2) -> 0 | HA34: 0 | HB34: 0 | HC34: =GV34*GW34 -> 0 | IK34: 0
A35: 18 | B35: 1 | C35: 33 | E35: 2,1 | F35: 61.2.04.10-0004 | G35: Пульт контроля и управления охранно-пожарный, марка "С2000- М" | H35: шт. | I35: =I33*J35 -> 1 | J35: 1 | O35: =ROUND(CP35,2) -> 4248.24 | P35: =ROUND(CQ35*I35,2) -> 4248.24 | Q35: =ROUND(CR35*I35,2) -> 0 | R35: =ROUND(CS35*I35,2) -> 0 | S35: =ROUND(CT35*I35,2) -> 0 | T35: =ROUND(CU35*I35,2) -> 0 | U35: =CV35*I35 -> 0 | V35: =CW35*I35 -> 0 | W35: =ROUND(CX35*I35,2) -> 0 | X35: =ROUND(CY35,2) -> 0 | Y35: =ROUND(CZ35,2) -> 0 | AA35: 39650538 | AB35: =ROUND((AC35+AD35+AF35),6) -> 627.51 | AC35: =ROUND((ES35),6) -> 627.51 | AD35: =ROUND((((ET35)-(EU35))+AE35),6) -> 0 | AE35: =ROUND((EU35),6) -> 0 | AF35: =ROUND((EV35),6) -> 0 | AG35: =ROUND((AP35),6) -> 0 | AH35: =(EW35) -> 0 | AI35: =(EX35) -> 0 | AJ35: =(AS35) -> 0 | AK35: 627.51 | AL35: 627.51 | AM35: 0 | AN35: 0 | AO35: 0 | AP35: 0 | AQ35: 0 | AR35: 0 | AS35: 0 | AT35: 80 | AU35: 60 | AV35: 1 | AW35: 1 | AZ35: 6.77 | BA35: 1 | BB35: 1 | BC35: 6.77 | BH35: 3 | BI35: 2 | BJ35: ФССЦ-2001, 61.2.04.10-0004, приказ Минстроя России №1039/пр от 30.12.2016г. | BM35: 110001 | BN35: 0 | BP35: 0 | BQ35: 3 | BR35: 0 | BS35: 1 | BT35: 1 | BU35: 1 | BV35: 1 | BW35: 1 | BX35: 1 | BZ35: 80 | CA35: 60 | CE35: 0 | CF35: 0 | CG35: 0 | CM35: 0 | CO35: 0 | CP35: =(P35+Q35+S35) -> 4248.24 | CQ35: =AC35*BC35 -> 4248.2427 | CR35: =AD35*BB35 -> 0 | CS35: =AE35*BS35 -> 0 | CT35: =AF35*BA35 -> 0 | CU35: =AG35 -> 0 | CV35: =AH35 -> 0 | CW35: =AI35 -> 0 | CX35: =AJ35 -> 0 | CY35: =(((S35+R35)*AT35)/100) -> 0 | CZ35: =(((S35+R35)*AU35)/100) -> 0 | DN35: 0 | DO35: 0 | DP35: 1 | DQ35: 1 | DU35: 1010 | DV35: шт. | DW35: шт. | DX35: 1 | EE35: 39174389 | EF35: 3 | EG35: Монтажные работы | EH35: 0 | EJ35: 2 | EK35: 110001 | EL35: Связь: городская, местная, междугородняя проводная телефонная связь ( отделы 1, 2, 3 ) - ( при уст-ве средств посадки самолетов: {AВИА}=1 - НР=95%, СП=55% ) | EM35: мФЕР-10 | EQ35: 0 | ER35: 627.51 | ES35: 627.51 | ET35: 0 | EU35: 0 | EV35: 0 | EW35: 0 | EX35: 0 | FQ35: 0 | FR35: =ROUND(IF(AND(BH35=3,BI35=3),P35,0),2) -> 0 | FS35: 0 | FX35: 80 | FY35: 60 | GD35: 1 | GF35: -688371732 | GG35: 1 | GH35: 1 | GI35: 4 | GJ35: 0 | GK35: 0 | GL35: =ROUND(IF(AND(BH35=3,BI35=3,FS35<>0),P35,0),2) -> 0 | GM35: =ROUND(O35+X35+Y35,2)+GX35 -> 4248.24 | GN35: =IF(OR(BI35=0,BI35=1),ROUND(O35+X35+Y35,2),0) -> 0 | GO35: =IF(BI35=2,ROUND(O35+X35+Y35,2),0) -> 4248.24 | GP35: =IF(BI35=4,ROUND(O35+X35+Y35,2)+GX35,0) -> 0 | GR35: 0 | GS35: 0 | GT35: 0 | GV35: =ROUND((GT35),6) -> 0 | GW35: 1 | GX35: =ROUND(HC35*I35,2) -> 0 | HA35: 0 | HB35: 0 | HC35: =GV35*GW35 -> 0 | IK35: 0
A36: 17 | B36: 1 | C36: =ROW(SmtRes!A39) -> 39 | D36: =ROW(EtalonRes!A36) -> 36 | E36: 3 | F36: м10-01-003-06 | G36: Блок релейный | H36: 10 ШТ | I36: =ROUND(1/10,9) -> 0.1 | J36: 0 | O36: =ROUND(CP36,2) -> 3.17 | P36: =ROUND(CQ36*I36,2) -> 0.03 | Q36: =ROUND(CR36*I36,2) -> 0.85 | R36: =ROUND(CS36*I36,2) -> 0.09 | S36: =ROUND(CT36*I36,2) -> 2.29 | T36: =ROUND(CU36*I36,2) -> 0 | U36: =CV36*I36 -> 0.2214 | V36: =CW36*I36 -> 0.00945 | W36: =ROUND(CX36*I36,2) -> 0 | X36: =ROUND(CY36,2) -> 1.9 | Y36: =ROUND(CZ36,2) -> 1.43 | AA36: 39650536 | AB36: =ROUND((AC36+AD36+AF36),6) -> 31.7545 | AC36: =ROUND((ES36),6) -> 0.34 | AD36: =ROUND(((((ET36*1.35))-((EU36*1.35)))+AE36),6) -> 8.505 | AE36: =ROUND(((EU36*1.35)),6) -> 0.945 | AF36: =ROUND(((EV36*1.35)),6) -> 22.9095 | AG36: =ROUND((AP36),6) -> 0 | AH36: =((EW36*1.35)) -> 2.214 | AI36: =((EX36*1.35)) -> 0.0945 | AJ36: =(AS36) -> 0 | AK36: 23.61 | AL36: 0.34 | AM36: 6.3 | AN36: 0.7 | AO36: 16.97 | AP36: 0 | AQ36: 1.64 | AR36: 0.07 | AS36: 0 | AT36: 80 | AU36: 60 | AV36: 1 | AW36: 1 | AZ36: 1 | BA36: 1 | BB36: 1 | BC36: 1 | BH36: 0 | BI36: 2 | BJ36: ФЕРм-2001, м10-01-003-06, приказ Минстроя России №1039/пр от 30.12.2016г. | BM36: 110001 | BN36: 0 | BP36: 0 | BQ36: 3 | BR36: 0 | BS36: 1 | BT36: 1 | BU36: 1 | BV36: 1 | BW36: 1 | BX36: 1 | BZ36: 80 | CA36: 60 | CE36: 0 | CF36: 0 | CG36: 0 | CM36: 0 | CN36: Поправка: Прил.2, Табл.3, п. 6 Наименование: Производство ремонтно-строительных работ осуществляется внутри работающих трансформаторных и распределительных подстанций, в электропомещениях (щитовые, пультовые, подстанции, реакторные, РУ и пункты, кабельные шахты, тоннели и каналы, кабельные полуэтажи) с действующим электрооборудованием или кабельными линиями под напряжением | CO36: 0 | CP36: =(P36+Q36+S36) -> 3.17 | CQ36: =AC36*BC36 -> 0.34 | CR36: =AD36*BB36 -> 8.505 | CS36: =AE36*BS36 -> 0.945 | CT36: =AF36*BA36 -> 22.9095 | CU36: =AG36 -> 0 | CV36: =AH36 -> 2.214 | CW36: =AI36 -> 0.0945 | CX36: =AJ36 -> 0 | CY36: =(((S36+R36)*AT36)/100) -> 1.904 | CZ36: =(((S36+R36)*AU36)/100) -> 1.428 | DE36: )*1,35 | DF36: )*1,35 | DG36: )*1,35 | DI36: )*1,35 | DJ36: )*1,35 | DN36: 0 | DO36: 0 | DP36: 1 | DQ36: 1 | DU36: 1013 | DV36: 10 ШТ | DW36: 10 ШТ | DX36: 1 | EE36: 39174389 | EF36: 3 | EG36: Монтажные работы | EH36: 0 | EJ36: 2 | EK36: 110001 | EL36: Связь: городская, местная, междугородняя проводная телефонная связь ( отделы 1, 2, 3 ) - ( при уст-ве средств посадки самолетов: {AВИА}=1 - НР=95%, СП=55% ) | EM36: мФЕР-10 | EO36: Поправка: Прил.2, Табл.3, п. 6 | EQ36: 0 | ER36: 23.61 | ES36: 0.34 | ET36: 6.3 | EU36: 0.7 | EV36: 16.97 | EW36: 1.64 | EX36: 0.07 | EY36: 0 | FQ36: 0 | FR36: =ROUND(IF(AND(BH36=3,BI36=3),P36,0),2) -> 0 | FS36: 0 | FX36: 80 | FY36: 60 | GD36: 1 | GF36: 1685125645 | GG36: 2 | GH36: 1 | GI36: -2 | GJ36: 0 | GK36: 0 | GL36: =ROUND(IF(AND(BH36=3,BI36=3,FS36<>0),P36,0),2) -> 0 | GM36: =ROUND(O36+X36+Y36,2)+GX36 -> 6.5 | GN36: =IF(OR(BI36=0,BI36=1),ROUND(O36+X36+Y36,2),0) -> 0 | GO36: =IF(BI36=2,ROUND(O36+X36+Y36,2),0) -> 6.5 | GP36: =IF(BI36=4,ROUND(O36+X36+Y36,2)+GX36,0) -> 0 | GR36: 0 | GS36: 3 | GT36: 0 | GV36: =ROUND((GT36),6) -> 0 | GW36: 1 | GX36: =ROUND(HC36*I36,2) -> 0 | HA36: 0 | HB36: 0 | HC36: =GV36*GW36 -> 0 | IK36: 0
A37: 17 | B37: 1 | C37: =ROW(SmtRes!A44) -> 44 | D37: =ROW(EtalonRes!A40) -> 40 | E37: 3 | F37: м10-01-003-06 | G37: Блок релейный | H37: 10 ШТ | I37: =ROUND(1/10,9) -> 0.1 | J37: 0 | O37: =ROUND(CP37,2) -> 21.5 | P37: =ROUND(CQ37*I37,2) -> 0.23 | Q37: =ROUND(CR37*I37,2) -> 5.76 | R37: =ROUND(CS37*I37,2) -> 0.64 | S37: =ROUND(CT37*I37,2) -> 15.51 | T37: =ROUND(CU37*I37,2) -> 0 | U37: =CV37*I37 -> 0.2214 | V37: =CW37*I37 -> 0.00945 | W37: =ROUND(CX37*I37,2) -> 0 | X37: =ROUND(CY37,2) -> 12.92 | Y37: =ROUND(CZ37,2) -> 9.69 | AA37: 39650538 | AB37: =ROUND((AC37+AD37+AF37),6) -> 31.7545 | AC37: =ROUND((ES37),6) -> 0.34 | AD37: =ROUND(((((ET37*1.35))-((EU37*1.35)))+AE37),6) -> 8.505 | AE37: =ROUND(((EU37*1.35)),6) -> 0.945 | AF37: =ROUND(((EV37*1.35)),6) -> 22.9095 | AG37: =ROUND((AP37),6) -> 0 | AH37: =((EW37*1.35)) -> 2.214 | AI37: =((EX37*1.35)) -> 0.0945 | AJ37: =(AS37) -> 0 | AK37: 23.61 | AL37: 0.34 | AM37: 6.3 | AN37: 0.7 | AO37: 16.97 | AP37: 0 | AQ37: 1.64 | AR37: 0.07 | AS37: 0 | AT37: 80 | AU37: 60 | AV37: 1 | AW37: 1 | AZ37: 6.77 | BA37: 6.77 | BB37: 6.77 | BC37: 6.77 | BH37: 0 | BI37: 2 | BJ37: ФЕРм-2001, м10-01-003-06, приказ Минстроя России №1039/пр от 30.12.2016г. | BM37: 110001 | BN37: 0 | BP37: 0 | BQ37: 3 | BR37: 0 | BS37: 6.77 | BT37: 1 | BU37: 1 | BV37: 1 | BW37: 1 | BX37: 1 | BZ37: 80 | CA37: 60 | CE37: 0 | CF37: 0 | CG37: 0 | CM37: 0 | CN37: Поправка: Прил.2, Табл.3, п. 6 Наименование: Производство ремонтно-строительных работ осуществляется внутри работающих трансформаторных и распределительных подстанций, в электропомещениях (щитовые, пультовые, подстанции, реакторные, РУ и пункты, кабельные шахты, тоннели и каналы, кабельные полуэтажи) с действующим электрооборудованием или кабельными линиями под напряжением | CO37: 0 | CP37: =(P37+Q37+S37) -> 21.5 | CQ37: =AC37*BC37 -> 2.3018 | CR37: =AD37*BB37 -> 57.57885 | CS37: =AE37*BS37 -> 6.39765 | CT37: =AF37*BA37 -> 155.09732 | CU37: =AG37 -> 0 | CV37: =AH37 -> 2.214 | CW37: =AI37 -> 0.0945 | CX37: =AJ37 -> 0 | CY37: =(((S37+R37)*AT37)/100) -> 12.92 | CZ37: =(((S37+R37)*AU37)/100) -> 9.69 | DE37: )*1,35 | DF37: )*1,35 | DG37: )*1,35 | DI37: )*1,35 | DJ37: )*1,35 | DN37: 0 | DO37: 0 | DP37: 1 | DQ37: 1 | DU37: 1013 | DV37: 10 ШТ | DW37: 10 ШТ | DX37: 1 | EE37: 39174389 | EF37: 3 | EG37: Монтажные работы | EH37: 0 | EJ37: 2 | EK37: 110001 | EL37: Связь: городская, местная, междугородняя проводная телефонная связь ( отделы 1, 2, 3 ) - ( при уст-ве средств посадки самолетов: {AВИА}=1 - НР=95%, СП=55% ) | EM37: мФЕР-10 | EO37: Поправка: Прил.2, Табл.3, п. 6 | EQ37: 0 | ER37: 23.61 | ES37: 0.34 | ET37: 6.3 | EU37: 0.7 | EV37: 16.97 | EW37: 1.64 | EX37: 0.07 | EY37: 0 | FQ37: 0 | FR37: =ROUND(IF(AND(BH37=3,BI37=3),P37,0),2) -> 0 | FS37: 0 | FX37: 80 | FY37: 60 | GD37: 1 | GF37: 1685125645 | GG37: 1 | GH37: 1 | GI37: 4 | GJ37: 0 | GK37: 0 | GL37: =ROUND(IF(AND(BH37=3,BI37=3,FS37<>0),P37,0),2) -> 0 | GM37: =ROUND(O37+X37+Y37,2)+GX37 -> 44.11 | GN37: =IF(OR(BI37=0,BI37=1),ROUND(O37+X37+Y37,2),0) -> 0 | GO37: =IF(BI37=2,ROUND(O37+X37+Y37,2),0) -> 44.11 | GP37: =IF(BI37=4,ROUND(O37+X37+Y37,2)+GX37,0) -> 0 | GR37: 0 | GS37: 3 | GT37: 0 | GV37: =ROUND((GT37),6) -> 0 | GW37: 1 | GX37: =ROUND(HC37*I37,2) -> 0 | HA37: 0 | HB37: 0 | HC37: =GV37*GW37 -> 0 | IK37: 0
A38: 18 | B38: 1 | C38: 38 | E38: 3,1 | F38: 61.2.07.02-0079 | G38: Блок сигнально-пусковой (релейный блок), марка "С2000-СП1" | H38: шт. | I38: =I36*J38 -> 1 | J38: 10 | O38: =ROUND(CP38,2) -> 153.02 | P38: =ROUND(CQ38*I38,2) -> 153.02 | Q38: =ROUND(CR38*I38,2) -> 0 | R38: =ROUND(CS38*I38,2) -> 0 | S38: =ROUND(CT38*I38,2) -> 0 | T38: =ROUND(CU38*I38,2) -> 0 | U38: =CV38*I38 -> 0 | V38: =CW38*I38 -> 0 | W38: =ROUND(CX38*I38,2) -> 0 | X38: =ROUND(CY38,2) -> 0 | Y38: =ROUND(CZ38,2) -> 0 | AA38: 39650536 | AB38: =ROUND((AC38+AD38+AF38),6) -> 153.02 | AC38: =ROUND((ES38),6) -> 153.02 | AD38: =ROUND((((ET38)-(EU38))+AE38),6) -> 0 | AE38: =ROUND((EU38),6) -> 0 | AF38: =ROUND((EV38),6) -> 0 | AG38: =ROUND((AP38),6) -> 0 | AH38: =(EW38) -> 0 | AI38: =(EX38) -> 0 | AJ38: =(AS38) -> 0 | AK38: 153.02 | AL38: 153.02 | AM38: 0 | AN38: 0 | AO38: 0 | AP38: 0 | AQ38: 0 | AR38: 0 | AS38: 0 | AT38: 80 | AU38: 60 | AV38: 1 | AW38: 1 | AZ38: 1 | BA38: 1 | BB38: 1 | BC38: 1 | BH38: 3 | BI38: 2 | BJ38: ФССЦ-2001, 61.2.07.02-0079, приказ Минстроя России №1039/пр от 30.12.2016г. | BM38: 110011 | BN38: 0 | BP38: 0 | BQ38: 3 | BR38: 0 | BS38: 1 | BT38: 1 | BU38: 1 | BV38: 1 | BW38: 1 | BX38: 1 | BZ38: 80 | CA38: 60 | CE38: 0 | CF38: 0 | CG38: 0 | CM38: 0 | CO38: 0 | CP38: =(P38+Q38+S38) -> 153.02 | CQ38: =AC38*BC38 -> 153.02 | CR38: =AD38*BB38 -> 0 | CS38: =AE38*BS38 -> 0 | CT38: =AF38*BA38 -> 0 | CU38: =AG38 -> 0 | CV38: =AH38 -> 0 | CW38: =AI38 -> 0 | CX38: =AJ38 -> 0 | CY38: =(((S38+R38)*AT38)/100) -> 0 | CZ38: =(((S38+R38)*AU38)/100) -> 0 | DN38: 0 | DO38: 0 | DP38: 1 | DQ38: 1 | DU38: 1010 | DV38: шт. | DW38: шт. | DX38: 1 | EE38: 39174433 | EF38: 3 | EG38: Монтажные работы | EH38: 0 | EJ38: 2 | EK38: 110011 | EL38: Связь: пожарно-охранная сигнализация и пром. телевиз. установки ( отделы 8 и 9 ) (при устройстве средств посадки самолетов : НР=95%, СП=55% - {АВИА}=1) | EM38: мФЕР-10 | EQ38: 0 | ER38: 153.02 | ES38: 153.02 | ET38: 0 | EU38: 0 | EV38: 0 | EW38: 0 | EX38: 0 | FQ38: 0 | FR38: =ROUND(IF(AND(BH38=3,BI38=3),P38,0),2) -> 0 | FS38: 0 | FX38: 80 | FY38: 60 | GD38: 1 | GF38: 1736319385 | GG38: 1 | GH38: 1 | GI38: -2 | GJ38: 0 | GK38: 0 | GL38: =ROUND(IF(AND(BH38=3,BI38=3,FS38<>0),P38,0),2) -> 0 | GM38: =ROUND(O38+X38+Y38,2)+GX38 -> 153.02 | GN38: =IF(OR(BI38=0,BI38=1),ROUND(O38+X38+Y38,2),0) -> 0 | GO38: =IF(BI38=2,ROUND(O38+X38+Y38,2),0) -> 153.02 | GP38: =IF(BI38=4,ROUND(O38+X38+Y38,2)+GX38,0) -> 0 | GR38: 0 | GS38: 3 | GT38: 0 | GV38: =ROUND((GT38),6) -> 0 | GW38: 1 | GX38: =ROUND(HC38*I38,2) -> 0 | HA38: 0 | HB38: 0 | HC38: =GV38*GW38 -> 0 | IK38: 0
A39: 18 | B39: 1 | C39: 43 | E39: 3,1 | F39: 61.2.07.02-0079 | G39: Блок сигнально-пусковой (релейный блок), марка "С2000-СП1" | H39: шт. | I39: =I37*J39 -> 1 | J39: 10 | O39: =ROUND(CP39,2) -> 1035.95 | P39: =ROUND(CQ39*I39,2) -> 1035.95 | Q39: =ROUND(CR39*I39,2) -> 0 | R39: =ROUND(CS39*I39,2) -> 0 | S39: =ROUND(CT39*I39,2) -> 0 | T39: =ROUND(CU39*I39,2) -> 0 | U39: =CV39*I39 -> 0 | V39: =CW39*I39 -> 0 | W39: =ROUND(CX39*I39,2) -> 0 | X39: =ROUND(CY39,2) -> 0 | Y39: =ROUND(CZ39,2) -> 0 | AA39: 39650538 | AB39: =ROUND((AC39+AD39+AF39),6) -> 153.02 | AC39: =ROUND((ES39),6) -> 153.02 | AD39: =ROUND((((ET39)-(EU39))+AE39),6) -> 0 | AE39: =ROUND((EU39),6) -> 0 | AF39: =ROUND((EV39),6) -> 0 | AG39: =ROUND((AP39),6) -> 0 | AH39: =(EW39) -> 0 | AI39: =(EX39) -> 0 | AJ39: =(AS39) -> 0 | AK39: 153.02 | AL39: 153.02 | AM39: 0 | AN39: 0 | AO39: 0 | AP39: 0 | AQ39: 0 | AR39: 0 | AS39: 0 | AT39: 80 | AU39: 60 | AV39: 1 | AW39: 1 | AZ39: 6.77 | BA39: 1 | BB39: 1 | BC39: 6.77 | BH39: 3 | BI39: 2 | BJ39: ФССЦ-2001, 61.2.07.02-0079, приказ Минстроя России №1039/пр от 30.12.2016г. | BM39: 110011 | BN39: 0 | BP39: 0 | BQ39: 3 | BR39: 0 | BS39: 1 | BT39: 1 | BU39: 1 | BV39: 1 | BW39: 1 | BX39: 1 | BZ39: 80 | CA39: 60 | CE39: 0 | CF39: 0 | CG39: 0 | CM39: 0 | CO39: 0 | CP39: =(P39+Q39+S39) -> 1035.95 | CQ39: =AC39*BC39 -> 1035.9454 | CR39: =AD39*BB39 -> 0 | CS39: =AE39*BS39 -> 0 | CT39: =AF39*BA39 -> 0 | CU39: =AG39 -> 0 | CV39: =AH39 -> 0 | CW39: =AI39 -> 0 | CX39: =AJ39 -> 0 | CY39: =(((S39+R39)*AT39)/100) -> 0 | CZ39: =(((S39+R39)*AU39)/100) -> 0 | DN39: 0 | DO39: 0 | DP39: 1 | DQ39: 1 | DU39: 1010 | DV39: шт. | DW39: шт. | DX39: 1 | EE39: 39174433 | EF39: 3 | EG39: Монтажные работы | EH39: 0 | EJ39: 2 | EK39: 110011 | EL39: Связь: пожарно-охранная сигнализация и пром. телевиз. установки ( отделы 8 и 9 ) (при устройстве средств посадки самолетов : НР=95%, СП=55% - {АВИА}=1) | EM39: мФЕР-10 | EQ39: 0 | ER39: 153.02 | ES39: 153.02 | ET39: 0 | EU39: 0 | EV39: 0 | EW39: 0 | EX39: 0 | FQ39: 0 | FR39: =ROUND(IF(AND(BH39=3,BI39=3),P39,0),2) -> 0 | FS39: 0 | FX39: 80 | FY39: 60 | GD39: 1 | GF39: 1736319385 | GG39: 1 | GH39: 1 | GI39: 4 | GJ39: 0 | GK39: 0 | GL39: =ROUND(IF(AND(BH39=3,BI39=3,FS39<>0),P39,0),2) -> 0 | GM39: =ROUND(O39+X39+Y39,2)+GX39 -> 1035.95 | GN39: =IF(OR(BI39=0,BI39=1),ROUND(O39+X39+Y39,2),0) -> 0 | GO39: =IF(BI39=2,ROUND(O39+X39+Y39,2),0) -> 1035.95 | GP39: =IF(BI39=4,ROUND(O39+X39+Y39,2)+GX39,0) -> 0 | GR39: 0 | GS39: 0 | GT39: 0 | GV39: =ROUND((GT39),6) -> 0 | GW39: 1 | GX39: =ROUND(HC39*I39,2) -> 0 | HA39: 0 | HB39: 0 | HC39: =GV39*GW39 -> 0 | IK39: 0
A40: 17 | B40: 1 | C40: =ROW(SmtRes!A51) -> 51 | D40: =ROW(EtalonRes!A46) -> 46 | E40: 4 | F40: м10-08-001-12 | G40: Устройства промежуточные на количество лучей 5 | H40: ШТ | I40: 2 | J40: 0 | O40: =ROUND(CP40,2) -> 75.25 | P40: =ROUND(CQ40*I40,2) -> 8.18 | Q40: =ROUND(CR40*I40,2) -> 0 | R40: =ROUND(CS40*I40,2) -> 0 | S40: =ROUND(CT40*I40,2) -> 67.07 | T40: =ROUND(CU40*I40,2) -> 0 | U40: =CV40*I40 -> 6.48 | V40: =CW40*I40 -> 0 | W40: =ROUND(CX40*I40,2) -> 0 | X40: =ROUND(CY40,2) -> 53.66 | Y40: =ROUND(CZ40,2) -> 40.24 | AA40: 39650536 | AB40: =ROUND((AC40+AD40+AF40),6) -> 37.624 | AC40: =ROUND((ES40),6) -> 4.09 | AD40: =ROUND(((((ET40*1.35))-((EU40*1.35)))+AE40),6) -> 0 | AE40: =ROUND(((EU40*1.35)),6) -> 0 | AF40: =ROUND(((EV40*1.35)),6) -> 33.534 | AG40: =ROUND((AP40),6) -> 0 | AH40: =((EW40*1.35)) -> 3.24 | AI40: =((EX40*1.35)) -> 0 | AJ40: =(AS40) -> 0 | AK40: 28.93 | AL40: 4.09 | AM40: 0 | AN40: 0 | AO40: 24.84 | AP40: 0 | AQ40: 2.4 | AR40: 0 | AS40: 0 | AT40: 80 | AU40: 60 | AV40: 1 | AW40: 1 | AZ40: 1 | BA40: 1 | BB40: 1 | BC40: 1 | BH40: 0 | BI40: 2 | BJ40: ФЕРм-2001, м10-08-001-12, приказ Минстроя России №1039/пр от 30.12.2016г. | BM40: 110011 | BN40: 0 | BP40: 0 | BQ40: 3 | BR40: 0 | BS40: 1 | BT40: 1 | BU40: 1 | BV40: 1 | BW40: 1 | BX40: 1 | BZ40: 80 | CA40: 60 | CE40: 0 | CF40: 0 | CG40: 0 | CM40: 0 | CN40: Поправка: Прил.2, Табл.3, п. 6 Наименование: Производство ремонтно-строительных работ осуществляется внутри работающих трансформаторных и распределительных подстанций, в электропомещениях (щитовые, пультовые, подстанции, реакторные, РУ и пункты, кабельные шахты, тоннели и каналы, кабельные полуэтажи) с действующим электрооборудованием или кабельными линиями под напряжением | CO40: 0 | CP40: =(P40+Q40+S40) -> 75.25 | CQ40: =AC40*BC40 -> 4.09 | CR40: =AD40*BB40 -> 0 | CS40: =AE40*BS40 -> 0 | CT40: =AF40*BA40 -> 33.534 | CU40: =AG40 -> 0 | CV40: =AH40 -> 3.24 | CW40: =AI40 -> 0 | CX40: =AJ40 -> 0 | CY40: =(((S40+R40)*AT40)/100) -> 53.656 | CZ40: =(((S40+R40)*AU40)/100) -> 40.242 | DE40: )*1,35 | DF40: )*1,35 | DG40: )*1,35 | DI40: )*1,35 | DJ40: )*1,35 | DN40: 0 | DO40: 0 | DP40: 1 | DQ40: 1 | DU40: 1013 | DV40: ШТ | DW40: ШТ | DX40: 1 | EE40: 39174433 | EF40: 3 | EG40: Монтажные работы | EH40: 0 | EJ40: 2 | EK40: 110011 | EL40: Связь: пожарно-охранная сигнализация и пром. телевиз. установки ( отделы 8 и 9 ) (при устройстве средств посадки самолетов : НР=95%, СП=55% - {АВИА}=1) | EM40: мФЕР-10 | EO40: Поправка: Прил.2, Табл.3, п. 6 | EQ40: 131072 | ER40: 28.93 | ES40: 4.09 | ET40: 0 | EU40: 0 | EV40: 24.84 | EW40: 2.4 | EX40: 0 | EY40: 0 | FQ40: 0 | FR40: =ROUND(IF(AND(BH40=3,BI40=3),P40,0),2) -> 0 | FS40: 0 | FX40: 80 | FY40: 60 | GD40: 1 | GF40: 177670689 | GG40: 1 | GH40: 1 | GI40: -2 | GJ40: 0 | GK40: 0 | GL40: =ROUND(IF(AND(BH40=3,BI40=3,FS40<>0),P40,0),2) -> 0 | GM40: =ROUND(O40+X40+Y40,2)+GX40 -> 169.15 | GN40: =IF(OR(BI40=0,BI40=1),ROUND(O40+X40+Y40,2),0) -> 0 | GO40: =IF(BI40=2,ROUND(O40+X40+Y40,2),0) -> 169.15 | GP40: =IF(BI40=4,ROUND(O40+X40+Y40,2)+GX40,0) -> 0 | GR40: 0 | GS40: 3 | GT40: 0 | GV40: =ROUND((GT40),6) -> 0 | GW40: 1 | GX40: =ROUND(HC40*I40,2) -> 0 | HA40: 0 | HB40: 0 | HC40: =GV40*GW40 -> 0 | IK40: 0
A41: 17 | B41: 1 | C41: =ROW(SmtRes!A58) -> 58 | D41: =ROW(EtalonRes!A52) -> 52 | E41: 4 | F41: м10-08-001-12 | G41: Устройства промежуточные на количество лучей 5 | H41: ШТ | I41: 2 | J41: 0 | O41: =ROUND(CP41,2) -> 509.43 | P41: =ROUND(CQ41*I41,2) -> 55.38 | Q41: =ROUND(CR41*I41,2) -> 0 | R41: =ROUND(CS41*I41,2) -> 0 | S41: =ROUND(CT41*I41,2) -> 454.05 | T41: =ROUND(CU41*I41,2) -> 0 | U41: =CV41*I41 -> 6.48 | V41: =CW41*I41 -> 0 | W41: =ROUND(CX41*I41,2) -> 0 | X41: =ROUND(CY41,2) -> 363.24 | Y41: =ROUND(CZ41,2) -> 272.43 | AA41: 39650538 | AB41: =ROUND((AC41+AD41+AF41),6) -> 37.624 | AC41: =ROUND((ES41),6) -> 4.09 | AD41: =ROUND(((((ET41*1.35))-((EU41*1.35)))+AE41),6) -> 0 | AE41: =ROUND(((EU41*1.35)),6) -> 0 | AF41: =ROUND(((EV41*1.35)),6) -> 33.534 | AG41: =ROUND((AP41),6) -> 0 | AH41: =((EW41*1.35)) -> 3.24 | AI41: =((EX41*1.35)) -> 0 | AJ41: =(AS41) -> 0 | AK41: 28.93 | AL41: 4.09 | AM41: 0 | AN41: 0 | AO41: 24.84 | AP41: 0 | AQ41: 2.4 | AR41: 0 | AS41: 0 | AT41: 80 | AU41: 60 | AV41: 1 | AW41: 1 | AZ41: 6.77 | BA41: 6.77 | BB41: 6.77 | BC41: 6.77 | BH41: 0 | BI41: 2 | BJ41: ФЕРм-2001, м10-08-001-12, приказ Минстроя России №1039/пр от 30.12.2016г. | BM41: 110011 | BN41: 0 | BP41: 0 | BQ41: 3 | BR41: 0 | BS41: 6.77 | BT41: 1 | BU41: 1 | BV41: 1 | BW41: 1 | BX41: 1 | BZ41: 80 | CA41: 60 | CE41: 0 | CF41: 0 | CG41: 0 | CM41: 0 | CN41: Поправка: Прил.2, Табл.3, п. 6 Наименование: Производство ремонтно-строительных работ осуществляется внутри работающих трансформаторных и распределительных подстанций, в электропомещениях (щитовые, пультовые, подстанции, реакторные, РУ и пункты, кабельные шахты, тоннели и каналы, кабельные полуэтажи) с действующим электрооборудованием или кабельными линиями под напряжением | CO41: 0 | CP41: =(P41+Q41+S41) -> 509.43 | CQ41: =AC41*BC41 -> 27.6893 | CR41: =AD41*BB41 -> 0 | CS41: =AE41*BS41 -> 0 | CT41: =AF41*BA41 -> 227.02518 | CU41: =AG41 -> 0 | CV41: =AH41 -> 3.24 | CW41: =AI41 -> 0 | CX41: =AJ41 -> 0 | CY41: =(((S41+R41)*AT41)/100) -> 363.24 | CZ41: =(((S41+R41)*AU41)/100) -> 272.43 | DE41: )*1,35 | DF41: )*1,35 | DG41: )*1,35 | DI41: )*1,35 | DJ41: )*1,35 | DN41: 0 | DO41: 0 | DP41: 1 | DQ41: 1 | DU41: 1013 | DV41: ШТ | DW41: ШТ | DX41: 1 | EE41: 39174433 | EF41: 3 | EG41: Монтажные работы | EH41: 0 | EJ41: 2 | EK41: 110011 | EL41: Связь: пожарно-охранная сигнализация и пром. телевиз. установки ( отделы 8 и 9 ) (при устройстве средств посадки самолетов : НР=95%, СП=55% - {АВИА}=1) | EM41: мФЕР-10 | EO41: Поправка: Прил.2, Табл.3, п. 6 | EQ41: 131072 | ER41: 28.93 | ES41: 4.09 | ET41: 0 | EU41: 0 | EV41: 24.84 | EW41: 2.4 | EX41: 0 | EY41: 0 | FQ41: 0 | FR41: =ROUND(IF(AND(BH41=3,BI41=3),P41,0),2) -> 0 | FS41: 0 | FX41: 80 | FY41: 60 | GD41: 1 | GF41: 177670689 | GG41: 1 | GH41: 1 | GI41: 4 | GJ41: 0 | GK41: 0 | GL41: =ROUND(IF(AND(BH41=3,BI41=3,FS41<>0),P41,0),2) -> 0 | GM41: =ROUND(O41+X41+Y41,2)+GX41 -> 1145.1 | GN41: =IF(OR(BI41=0,BI41=1),ROUND(O41+X41+Y41,2),0) -> 0 | GO41: =IF(BI41=2,ROUND(O41+X41+Y41,2),0) -> 1145.1 | GP41: =IF(BI41=4,ROUND(O41+X41+Y41,2)+GX41,0) -> 0 | GR41: 0 | GS41: 0 | GT41: 0 | GV41: =ROUND((GT41),6) -> 0 | GW41: 1 | GX41: =ROUND(HC41*I41,2) -> 0 | HA41: 0 | HB41: 0 | HC41: =GV41*GW41 -> 0 | IK41: 0
A42: 18 | B42: 1 | C42: 50 | E42: 4,1 | F42: 61.2.07.02-0028 | G42: Блок индикации и управления пожаротушением, марка "С2000- ПТ" | H42: шт. | I42: =I40*J42 -> 2 | J42: 1 | O42: =ROUND(CP42,2) -> 1384.08 | P42: =ROUND(CQ42*I42,2) -> 1384.08 | Q42: =ROUND(CR42*I42,2) -> 0 | R42: =ROUND(CS42*I42,2) -> 0 | S42: =ROUND(CT42*I42,2) -> 0 | T42: =ROUND(CU42*I42,2) -> 0 | U42: =CV42*I42 -> 0 | V42: =CW42*I42 -> 0 | W42: =ROUND(CX42*I42,2) -> 0 | X42: =ROUND(CY42,2) -> 0 | Y42: =ROUND(CZ42,2) -> 0 | AA42: 39650536 | AB42: =ROUND((AC42+AD42+AF42),6) -> 692.04 | AC42: =ROUND((ES42),6) -> 692.04 | AD42: =ROUND((((ET42)-(EU42))+AE42),6) -> 0 | AE42: =ROUND((EU42),6) -> 0 | AF42: =ROUND((EV42),6) -> 0 | AG42: =ROUND((AP42),6) -> 0 | AH42: =(EW42) -> 0 | AI42: =(EX42) -> 0 | AJ42: =(AS42) -> 0 | AK42: 692.04 | AL42: 692.04 | AM42: 0 | AN42: 0 | AO42: 0 | AP42: 0 | AQ42: 0 | AR42: 0 | AS42: 0 | AT42: 80 | AU42: 60 | AV42: 1 | AW42: 1 | AZ42: 1 | BA42: 1 | BB42: 1 | BC42: 1 | BH42: 3 | BI42: 2 | BJ42: ФССЦ-2001, 61.2.07.02-0028, приказ Минстроя России №1039/пр от 30.12.2016г. | BM42: 110001 | BN42: 0 | BP42: 0 | BQ42: 3 | BR42: 0 | BS42: 1 | BT42: 1 | BU42: 1 | BV42: 1 | BW42: 1 | BX42: 1 | BZ42: 80 | CA42: 60 | CE42: 0 | CF42: 0 | CG42: 0 | CM42: 0 | CO42: 0 | CP42: =(P42+Q42+S42) -> 1384.08 | CQ42: =AC42*BC42 -> 692.04 | CR42: =AD42*BB42 -> 0 | CS42: =AE42*BS42 -> 0 | CT42: =AF42*BA42 -> 0 | CU42: =AG42 -> 0 | CV42: =AH42 -> 0 | CW42: =AI42 -> 0 | CX42: =AJ42 -> 0 | CY42: =(((S42+R42)*AT42)/100) -> 0 | CZ42: =(((S42+R42)*AU42)/100) -> 0 | DN42: 0 | DO42: 0 | DP42: 1 | DQ42: 1 | DU42: 1010 | DV42: шт. | DW42: шт. | DX42: 1 | EE42: 39174389 | EF42: 3 | EG42: Монтажные работы | EH42: 0 | EJ42: 2 | EK42: 110001 | EL42: Связь: городская, местная, междугородняя проводная телефонная связь ( отделы 1, 2, 3 ) - ( при уст-ве средств посадки самолетов: {AВИА}=1 - НР=95%, СП=55% ) | EM42: мФЕР-10 | EQ42: 0 | ER42: 692.04 | ES42: 692.04 | ET42: 0 | EU42: 0 | EV42: 0 | EW42: 0 | EX42: 0 | FQ42: 0 | FR42: =ROUND(IF(AND(BH42=3,BI42=3),P42,0),2) -> 0 | FS42: 0 | FX42: 80 | FY42: 60 | GD42: 1 | GF42: -768053661 | GG42: 1 | GH42: 1 | GI42: -2 | GJ42: 0 | GK42: 0 | GL42: =ROUND(IF(AND(BH42=3,BI42=3,FS42<>0),P42,0),2) -> 0 | GM42: =ROUND(O42+X42+Y42,2)+GX42 -> 1384.08 | GN42: =IF(OR(BI42=0,BI42=1),ROUND(O42+X42+Y42,2),0) -> 0 | GO42: =IF(BI42=2,ROUND(O42+X42+Y42,2),0) -> 1384.08 | GP42: =IF(BI42=4,ROUND(O42+X42+Y42,2)+GX42,0) -> 0 | GR42: 0 | GS42: 3 | GT42: 0 | GV42: =ROUND((GT42),6) -> 0 | GW42: 1 | GX42: =ROUND(HC42*I42,2) -> 0 | HA42: 0 | HB42: 0 | HC42: =GV42*GW42 -> 0 | IK42: 0
A43: 18 | B43: 1 | C43: 57 | E43: 4,1 | F43: 61.2.07.02-0028 | G43: Блок индикации и управления пожаротушением, марка "С2000- ПТ" | H43: шт. | I43: =I41*J43 -> 2 | J43: 1 | O43: =ROUND(CP43,2) -> 9370.22 | P43: =ROUND(CQ43*I43,2) -> 9370.22 | Q43: =ROUND(CR43*I43,2) -> 0 | R43: =ROUND(CS43*I43,2) -> 0 | S43: =ROUND(CT43*I43,2) -> 0 | T43: =ROUND(CU43*I43,2) -> 0 | U43: =CV43*I43 -> 0 | V43: =CW43*I43 -> 0 | W43: =ROUND(CX43*I43,2) -> 0 | X43: =ROUND(CY43,2) -> 0 | Y43: =ROUND(CZ43,2) -> 0 | AA43: 39650538 | AB43: =ROUND((AC43+AD43+AF43),6) -> 692.04 | AC43: =ROUND((ES43),6) -> 692.04 | AD43: =ROUND((((ET43)-(EU43))+AE43),6) -> 0 | AE43: =ROUND((EU43),6) -> 0 | AF43: =ROUND((EV43),6) -> 0 | AG43: =ROUND((AP43),6) -> 0 | AH43: =(EW43) -> 0 | AI43: =(EX43) -> 0 | AJ43: =(AS43) -> 0 | AK43: 692.04 | AL43: 692.04 | AM43: 0 | AN43: 0 | AO43: 0 | AP43: 0 | AQ43: 0 | AR43: 0 | AS43: 0 | AT43: 80 | AU43: 60 | AV43: 1 | AW43: 1 | AZ43: 6.77 | BA43: 1 | BB43: 1 | BC43: 6.77 | BH43: 3 | BI43: 2 | BJ43: ФССЦ-2001, 61.2.07.02-0028, приказ Минстроя России №1039/пр от 30.12.2016г. | BM43: 110001 | BN43: 0 | BP43: 0 | BQ43: 3 | BR43: 0 | BS43: 1 | BT43: 1 | BU43: 1 | BV43: 1 | BW43: 1 | BX43: 1 | BZ43: 80 | CA43: 60 | CE43: 0 | CF43: 0 | CG43: 0 | CM43: 0 | CO43: 0 | CP43: =(P43+Q43+S43) -> 9370.22 | CQ43: =AC43*BC43 -> 4685.1108 | CR43: =AD43*BB43 -> 0 | CS43: =AE43*BS43 -> 0 | CT43: =AF43*BA43 -> 0 | CU43: =AG43 -> 0 | CV43: =AH43 -> 0 | CW43: =AI43 -> 0 | CX43: =AJ43 -> 0 | CY43: =(((S43+R43)*AT43)/100) -> 0 | CZ43: =(((S43+R43)*AU43)/100) -> 0 | DN43: 0 | DO43: 0 | DP43: 1 | DQ43: 1 | DU43: 1010 | DV43: шт. | DW43: шт. | DX43: 1 | EE43: 39174389 | EF43: 3 | EG43: Монтажные работы | EH43: 0 | EJ43: 2 | EK43: 110001 | EL43: Связь: городская, местная, междугородняя проводная телефонная связь ( отделы 1, 2, 3 ) - ( при уст-ве средств посадки самолетов: {AВИА}=1 - НР=95%, СП=55% ) | EM43: мФЕР-10 | EQ43: 0 | ER43: 692.04 | ES43: 692.04 | ET43: 0 | EU43: 0 | EV43: 0 | EW43: 0 | EX43: 0 | FQ43: 0 | FR43: =ROUND(IF(AND(BH43=3,BI43=3),P43,0),2) -> 0 | FS43: 0 | FX43: 80 | FY43: 60 | GD43: 1 | GF43: -768053661 | GG43: 1 | GH43: 1 | GI43: 4 | GJ43: 0 | GK43: 0 | GL43: =ROUND(IF(AND(BH43=3,BI43=3,FS43<>0),P43,0),2) -> 0 | GM43: =ROUND(O43+X43+Y43,2)+GX43 -> 9370.22 | GN43: =IF(OR(BI43=0,BI43=1),ROUND(O43+X43+Y43,2),0) -> 0 | GO43: =IF(BI43=2,ROUND(O43+X43+Y43,2),0) -> 9370.22 | GP43: =IF(BI43=4,ROUND(O43+X43+Y43,2)+GX43,0) -> 0 | GR43: 0 | GS43: 0 | GT43: 0 | GV43: =ROUND((GT43),6) -> 0 | GW43: 1 | GX43: =ROUND(HC43*I43,2) -> 0 | HA43: 0 | HB43: 0 | HC43: =GV43*GW43 -> 0 | IK43: 0
A44: 17 | B44: 1 | C44: =ROW(SmtRes!A77) -> 77 | D44: =ROW(EtalonRes!A69) -> 69 | E44: 5 | F44: м10-02-016-06 | G44: Отдельно устанавливаемый преобразователь или блок питания | H44: ШТ | I44: 6 | J44: 0 | O44: =ROUND(CP44,2) -> 1518.08 | P44: =ROUND(CQ44*I44,2) -> 290.04 | Q44: =ROUND(CR44*I44,2) -> 320.76 | R44: =ROUND(CS44*I44,2) -> 35.88 | S44: =ROUND(CT44*I44,2) -> 907.28 | T44: =ROUND(CU44*I44,2) -> 0 | U44: =CV44*I44 -> 81.81 | V44: =CW44*I44 -> 3.564 | W44: =ROUND(CX44*I44,2) -> 0 | X44: =ROUND(CY44,2) -> 754.53 | Y44: =ROUND(CZ44,2) -> 565.9 | AA44: 39650536 | AB44: =ROUND((AC44+AD44+AF44),6) -> 253.0135 | AC44: =ROUND((ES44),6) -> 48.34 | AD44: =ROUND(((((ET44*1.35))-((EU44*1.35)))+AE44),6) -> 53.46 | AE44: =ROUND(((EU44*1.35)),6) -> 5.9805 | AF44: =ROUND(((EV44*1.35)),6) -> 151.2135 | AG44: =ROUND((AP44),6) -> 0 | AH44: =((EW44*1.35)) -> 13.635 | AI44: =((EX44*1.35)) -> 0.594 | AJ44: =(AS44) -> 0 | AK44: 199.95 | AL44: 48.34 | AM44: 39.6 | AN44: 4.43 | AO44: 112.01 | AP44: 0 | AQ44: 10.1 | AR44: 0.44 | AS44: 0 | AT44: 80 | AU44: 60 | AV44: 1 | AW44: 1 | AZ44: 1 | BA44: 1 | BB44: 1 | BC44: 1 | BH44: 0 | BI44: 2 | BJ44: ФЕРм-2001, м10-02-016-06, приказ Минстроя России №1039/пр от 30.12.2016г. | BM44: 110001 | BN44: 0 | BP44: 0 | BQ44: 3 | BR44: 0 | BS44: 1 | BT44: 1 | BU44: 1 | BV44: 1 | BW44: 1 | BX44: 1 | BZ44: 80 | CA44: 60 | CE44: 0 | CF44: 0 | CG44: 0 | CM44: 0 | CN44: Поправка: Прил.2, Табл.3, п. 6 Наименование: Производство ремонтно-строительных работ осуществляется внутри работающих трансформаторных и распределительных подстанций, в электропомещениях (щитовые, пультовые, подстанции, реакторные, РУ и пункты, кабельные шахты, тоннели и каналы, кабельные полуэтажи) с действующим электрооборудованием или кабельными линиями под напряжением | CO44: 0 | CP44: =(P44+Q44+S44) -> 1518.08 | CQ44: =AC44*BC44 -> 48.34 | CR44: =AD44*BB44 -> 53.46 | CS44: =AE44*BS44 -> 5.9805 | CT44: =AF44*BA44 -> 151.2135 | CU44: =AG44 -> 0 | CV44: =AH44 -> 13.635 | CW44: =AI44 -> 0.594 | CX44: =AJ44 -> 0 | CY44: =(((S44+R44)*AT44)/100) -> 754.528 | CZ44: =(((S44+R44)*AU44)/100) -> 565.896 | DE44: )*1,35 | DF44: )*1,35 | DG44: )*1,35 | DI44: )*1,35 | DJ44: )*1,35 | DN44: 0 | DO44: 0 | DP44: 1 | DQ44: 1 | DU44: 1013 | DV44: ШТ | DW44: ШТ | DX44: 1 | EE44: 39174389 | EF44: 3 | EG44: Монтажные работы | EH44: 0 | EJ44: 2 | EK44: 110001 | EL44: Связь: городская, местная, междугородняя проводная телефонная связь ( отделы 1, 2, 3 ) - ( при уст-ве средств посадки самолетов: {AВИА}=1 - НР=95%, СП=55% ) | EM44: мФЕР-10 | EO44: Поправка: Прил.2, Табл.3, п. 6 | EQ44: 131072 | ER44: 199.95 | ES44: 48.34 | ET44: 39.6 | EU44: 4.43 | EV44: 112.01 | EW44: 10.1 | EX44: 0.44 | EY44: 0 | FQ44: 0 | FR44: =ROUND(IF(AND(BH44=3,BI44=3),P44,0),2) -> 0 | FS44: 0 | FX44: 80 | FY44: 60 | GD44: 1 | GF44: 1110635560 | GG44: 1 | GH44: 1 | GI44: -2 | GJ44: 0 | GK44: 0 | GL44: =ROUND(IF(AND(BH44=3,BI44=3,FS44<>0),P44,0),2) -> 0 | GM44: =ROUND(O44+X44+Y44,2)+GX44 -> 2838.51 | GN44: =IF(OR(BI44=0,BI44=1),ROUND(O44+X44+Y44,2),0) -> 0 | GO44: =IF(BI44=2,ROUND(O44+X44+Y44,2),0) -> 2838.51 | GP44: =IF(BI44=4,ROUND(O44+X44+Y44,2)+GX44,0) -> 0 | GR44: 0 | GS44: 3 | GT44: 0 | GV44: =ROUND((GT44),6) -> 0 | GW44: 1 | GX44: =ROUND(HC44*I44,2) -> 0 | HA44: 0 | HB44: 0 | HC44: =GV44*GW44 -> 0 | IK44: 0
A45: 17 | B45: 1 | C45: =ROW(SmtRes!A96) -> 96 | D45: =ROW(EtalonRes!A86) -> 86 | E45: 5 | F45: м10-02-016-06 | G45: Отдельно устанавливаемый преобразователь или блок питания | H45: ШТ | I45: 6 | J45: 0 | O45: =ROUND(CP45,2) -> 10277.41 | P45: =ROUND(CQ45*I45,2) -> 1963.57 | Q45: =ROUND(CR45*I45,2) -> 2171.55 | R45: =ROUND(CS45*I45,2) -> 242.93 | S45: =ROUND(CT45*I45,2) -> 6142.29 | T45: =ROUND(CU45*I45,2) -> 0 | U45: =CV45*I45 -> 81.81 | V45: =CW45*I45 -> 3.564 | W45: =ROUND(CX45*I45,2) -> 0 | X45: =ROUND(CY45,2) -> 5108.18 | Y45: =ROUND(CZ45,2) -> 3831.13 | AA45: 39650538 | AB45: =ROUND((AC45+AD45+AF45),6) -> 253.0135 | AC45: =ROUND((ES45),6) -> 48.34 | AD45: =ROUND(((((ET45*1.35))-((EU45*1.35)))+AE45),6) -> 53.46 | AE45: =ROUND(((EU45*1.35)),6) -> 5.9805 | AF45: =ROUND(((EV45*1.35)),6) -> 151.2135 | AG45: =ROUND((AP45),6) -> 0 | AH45: =((EW45*1.35)) -> 13.635 | AI45: =((EX45*1.35)) -> 0.594 | AJ45: =(AS45) -> 0 | AK45: 199.95 | AL45: 48.34 | AM45: 39.6 | AN45: 4.43 | AO45: 112.01 | AP45: 0 | AQ45: 10.1 | AR45: 0.44 | AS45: 0 | AT45: 80 | AU45: 60 | AV45: 1 | AW45: 1 | AZ45: 6.77 | BA45: 6.77 | BB45: 6.77 | BC45: 6.77 | BH45: 0 | BI45: 2 | BJ45: ФЕРм-2001, м10-02-016-06, приказ Минстроя России №1039/пр от 30.12.2016г. | BM45: 110001 | BN45: 0 | BP45: 0 | BQ45: 3 | BR45: 0 | BS45: 6.77 | BT45: 1 | BU45: 1 | BV45: 1 | BW45: 1 | BX45: 1 | BZ45: 80 | CA45: 60 | CE45: 0 | CF45: 0 | CG45: 0 | CM45: 0 | CN45: Поправка: Прил.2, Табл.3, п. 6 Наименование: Производство ремонтно-строительных работ осуществляется внутри работающих трансформаторных и распределительных подстанций, в электропомещениях (щитовые, пультовые, подстанции, реакторные, РУ и пункты, кабельные шахты, тоннели и каналы, кабельные полуэтажи) с действующим электрооборудованием или кабельными линиями под напряжением | CO45: 0 | CP45: =(P45+Q45+S45) -> 10277.41 | CQ45: =AC45*BC45 -> 327.2618 | CR45: =AD45*BB45 -> 361.9242 | CS45: =AE45*BS45 -> 40.487985 | CT45: =AF45*BA45 -> 1023.7154 | CU45: =AG45 -> 0 | CV45: =AH45 -> 13.635 | CW45: =AI45 -> 0.594 | CX45: =AJ45 -> 0 | CY45: =(((S45+R45)*AT45)/100) -> 5108.176 | CZ45: =(((S45+R45)*AU45)/100) -> 3831.132 | DE45: )*1,35 | DF45: )*1,35 | DG45: )*1,35 | DI45: )*1,35 | DJ45: )*1,35 | DN45: 0 | DO45: 0 | DP45: 1 | DQ45: 1 | DU45: 1013 | DV45: ШТ | DW45: ШТ | DX45: 1 | EE45: 39174389 | EF45: 3 | EG45: Монтажные работы | EH45: 0 | EJ45: 2 | EK45: 110001 | EL45: Связь: городская, местная, междугородняя проводная телефонная связь ( отделы 1, 2, 3 ) - ( при уст-ве средств посадки самолетов: {AВИА}=1 - НР=95%, СП=55% ) | EM45: мФЕР-10 | EO45: Поправка: Прил.2, Табл.3, п. 6 | EQ45: 131072 | ER45: 199.95 | ES45: 48.34 | ET45: 39.6 | EU45: 4.43 | EV45: 112.01 | EW45: 10.1 | EX45: 0.44 | EY45: 0 | FQ45: 0 | FR45: =ROUND(IF(AND(BH45=3,BI45=3),P45,0),2) -> 0 | FS45: 0 | FX45: 80 | FY45: 60 | GD45: 1 | GF45: 1110635560 | GG45: 1 | GH45: 1 | GI45: 4 | GJ45: 0 | GK45: 0 | GL45: =ROUND(IF(AND(BH45=3,BI45=3,FS45<>0),P45,0),2) -> 0 | GM45: =ROUND(O45+X45+Y45,2)+GX45 -> 19216.72 | GN45: =IF(OR(BI45=0,BI45=1),ROUND(O45+X45+Y45,2),0) -> 0 | GO45: =IF(BI45=2,ROUND(O45+X45+Y45,2),0) -> 19216.72 | GP45: =IF(BI45=4,ROUND(O45+X45+Y45,2)+GX45,0) -> 0 | GR45: 0 | GS45: 0 | GT45: 0 | GV45: =ROUND((GT45),6) -> 0 | GW45: 1 | GX45: =ROUND(HC45*I45,2) -> 0 | HA45: 0 | HB45: 0 | HC45: =GV45*GW45 -> 0 | IK45: 0
A46: 18 | B46: 1 | C46: 74 | E46: 5,1 | F46: 61.1.04.03-0011 | G46: Преобразователь интерфейса, марка "С2000-ПИ" | H46: шт. | I46: =I44*J46 -> 2 | J46: 0.33333333 | O46: =ROUND(CP46,2) -> 565.68 | P46: =ROUND(CQ46*I46,2) -> 565.68 | Q46: =ROUND(CR46*I46,2) -> 0 | R46: =ROUND(CS46*I46,2) -> 0 | S46: =ROUND(CT46*I46,2) -> 0 | T46: =ROUND(CU46*I46,2) -> 0 | U46: =CV46*I46 -> 0 | V46: =CW46*I46 -> 0 | W46: =ROUND(CX46*I46,2) -> 0 | X46: =ROUND(CY46,2) -> 0 | Y46: =ROUND(CZ46,2) -> 0 | AA46: 39650536 | AB46: =ROUND((AC46+AD46+AF46),6) -> 282.84 | AC46: =ROUND((ES46),6) -> 282.84 | AD46: =ROUND((((ET46)-(EU46))+AE46),6) -> 0 | AE46: =ROUND((EU46),6) -> 0 | AF46: =ROUND((EV46),6) -> 0 | AG46: =ROUND((AP46),6) -> 0 | AH46: =(EW46) -> 0 | AI46: =(EX46) -> 0 | AJ46: =(AS46) -> 0 | AK46: 282.84 | AL46: 282.84 | AM46: 0 | AN46: 0 | AO46: 0 | AP46: 0 | AQ46: 0 | AR46: 0 | AS46: 0 | AT46: 80 | AU46: 60 | AV46: 1 | AW46: 1 | AZ46: 1 | BA46: 1 | BB46: 1 | BC46: 1 | BH46: 3 | BI46: 2 | BJ46: ФССЦ-2001, 61.1.04.03-0011, приказ Минстроя России №1039/пр от 30.12.2016г. | BM46: 110011 | BN46: 0 | BP46: 0 | BQ46: 3 | BR46: 0 | BS46: 1 | BT46: 1 | BU46: 1 | BV46: 1 | BW46: 1 | BX46: 1 | BZ46: 80 | CA46: 60 | CE46: 0 | CF46: 0 | CG46: 0 | CM46: 0 | CO46: 0 | CP46: =(P46+Q46+S46) -> 565.68 | CQ46: =AC46*BC46 -> 282.84 | CR46: =AD46*BB46 -> 0 | CS46: =AE46*BS46 -> 0 | CT46: =AF46*BA46 -> 0 | CU46: =AG46 -> 0 | CV46: =AH46 -> 0 | CW46: =AI46 -> 0 | CX46: =AJ46 -> 0 | CY46: =(((S46+R46)*AT46)/100) -> 0 | CZ46: =(((S46+R46)*AU46)/100) -> 0 | DN46: 0 | DO46: 0 | DP46: 1 | DQ46: 1 | DU46: 1010 | DV46: шт. | DW46: шт. | DX46: 1 | EE46: 39174433 | EF46: 3 | EG46: Монтажные работы | EH46: 0 | EJ46: 2 | EK46: 110011 | EL46: Связь: пожарно-охранная сигнализация и пром. телевиз. установки ( отделы 8 и 9 ) (при устройстве средств посадки самолетов : НР=95%, СП=55% - {АВИА}=1) | EM46: мФЕР-10 | EQ46: 0 | ER46: 282.84 | ES46: 282.84 | ET46: 0 | EU46: 0 | EV46: 0 | EW46: 0 | EX46: 0 | FQ46: 0 | FR46: =ROUND(IF(AND(BH46=3,BI46=3),P46,0),2) -> 0 | FS46: 0 | FX46: 80 | FY46: 60 | GD46: 1 | GF46: -1991861021 | GG46: 1 | GH46: 1 | GI46: -2 | GJ46: 0 | GK46: 0 | GL46: =ROUND(IF(AND(BH46=3,BI46=3,FS46<>0),P46,0),2) -> 0 | GM46: =ROUND(O46+X46+Y46,2)+GX46 -> 565.68 | GN46: =IF(OR(BI46=0,BI46=1),ROUND(O46+X46+Y46,2),0) -> 0 | GO46: =IF(BI46=2,ROUND(O46+X46+Y46,2),0) -> 565.68 | GP46: =IF(BI46=4,ROUND(O46+X46+Y46,2)+GX46,0) -> 0 | GR46: 0 | GS46: 3 | GT46: 0 | GV46: =ROUND((GT46),6) -> 0 | GW46: 1 | GX46: =ROUND(HC46*I46,2) -> 0 | HA46: 0 | HB46: 0 | HC46: =GV46*GW46 -> 0 | IK46: 0
A47: 18 | B47: 1 | C47: 93 | E47: 5,1 | F47: 61.1.04.03-0011 | G47: Преобразователь интерфейса, марка "С2000-ПИ" | H47: шт. | I47: =I45*J47 -> 2 | J47: 0.33333333 | O47: =ROUND(CP47,2) -> 3829.65 | P47: =ROUND(CQ47*I47,2) -> 3829.65 | Q47: =ROUND(CR47*I47,2) -> 0 | R47: =ROUND(CS47*I47,2) -> 0 | S47: =ROUND(CT47*I47,2) -> 0 | T47: =ROUND(CU47*I47,2) -> 0 | U47: =CV47*I47 -> 0 | V47: =CW47*I47 -> 0 | W47: =ROUND(CX47*I47,2) -> 0 | X47: =ROUND(CY47,2) -> 0 | Y47: =ROUND(CZ47,2) -> 0 | AA47: 39650538 | AB47: =ROUND((AC47+AD47+AF47),6) -> 282.84 | AC47: =ROUND((ES47),6) -> 282.84 | AD47: =ROUND((((ET47)-(EU47))+AE47),6) -> 0 | AE47: =ROUND((EU47),6) -> 0 | AF47: =ROUND((EV47),6) -> 0 | AG47: =ROUND((AP47),6) -> 0 | AH47: =(EW47) -> 0 | AI47: =(EX47) -> 0 | AJ47: =(AS47) -> 0 | AK47: 282.84 | AL47: 282.84 | AM47: 0 | AN47: 0 | AO47: 0 | AP47: 0 | AQ47: 0 | AR47: 0 | AS47: 0 | AT47: 80 | AU47: 60 | AV47: 1 | AW47: 1 | AZ47: 6.77 | BA47: 1 | BB47: 1 | BC47: 6.77 | BH47: 3 | BI47: 2 | BJ47: ФССЦ-2001, 61.1.04.03-0011, приказ Минстроя России №1039/пр от 30.12.2016г. | BM47: 110011 | BN47: 0 | BP47: 0 | BQ47: 3 | BR47: 0 | BS47: 1 | BT47: 1 | BU47: 1 | BV47: 1 | BW47: 1 | BX47: 1 | BZ47: 80 | CA47: 60 | CE47: 0 | CF47: 0 | CG47: 0 | CM47: 0 | CO47: 0 | CP47: =(P47+Q47+S47) -> 3829.65 | CQ47: =AC47*BC47 -> 1914.8268 | CR47: =AD47*BB47 -> 0 | CS47: =AE47*BS47 -> 0 | CT47: =AF47*BA47 -> 0 | CU47: =AG47 -> 0 | CV47: =AH47 -> 0 | CW47: =AI47 -> 0 | CX47: =AJ47 -> 0 | CY47: =(((S47+R47)*AT47)/100) -> 0 | CZ47: =(((S47+R47)*AU47)/100) -> 0 | DN47: 0 | DO47: 0 | DP47: 1 | DQ47: 1 | DU47: 1010 | DV47: шт. | DW47: шт. | DX47: 1 | EE47: 39174433 | EF47: 3 | EG47: Монтажные работы | EH47: 0 | EJ47: 2 | EK47: 110011 | EL47: Связь: пожарно-охранная сигнализация и пром. телевиз. установки ( отделы 8 и 9 ) (при устройстве средств посадки самолетов : НР=95%, СП=55% - {АВИА}=1) | EM47: мФЕР-10 | EQ47: 0 | ER47: 282.84 | ES47: 282.84 | ET47: 0 | EU47: 0 | EV47: 0 | EW47: 0 | EX47: 0 | FQ47: 0 | FR47: =ROUND(IF(AND(BH47=3,BI47=3),P47,0),2) -> 0 | FS47: 0 | FX47: 80 | FY47: 60 | GD47: 1 | GF47: -1991861021 | GG47: 1 | GH47: 1 | GI47: 4 | GJ47: 0 | GK47: 0 | GL47: =ROUND(IF(AND(BH47=3,BI47=3,FS47<>0),P47,0),2) -> 0 | GM47: =ROUND(O47+X47+Y47,2)+GX47 -> 3829.65 | GN47: =IF(OR(BI47=0,BI47=1),ROUND(O47+X47+Y47,2),0) -> 0 | GO47: =IF(BI47=2,ROUND(O47+X47+Y47,2),0) -> 3829.65 | GP47: =IF(BI47=4,ROUND(O47+X47+Y47,2)+GX47,0) -> 0 | GR47: 0 | GS47: 0 | GT47: 0 | GV47: =ROUND((GT47),6) -> 0 | GW47: 1 | GX47: =ROUND(HC47*I47,2) -> 0 | HA47: 0 | HB47: 0 | HC47: =GV47*GW47 -> 0 | IK47: 0
A48: 18 | B48: 1 | C48: 75 | E48: 5,2 | F48: 61.2.06.01-0011 | G48: Прибор приемно-контрольный охранно-пожарный, марка "C2000-Ethernet" | H48: шт. | I48: =I44*J48 -> 2 | J48: 0.33333333 | O48: =ROUND(CP48,2) -> 772.6 | P48: =ROUND(CQ48*I48,2) -> 772.6 | Q48: =ROUND(CR48*I48,2) -> 0 | R48: =ROUND(CS48*I48,2) -> 0 | S48: =ROUND(CT48*I48,2) -> 0 | T48: =ROUND(CU48*I48,2) -> 0 | U48: =CV48*I48 -> 0 | V48: =CW48*I48 -> 0 | W48: =ROUND(CX48*I48,2) -> 0 | X48: =ROUND(CY48,2) -> 0 | Y48: =ROUND(CZ48,2) -> 0 | AA48: 39650536 | AB48: =ROUND((AC48+AD48+AF48),6) -> 386.3 | AC48: =ROUND((ES48),6) -> 386.3 | AD48: =ROUND((((ET48)-(EU48))+AE48),6) -> 0 | AE48: =ROUND((EU48),6) -> 0 | AF48: =ROUND((EV48),6) -> 0 | AG48: =ROUND((AP48),6) -> 0 | AH48: =(EW48) -> 0 | AI48: =(EX48) -> 0 | AJ48: =(AS48) -> 0 | AK48: 386.3 | AL48: 386.3 | AM48: 0 | AN48: 0 | AO48: 0 | AP48: 0 | AQ48: 0 | AR48: 0 | AS48: 0 | AT48: 80 | AU48: 60 | AV48: 1 | AW48: 1 | AZ48: 1 | BA48: 1 | BB48: 1 | BC48: 1 | BH48: 3 | BI48: 2 | BJ48: ФССЦ-2001, 61.2.06.01-0011, приказ Минстроя России №1039/пр от 30.12.2016г. | BM48: 110001 | BN48: 0 | BP48: 0 | BQ48: 3 | BR48: 0 | BS48: 1 | BT48: 1 | BU48: 1 | BV48: 1 | BW48: 1 | BX48: 1 | BZ48: 80 | CA48: 60 | CE48: 0 | CF48: 0 | CG48: 0 | CM48: 0 | CO48: 0 | CP48: =(P48+Q48+S48) -> 772.6 | CQ48: =AC48*BC48 -> 386.3 | CR48: =AD48*BB48 -> 0 | CS48: =AE48*BS48 -> 0 | CT48: =AF48*BA48 -> 0 | CU48: =AG48 -> 0 | CV48: =AH48 -> 0 | CW48: =AI48 -> 0 | CX48: =AJ48 -> 0 | CY48: =(((S48+R48)*AT48)/100) -> 0 | CZ48: =(((S48+R48)*AU48)/100) -> 0 | DN48: 0 | DO48: 0 | DP48: 1 | DQ48: 1 | DU48: 1010 | DV48: шт. | DW48: шт. | DX48: 1 | EE48: 39174389 | EF48: 3 | EG48: Монтажные работы | EH48: 0 | EJ48: 2 | EK48: 110001 | EL48: Связь: городская, местная, междугородняя проводная телефонная связь ( отделы 1, 2, 3 ) - ( при уст-ве средств посадки самолетов: {AВИА}=1 - НР=95%, СП=55% ) | EM48: мФЕР-10 | EQ48: 0 | ER48: 386.3 | ES48: 386.3 | ET48: 0 | EU48: 0 | EV48: 0 | EW48: 0 | EX48: 0 | FQ48: 0 | FR48: =ROUND(IF(AND(BH48=3,BI48=3),P48,0),2) -> 0 | FS48: 0 | FX48: 80 | FY48: 60 | GD48: 1 | GF48: -360596410 | GG48: 2 | GH48: 1 | GI48: -2 | GJ48: 0 | GK48: 0 | GL48: =ROUND(IF(AND(BH48=3,BI48=3,FS48<>0),P48,0),2) -> 0 | GM48: =ROUND(O48+X48+Y48,2)+GX48 -> 772.6 | GN48: =IF(OR(BI48=0,BI48=1),ROUND(O48+X48+Y48,2),0) -> 0 | GO48: =IF(BI48=2,ROUND(O48+X48+Y48,2),0) -> 772.6 | GP48: =IF(BI48=4,ROUND(O48+X48+Y48,2)+GX48,0) -> 0 | GR48: 0 | GS48: 3 | GT48: 0 | GV48: =ROUND((GT48),6) -> 0 | GW48: 1 | GX48: =ROUND(HC48*I48,2) -> 0 | HA48: 0 | HB48: 0 | HC48: =GV48*GW48 -> 0 | IK48: 0
A49: 18 | B49: 1 | C49: 94 | E49: 5,2 | F49: 61.2.06.01-0011 | G49: Прибор приемно-контрольный охранно-пожарный, марка "C2000-Ethernet" | H49: шт. | I49: =I45*J49 -> 2 | J49: 0.33333333 | O49: =ROUND(CP49,2) -> 5230.5 | P49: =ROUND(CQ49*I49,2) -> 5230.5 | Q49: =ROUND(CR49*I49,2) -> 0 | R49: =ROUND(CS49*I49,2) -> 0 | S49: =ROUND(CT49*I49,2) -> 0 | T49: =ROUND(CU49*I49,2) -> 0 | U49: =CV49*I49 -> 0 | V49: =CW49*I49 -> 0 | W49: =ROUND(CX49*I49,2) -> 0 | X49: =ROUND(CY49,2) -> 0 | Y49: =ROUND(CZ49,2) -> 0 | AA49: 39650538 | AB49: =ROUND((AC49+AD49+AF49),6) -> 386.3 | AC49: =ROUND((ES49),6) -> 386.3 | AD49: =ROUND((((ET49)-(EU49))+AE49),6) -> 0 | AE49: =ROUND((EU49),6) -> 0 | AF49: =ROUND((EV49),6) -> 0 | AG49: =ROUND((AP49),6) -> 0 | AH49: =(EW49) -> 0 | AI49: =(EX49) -> 0 | AJ49: =(AS49) -> 0 | AK49: 386.3 | AL49: 386.3 | AM49: 0 | AN49: 0 | AO49: 0 | AP49: 0 | AQ49: 0 | AR49: 0 | AS49: 0 | AT49: 80 | AU49: 60 | AV49: 1 | AW49: 1 | AZ49: 6.77 | BA49: 1 | BB49: 1 | BC49: 6.77 | BH49: 3 | BI49: 2 | BJ49: ФССЦ-2001, 61.2.06.01-0011, приказ Минстроя России №1039/пр от 30.12.2016г. | BM49: 110001 | BN49: 0 | BP49: 0 | BQ49: 3 | BR49: 0 | BS49: 1 | BT49: 1 | BU49: 1 | BV49: 1 | BW49: 1 | BX49: 1 | BZ49: 80 | CA49: 60 | CE49: 0 | CF49: 0 | CG49: 0 | CM49: 0 | CO49: 0 | CP49: =(P49+Q49+S49) -> 5230.5 | CQ49: =AC49*BC49 -> 2615.251 | CR49: =AD49*BB49 -> 0 | CS49: =AE49*BS49 -> 0 | CT49: =AF49*BA49 -> 0 | CU49: =AG49 -> 0 | CV49: =AH49 -> 0 | CW49: =AI49 -> 0 | CX49: =AJ49 -> 0 | CY49: =(((S49+R49)*AT49)/100) -> 0 | CZ49: =(((S49+R49)*AU49)/100) -> 0 | DN49: 0 | DO49: 0 | DP49: 1 | DQ49: 1 | DU49: 1010 | DV49: шт. | DW49: шт. | DX49: 1 | EE49: 39174389 | EF49: 3 | EG49: Монтажные работы | EH49: 0 | EJ49: 2 | EK49: 110001 | EL49: Связь: городская, местная, междугородняя проводная телефонная связь ( отделы 1, 2, 3 ) - ( при уст-ве средств посадки самолетов: {AВИА}=1 - НР=95%, СП=55% ) | EM49: мФЕР-10 | EQ49: 0 | ER49: 386.3 | ES49: 386.3 | ET49: 0 | EU49: 0 | EV49: 0 | EW49: 0 | EX49: 0 | FQ49: 0 | FR49: =ROUND(IF(AND(BH49=3,BI49=3),P49,0),2) -> 0 | FS49: 0 | FX49: 80 | FY49: 60 | GD49: 1 | GF49: -360596410 | GG49: 1 | GH49: 1 | GI49: 4 | GJ49: 0 | GK49: 0 | GL49: =ROUND(IF(AND(BH49=3,BI49=3,FS49<>0),P49,0),2) -> 0 | GM49: =ROUND(O49+X49+Y49,2)+GX49 -> 5230.5 | GN49: =IF(OR(BI49=0,BI49=1),ROUND(O49+X49+Y49,2),0) -> 0 | GO49: =IF(BI49=2,ROUND(O49+X49+Y49,2),0) -> 5230.5 | GP49: =IF(BI49=4,ROUND(O49+X49+Y49,2)+GX49,0) -> 0 | GR49: 0 | GS49: 3 | GT49: 0 | GV49: =ROUND((GT49),6) -> 0 | GW49: 1 | GX49: =ROUND(HC49*I49,2) -> 0 | HA49: 0 | HB49: 0 | HC49: =GV49*GW49 -> 0 | IK49: 0
A50: 18 | B50: 1 | C50: 76 | E50: 5,3 | F50: 62.4.02.02-0042 | G50: Источник резервного питания, марка "РИП 24" исп. 01 | H50: шт. | I50: =I44*J50 -> 2 | J50: 0.33333333 | O50: =ROUND(CP50,2) -> 1747.06 | P50: =ROUND(CQ50*I50,2) -> 1747.06 | Q50: =ROUND(CR50*I50,2) -> 0 | R50: =ROUND(CS50*I50,2) -> 0 | S50: =ROUND(CT50*I50,2) -> 0 | T50: =ROUND(CU50*I50,2) -> 0 | U50: =CV50*I50 -> 0 | V50: =CW50*I50 -> 0 | W50: =ROUND(CX50*I50,2) -> 0 | X50: =ROUND(CY50,2) -> 0 | Y50: =ROUND(CZ50,2) -> 0 | AA50: 39650536 | AB50: =ROUND((AC50+AD50+AF50),6) -> 873.53 | AC50: =ROUND((ES50),6) -> 873.53 | AD50: =ROUND((((ET50)-(EU50))+AE50),6) -> 0 | AE50: =ROUND((EU50),6) -> 0 | AF50: =ROUND((EV50),6) -> 0 | AG50: =ROUND((AP50),6) -> 0 | AH50: =(EW50) -> 0 | AI50: =(EX50) -> 0 | AJ50: =(AS50) -> 0 | AK50: 873.53 | AL50: 873.53 | AM50: 0 | AN50: 0 | AO50: 0 | AP50: 0 | AQ50: 0 | AR50: 0 | AS50: 0 | AT50: 80 | AU50: 60 | AV50: 1 | AW50: 1 | AZ50: 1 | BA50: 1 | BB50: 1 | BC50: 1 | BH50: 3 | BI50: 2 | BJ50: ФССЦ-2001, 62.4.02.02-0042, приказ Минстроя России №1039/пр от 30.12.2016г. | BM50: 110001 | BN50: 0 | BP50: 0 | BQ50: 3 | BR50: 0 | BS50: 1 | BT50: 1 | BU50: 1 | BV50: 1 | BW50: 1 | BX50: 1 | BZ50: 80 | CA50: 60 | CE50: 0 | CF50: 0 | CG50: 0 | CM50: 0 | CO50: 0 | CP50: =(P50+Q50+S50) -> 1747.06 | CQ50: =AC50*BC50 -> 873.53 | CR50: =AD50*BB50 -> 0 | CS50: =AE50*BS50 -> 0 | CT50: =AF50*BA50 -> 0 | CU50: =AG50 -> 0 | CV50: =AH50 -> 0 | CW50: =AI50 -> 0 | CX50: =AJ50 -> 0 | CY50: =(((S50+R50)*AT50)/100) -> 0 | CZ50: =(((S50+R50)*AU50)/100) -> 0 | DN50: 0 | DO50: 0 | DP50: 1 | DQ50: 1 | DU50: 1010 | DV50: шт. | DW50: шт. | DX50: 1 | EE50: 39174389 | EF50: 3 | EG50: Монтажные работы | EH50: 0 | EJ50: 2 | EK50: 110001 | EL50: Связь: городская, местная, междугородняя проводная телефонная связь ( отделы 1, 2, 3 ) - ( при уст-ве средств посадки самолетов: {AВИА}=1 - НР=95%, СП=55% ) | EM50: мФЕР-10 | EQ50: 0 | ER50: 873.53 | ES50: 873.53 | ET50: 0 | EU50: 0 | EV50: 0 | EW50: 0 | EX50: 0 | FQ50: 0 | FR50: =ROUND(IF(AND(BH50=3,BI50=3),P50,0),2) -> 0 | FS50: 0 | FX50: 80 | FY50: 60 | GD50: 1 | GF50: -2104607400 | GG50: 1 | GH50: 1 | GI50: -2 | GJ50: 0 | GK50: 0 | GL50: =ROUND(IF(AND(BH50=3,BI50=3,FS50<>0),P50,0),2) -> 0 | GM50: =ROUND(O50+X50+Y50,2)+GX50 -> 1747.06 | GN50: =IF(OR(BI50=0,BI50=1),ROUND(O50+X50+Y50,2),0) -> 0 | GO50: =IF(BI50=2,ROUND(O50+X50+Y50,2),0) -> 1747.06 | GP50: =IF(BI50=4,ROUND(O50+X50+Y50,2)+GX50,0) -> 0 | GR50: 0 | GS50: 3 | GT50: 0 | GV50: =ROUND((GT50),6) -> 0 | GW50: 1 | GX50: =ROUND(HC50*I50,2) -> 0 | HA50: 0 | HB50: 0 | HC50: =GV50*GW50 -> 0 | IK50: 0
A51: 18 | B51: 1 | C51: 95 | E51: 5,3 | F51: 62.4.02.02-0042 | G51: Источник резервного питания, марка "РИП 24" исп. 01 | H51: шт. | I51: =I45*J51 -> 2 | J51: 0.33333333 | O51: =ROUND(CP51,2) -> 11827.6 | P51: =ROUND(CQ51*I51,2) -> 11827.6 | Q51: =ROUND(CR51*I51,2) -> 0 | R51: =ROUND(CS51*I51,2) -> 0 | S51: =ROUND(CT51*I51,2) -> 0 | T51: =ROUND(CU51*I51,2) -> 0 | U51: =CV51*I51 -> 0 | V51: =CW51*I51 -> 0 | W51: =ROUND(CX51*I51,2) -> 0 | X51: =ROUND(CY51,2) -> 0 | Y51: =ROUND(CZ51,2) -> 0 | AA51: 39650538 | AB51: =ROUND((AC51+AD51+AF51),6) -> 873.53 | AC51: =ROUND((ES51),6) -> 873.53 | AD51: =ROUND((((ET51)-(EU51))+AE51),6) -> 0 | AE51: =ROUND((EU51),6) -> 0 | AF51: =ROUND((EV51),6) -> 0 | AG51: =ROUND((AP51),6) -> 0 | AH51: =(EW51) -> 0 | AI51: =(EX51) -> 0 | AJ51: =(AS51) -> 0 | AK51: 873.53 | AL51: 873.53 | AM51: 0 | AN51: 0 | AO51: 0 | AP51: 0 | AQ51: 0 | AR51: 0 | AS51: 0 | AT51: 80 | AU51: 60 | AV51: 1 | AW51: 1 | AZ51: 6.77 | BA51: 1 | BB51: 1 | BC51: 6.77 | BH51: 3 | BI51: 2 | BJ51: ФССЦ-2001, 62.4.02.02-0042, приказ Минстроя России №1039/пр от 30.12.2016г. | BM51: 110001 | BN51: 0 | BP51: 0 | BQ51: 3 | BR51: 0 | BS51: 1 | BT51: 1 | BU51: 1 | BV51: 1 | BW51: 1 | BX51: 1 | BZ51: 80 | CA51: 60 | CE51: 0 | CF51: 0 | CG51: 0 | CM51: 0 | CO51: 0 | CP51: =(P51+Q51+S51) -> 11827.6 | CQ51: =AC51*BC51 -> 5913.7981 | CR51: =AD51*BB51 -> 0 | CS51: =AE51*BS51 -> 0 | CT51: =AF51*BA51 -> 0 | CU51: =AG51 -> 0 | CV51: =AH51 -> 0 | CW51: =AI51 -> 0 | CX51: =AJ51 -> 0 | CY51: =(((S51+R51)*AT51)/100) -> 0 | CZ51: =(((S51+R51)*AU51)/100) -> 0 | DN51: 0 | DO51: 0 | DP51: 1 | DQ51: 1 | DU51: 1010 | DV51: шт. | DW51: шт. | DX51: 1 | EE51: 39174389 | EF51: 3 | EG51: Монтажные работы | EH51: 0 | EJ51: 2 | EK51: 110001 | EL51: Связь: городская, местная, междугородняя проводная телефонная связь ( отделы 1, 2, 3 ) - ( при уст-ве средств посадки самолетов: {AВИА}=1 - НР=95%, СП=55% ) | EM51: мФЕР-10 | EQ51: 0 | ER51: 873.53 | ES51: 873.53 | ET51: 0 | EU51: 0 | EV51: 0 | EW51: 0 | EX51: 0 | FQ51: 0 | FR51: =ROUND(IF(AND(BH51=3,BI51=3),P51,0),2) -> 0 | FS51: 0 | FX51: 80 | FY51: 60 | GD51: 1 | GF51: -2104607400 | GG51: 1 | GH51: 1 | GI51: 4 | GJ51: 0 | GK51: 0 | GL51: =ROUND(IF(AND(BH51=3,BI51=3,FS51<>0),P51,0),2) -> 0 | GM51: =ROUND(O51+X51+Y51,2)+GX51 -> 11827.6 | GN51: =IF(OR(BI51=0,BI51=1),ROUND(O51+X51+Y51,2),0) -> 0 | GO51: =IF(BI51=2,ROUND(O51+X51+Y51,2),0) -> 11827.6 | GP51: =IF(BI51=4,ROUND(O51+X51+Y51,2)+GX51,0) -> 0 | GR51: 0 | GS51: 0 | GT51: 0 | GV51: =ROUND((GT51),6) -> 0 | GW51: 1 | GX51: =ROUND(HC51*I51,2) -> 0 | HA51: 0 | HB51: 0 | HC51: =GV51*GW51 -> 0 | IK51: 0
A52: 17 | B52: 1 | C52: =ROW(SmtRes!A104) -> 104 | D52: =ROW(EtalonRes!A92) -> 92 | E52: 6 | F52: м08-01-121-01 | G52: Аккумулятор кислотный стационарный, тип С-1, СК-1 | H52: ШТ | I52: 6 | J52: 0 | O52: =ROUND(CP52,2) -> 284.44 | P52: =ROUND(CQ52*I52,2) -> 123.9 | Q52: =ROUND(CR52*I52,2) -> 0 | R52: =ROUND(CS52*I52,2) -> 0 | S52: =ROUND(CT52*I52,2) -> 160.54 | T52: =ROUND(CU52*I52,2) -> 0 | U52: =CV52*I52 -> 16.686 | V52: =CW52*I52 -> 0 | W52: =ROUND(CX52*I52,2) -> 0 | X52: =ROUND(CY52,2) -> 152.51 | Y52: =ROUND(CZ52,2) -> 104.35 | AA52: 39650536 | AB52: =ROUND((AC52+AD52+AF52),6) -> 47.407 | AC52: =ROUND((ES52),6) -> 20.65 | AD52: =ROUND(((((ET52*1.35))-((EU52*1.35)))+AE52),6) -> 0 | AE52: =ROUND(((EU52*1.35)),6) -> 0 | AF52: =ROUND(((EV52*1.35)),6) -> 26.757 | AG52: =ROUND((AP52),6) -> 0 | AH52: =((EW52*1.35)) -> 2.781 | AI52: =((EX52*1.35)) -> 0 | AJ52: =(AS52) -> 0 | AK52: 40.47 | AL52: 20.65 | AM52: 0 | AN52: 0 | AO52: 19.82 | AP52: 0 | AQ52: 2.06 | AR52: 0 | AS52: 0 | AT52: 95 | AU52: 65 | AV52: 1 | AW52: 1 | AZ52: 1 | BA52: 1 | BB52: 1 | BC52: 1 | BH52: 0 | BI52: 2 | BJ52: ФЕРм-2001, м08-01-121-01, приказ Минстроя России №1039/пр от 30.12.2016г. | BM52: 108001 | BN52: 0 | BP52: 0 | BQ52: 3 | BR52: 0 | BS52: 1 | BT52: 1 | BU52: 1 | BV52: 1 | BW52: 1 | BX52: 1 | BZ52: 95 | CA52: 65 | CE52: 0 | CF52: 0 | CG52: 0 | CM52: 0 | CN52: Поправка: Прил.2, Табл.3, п. 6 Наименование: Производство ремонтно-строительных работ осуществляется внутри работающих трансформаторных и распределительных подстанций, в электропомещениях (щитовые, пультовые, подстанции, реакторные, РУ и пункты, кабельные шахты, тоннели и каналы, кабельные полуэтажи) с действующим электрооборудованием или кабельными линиями под напряжением | CO52: 0 | CP52: =(P52+Q52+S52) -> 284.44 | CQ52: =AC52*BC52 -> 20.65 | CR52: =AD52*BB52 -> 0 | CS52: =AE52*BS52 -> 0 | CT52: =AF52*BA52 -> 26.757 | CU52: =AG52 -> 0 | CV52: =AH52 -> 2.781 | CW52: =AI52 -> 0 | CX52: =AJ52 -> 0 | CY52: =(((S52+R52)*AT52)/100) -> 152.513 | CZ52: =(((S52+R52)*AU52)/100) -> 104.351 | DE52: )*1,35 | DF52: )*1,35 | DG52: )*1,35 | DI52: )*1,35 | DJ52: )*1,35 | DN52: 0 | DO52: 0 | DP52: 1 | DQ52: 1 | DU52: 1013 | DV52: ШТ | DW52: ШТ | DX52: 1 | EE52: 39174386 | EF52: 3 | EG52: Монтажные работы | EH52: 0 | EJ52: 2 | EK52: 108001 | EL52: Электромонтажные работы , отдел 01-03 : ( на АЭС НР = 110% ) - (работы по упр. авиа.- движением: СП=55% ( {АВИА}=1; обычные работы : СП=65 - {AВИА}=0), при работе на АЭС СП= 68% ) | EM52: мФЕР-08 | EO52: Поправка: Прил.2, Табл.3, п. 6 | EQ52: 131072 | ER52: 40.47 | ES52: 20.65 | ET52: 0 | EU52: 0 | EV52: 19.82 | EW52: 2.06 | EX52: 0 | EY52: 0 | FQ52: 0 | FR52: =ROUND(IF(AND(BH52=3,BI52=3),P52,0),2) -> 0 | FS52: 0 | FX52: 95 | FY52: 65 | GD52: 1 | GF52: -1658615808 | GG52: 1 | GH52: 1 | GI52: -2 | GJ52: 0 | GK52: 0 | GL52: =ROUND(IF(AND(BH52=3,BI52=3,FS52<>0),P52,0),2) -> 0 | GM52: =ROUND(O52+X52+Y52,2)+GX52 -> 541.3 | GN52: =IF(OR(BI52=0,BI52=1),ROUND(O52+X52+Y52,2),0) -> 0 | GO52: =IF(BI52=2,ROUND(O52+X52+Y52,2),0) -> 541.3 | GP52: =IF(BI52=4,ROUND(O52+X52+Y52,2)+GX52,0) -> 0 | GR52: 0 | GS52: 3 | GT52: 0 | GV52: =ROUND((GT52),6) -> 0 | GW52: 1 | GX52: =ROUND(HC52*I52,2) -> 0 | HA52: 0 | HB52: 0 | HC52: =GV52*GW52 -> 0 | IK52: 0
A53: 17 | B53: 1 | C53: =ROW(SmtRes!A112) -> 112 | D53: =ROW(EtalonRes!A98) -> 98 | E53: 6 | F53: м08-01-121-01 | G53: Аккумулятор кислотный стационарный, тип С-1, СК-1 | H53: ШТ | I53: 6 | J53: 0 | O53: =ROUND(CP53,2) -> 1925.67 | P53: =ROUND(CQ53*I53,2) -> 838.8 | Q53: =ROUND(CR53*I53,2) -> 0 | R53: =ROUND(CS53*I53,2) -> 0 | S53: =ROUND(CT53*I53,2) -> 1086.87 | T53: =ROUND(CU53*I53,2) -> 0 | U53: =CV53*I53 -> 16.686 | V53: =CW53*I53 -> 0 | W53: =ROUND(CX53*I53,2) -> 0 | X53: =ROUND(CY53,2) -> 1032.53 | Y53: =ROUND(CZ53,2) -> 706.47 | AA53: 39650538 | AB53: =ROUND((AC53+AD53+AF53),6) -> 47.407 | AC53: =ROUND((ES53),6) -> 20.65 | AD53: =ROUND(((((ET53*1.35))-((EU53*1.35)))+AE53),6) -> 0 | AE53: =ROUND(((EU53*1.35)),6) -> 0 | AF53: =ROUND(((EV53*1.35)),6) -> 26.757 | AG53: =ROUND((AP53),6) -> 0 | AH53: =((EW53*1.35)) -> 2.781 | AI53: =((EX53*1.35)) -> 0 | AJ53: =(AS53) -> 0 | AK53: 40.47 | AL53: 20.65 | AM53: 0 | AN53: 0 | AO53: 19.82 | AP53: 0 | AQ53: 2.06 | AR53: 0 | AS53: 0 | AT53: 95 | AU53: 65 | AV53: 1 | AW53: 1 | AZ53: 6.77 | BA53: 6.77 | BB53: 6.77 | BC53: 6.77 | BH53: 0 | BI53: 2 | BJ53: ФЕРм-2001, м08-01-121-01, приказ Минстроя России №1039/пр от 30.12.2016г. | BM53: 108001 | BN53: 0 | BP53: 0 | BQ53: 3 | BR53: 0 | BS53: 6.77 | BT53: 1 | BU53: 1 | BV53: 1 | BW53: 1 | BX53: 1 | BZ53: 95 | CA53: 65 | CE53: 0 | CF53: 0 | CG53: 0 | CM53: 0 | CN53: Поправка: Прил.2, Табл.3, п. 6 Наименование: Производство ремонтно-строительных работ осуществляется внутри работающих трансформаторных и распределительных подстанций, в электропомещениях (щитовые, пультовые, подстанции, реакторные, РУ и пункты, кабельные шахты, тоннели и каналы, кабельные полуэтажи) с действующим электрооборудованием или кабельными линиями под напряжением | CO53: 0 | CP53: =(P53+Q53+S53) -> 1925.67 | CQ53: =AC53*BC53 -> 139.8005 | CR53: =AD53*BB53 -> 0 | CS53: =AE53*BS53 -> 0 | CT53: =AF53*BA53 -> 181.14489 | CU53: =AG53 -> 0 | CV53: =AH53 -> 2.781 | CW53: =AI53 -> 0 | CX53: =AJ53 -> 0 | CY53: =(((S53+R53)*AT53)/100) -> 1032.5265 | CZ53: =(((S53+R53)*AU53)/100) -> 706.4655 | DE53: )*1,35 | DF53: )*1,35 | DG53: )*1,35 | DI53: )*1,35 | DJ53: )*1,35 | DN53: 0 | DO53: 0 | DP53: 1 | DQ53: 1 | DU53: 1013 | DV53: ШТ | DW53: ШТ | DX53: 1 | EE53: 39174386 | EF53: 3 | EG53: Монтажные работы | EH53: 0 | EJ53: 2 | EK53: 108001 | EL53: Электромонтажные работы , отдел 01-03 : ( на АЭС НР = 110% ) - (работы по упр. авиа.- движением: СП=55% ( {АВИА}=1; обычные работы : СП=65 - {AВИА}=0), при работе на АЭС СП= 68% ) | EM53: мФЕР-08 | EO53: Поправка: Прил.2, Табл.3, п. 6 | EQ53: 131072 | ER53: 40.47 | ES53: 20.65 | ET53: 0 | EU53: 0 | EV53: 19.82 | EW53: 2.06 | EX53: 0 | EY53: 0 | FQ53: 0 | FR53: =ROUND(IF(AND(BH53=3,BI53=3),P53,0),2) -> 0 | FS53: 0 | FX53: 95 | FY53: 65 | GD53: 1 | GF53: -1658615808 | GG53: 1 | GH53: 1 | GI53: 4 | GJ53: 0 | GK53: 0 | GL53: =ROUND(IF(AND(BH53=3,BI53=3,FS53<>0),P53,0),2) -> 0 | GM53: =ROUND(O53+X53+Y53,2)+GX53 -> 3664.67 | GN53: =IF(OR(BI53=0,BI53=1),ROUND(O53+X53+Y53,2),0) -> 0 | GO53: =IF(BI53=2,ROUND(O53+X53+Y53,2),0) -> 3664.67 | GP53: =IF(BI53=4,ROUND(O53+X53+Y53,2)+GX53,0) -> 0 | GR53: 0 | GS53: 0 | GT53: 0 | GV53: =ROUND((GT53),6) -> 0 | GW53: 1 | GX53: =ROUND(HC53*I53,2) -> 0 | HA53: 0 | HB53: 0 | HC53: =GV53*GW53 -> 0 | IK53: 0
A54: 18 | B54: 1 | C54: 103 | E54: 6,1 | F54: 62.4.01.01-0006 | G54: Батарея аккумуляторная АКБ-17 12В/17 А/ч | H54: шт. | I54: =I52*J54 -> 4 | J54: 0.66666667 | O54: =ROUND(CP54,2) -> 922.04 | P54: =ROUND(CQ54*I54,2) -> 922.04 | Q54: =ROUND(CR54*I54,2) -> 0 | R54: =ROUND(CS54*I54,2) -> 0 | S54: =ROUND(CT54*I54,2) -> 0 | T54: =ROUND(CU54*I54,2) -> 0 | U54: =CV54*I54 -> 0 | V54: =CW54*I54 -> 0 | W54: =ROUND(CX54*I54,2) -> 0 | X54: =ROUND(CY54,2) -> 0 | Y54: =ROUND(CZ54,2) -> 0 | AA54: 39650536 | AB54: =ROUND((AC54+AD54+AF54),6) -> 230.51 | AC54: =ROUND((ES54),6) -> 230.51 | AD54: =ROUND((((ET54)-(EU54))+AE54),6) -> 0 | AE54: =ROUND((EU54),6) -> 0 | AF54: =ROUND((EV54),6) -> 0 | AG54: =ROUND((AP54),6) -> 0 | AH54: =(EW54) -> 0 | AI54: =(EX54) -> 0 | AJ54: =(AS54) -> 0 | AK54: 230.51 | AL54: 230.51 | AM54: 0 | AN54: 0 | AO54: 0 | AP54: 0 | AQ54: 0 | AR54: 0 | AS54: 0 | AT54: 95 | AU54: 65 | AV54: 1 | AW54: 1 | AZ54: 1 | BA54: 1 | BB54: 1 | BC54: 1 | BH54: 3 | BI54: 2 | BJ54: ФССЦ-2001, 62.4.01.01-0006, приказ Минстроя России №1039/пр от 30.12.2016г. | BM54: 108001 | BN54: 0 | BP54: 0 | BQ54: 3 | BR54: 0 | BS54: 1 | BT54: 1 | BU54: 1 | BV54: 1 | BW54: 1 | BX54: 1 | BZ54: 95 | CA54: 65 | CE54: 0 | CF54: 0 | CG54: 0 | CM54: 0 | CO54: 0 | CP54: =(P54+Q54+S54) -> 922.04 | CQ54: =AC54*BC54 -> 230.51 | CR54: =AD54*BB54 -> 0 | CS54: =AE54*BS54 -> 0 | CT54: =AF54*BA54 -> 0 | CU54: =AG54 -> 0 | CV54: =AH54 -> 0 | CW54: =AI54 -> 0 | CX54: =AJ54 -> 0 | CY54: =(((S54+R54)*AT54)/100) -> 0 | CZ54: =(((S54+R54)*AU54)/100) -> 0 | DN54: 0 | DO54: 0 | DP54: 1 | DQ54: 1 | DU54: 1010 | DV54: шт. | DW54: шт. | DX54: 1 | EE54: 39174386 | EF54: 3 | EG54: Монтажные работы | EH54: 0 | EJ54: 2 | EK54: 108001 | EL54: Электромонтажные работы , отдел 01-03 : ( на АЭС НР = 110% ) - (работы по упр. авиа.- движением: СП=55% ( {АВИА}=1; обычные работы : СП=65 - {AВИА}=0), при работе на АЭС СП= 68% ) | EM54: мФЕР-08 | EQ54: 0 | ER54: 230.51 | ES54: 230.51 | ET54: 0 | EU54: 0 | EV54: 0 | EW54: 0 | EX54: 0 | FQ54: 0 | FR54: =ROUND(IF(AND(BH54=3,BI54=3),P54,0),2) -> 0 | FS54: 0 | FX54: 95 | FY54: 65 | GD54: 1 | GF54: -1868730208 | GG54: 1 | GH54: 1 | GI54: -2 | GJ54: 0 | GK54: 0 | GL54: =ROUND(IF(AND(BH54=3,BI54=3,FS54<>0),P54,0),2) -> 0 | GM54: =ROUND(O54+X54+Y54,2)+GX54 -> 922.04 | GN54: =IF(OR(BI54=0,BI54=1),ROUND(O54+X54+Y54,2),0) -> 0 | GO54: =IF(BI54=2,ROUND(O54+X54+Y54,2),0) -> 922.04 | GP54: =IF(BI54=4,ROUND(O54+X54+Y54,2)+GX54,0) -> 0 | GR54: 0 | GS54: 3 | GT54: 0 | GV54: =ROUND((GT54),6) -> 0 | GW54: 1 | GX54: =ROUND(HC54*I54,2) -> 0 | HA54: 0 | HB54: 0 | HC54: =GV54*GW54 -> 0 | IK54: 0
A55: 18 | B55: 1 | C55: 111 | E55: 6,1 | F55: 62.4.01.01-0006 | G55: Батарея аккумуляторная АКБ-17 12В/17 А/ч | H55: шт. | I55: =I53*J55 -> 4 | J55: 0.66666667 | O55: =ROUND(CP55,2) -> 6242.21 | P55: =ROUND(CQ55*I55,2) -> 6242.21 | Q55: =ROUND(CR55*I55,2) -> 0 | R55: =ROUND(CS55*I55,2) -> 0 | S55: =ROUND(CT55*I55,2) -> 0 | T55: =ROUND(CU55*I55,2) -> 0 | U55: =CV55*I55 -> 0 | V55: =CW55*I55 -> 0 | W55: =ROUND(CX55*I55,2) -> 0 | X55: =ROUND(CY55,2) -> 0 | Y55: =ROUND(CZ55,2) -> 0 | AA55: 39650538 | AB55: =ROUND((AC55+AD55+AF55),6) -> 230.51 | AC55: =ROUND((ES55),6) -> 230.51 | AD55: =ROUND((((ET55)-(EU55))+AE55),6) -> 0 | AE55: =ROUND((EU55),6) -> 0 | AF55: =ROUND((EV55),6) -> 0 | AG55: =ROUND((AP55),6) -> 0 | AH55: =(EW55) -> 0 | AI55: =(EX55) -> 0 | AJ55: =(AS55) -> 0 | AK55: 230.51 | AL55: 230.51 | AM55: 0 | AN55: 0 | AO55: 0 | AP55: 0 | AQ55: 0 | AR55: 0 | AS55: 0 | AT55: 95 | AU55: 65 | AV55: 1 | AW55: 1 | AZ55: 6.77 | BA55: 1 | BB55: 1 | BC55: 6.77 | BH55: 3 | BI55: 2 | BJ55: ФССЦ-2001, 62.4.01.01-0006, приказ Минстроя России №1039/пр от 30.12.2016г. | BM55: 108001 | BN55: 0 | BP55: 0 | BQ55: 3 | BR55: 0 | BS55: 1 | BT55: 1 | BU55: 1 | BV55: 1 | BW55: 1 | BX55: 1 | BZ55: 95 | CA55: 65 | CE55: 0 | CF55: 0 | CG55: 0 | CM55: 0 | CO55: 0 | CP55: =(P55+Q55+S55) -> 6242.21 | CQ55: =AC55*BC55 -> 1560.5527 | CR55: =AD55*BB55 -> 0 | CS55: =AE55*BS55 -> 0 | CT55: =AF55*BA55 -> 0 | CU55: =AG55 -> 0 | CV55: =AH55 -> 0 | CW55: =AI55 -> 0 | CX55: =AJ55 -> 0 | CY55: =(((S55+R55)*AT55)/100) -> 0 | CZ55: =(((S55+R55)*AU55)/100) -> 0 | DN55: 0 | DO55: 0 | DP55: 1 | DQ55: 1 | DU55: 1010 | DV55: шт. | DW55: шт. | DX55: 1 | EE55: 39174386 | EF55: 3 | EG55: Монтажные работы | EH55: 0 | EJ55: 2 | EK55: 108001 | EL55: Электромонтажные работы , отдел 01-03 : ( на АЭС НР = 110% ) - (работы по упр. авиа.- движением: СП=55% ( {АВИА}=1; обычные работы : СП=65 - {AВИА}=0), при работе на АЭС СП= 68% ) | EM55: мФЕР-08 | EQ55: 0 | ER55: 230.51 | ES55: 230.51 | ET55: 0 | EU55: 0 | EV55: 0 | EW55: 0 | EX55: 0 | FQ55: 0 | FR55: =ROUND(IF(AND(BH55=3,BI55=3),P55,0),2) -> 0 | FS55: 0 | FX55: 95 | FY55: 65 | GD55: 1 | GF55: -1868730208 | GG55: 1 | GH55: 1 | GI55: 4 | GJ55: 0 | GK55: 0 | GL55: =ROUND(IF(AND(BH55=3,BI55=3,FS55<>0),P55,0),2) -> 0 | GM55: =ROUND(O55+X55+Y55,2)+GX55 -> 6242.21 | GN55: =IF(OR(BI55=0,BI55=1),ROUND(O55+X55+Y55,2),0) -> 0 | GO55: =IF(BI55=2,ROUND(O55+X55+Y55,2),0) -> 6242.21 | GP55: =IF(BI55=4,ROUND(O55+X55+Y55,2)+GX55,0) -> 0 | GR55: 0 | GS55: 0 | GT55: 0 | GV55: =ROUND((GT55),6) -> 0 | GW55: 1 | GX55: =ROUND(HC55*I55,2) -> 0 | HA55: 0 | HB55: 0 | HC55: =GV55*GW55 -> 0 | IK55: 0
A56: 18 | B56: 1 | C56: 102 | E56: 6,2 | F56: 62.4.01.01-0003 | G56: Батарея аккумуляторная АКБ-4 12В/4,5 А/ч | H56: шт. | I56: =I52*J56 -> 2 | J56: 0.33333333 | O56: =ROUND(CP56,2) -> 140.9 | P56: =ROUND(CQ56*I56,2) -> 140.9 | Q56: =ROUND(CR56*I56,2) -> 0 | R56: =ROUND(CS56*I56,2) -> 0 | S56: =ROUND(CT56*I56,2) -> 0 | T56: =ROUND(CU56*I56,2) -> 0 | U56: =CV56*I56 -> 0 | V56: =CW56*I56 -> 0 | W56: =ROUND(CX56*I56,2) -> 0 | X56: =ROUND(CY56,2) -> 0 | Y56: =ROUND(CZ56,2) -> 0 | AA56: 39650536 | AB56: =ROUND((AC56+AD56+AF56),6) -> 70.45 | AC56: =ROUND((ES56),6) -> 70.45 | AD56: =ROUND((((ET56)-(EU56))+AE56),6) -> 0 | AE56: =ROUND((EU56),6) -> 0 | AF56: =ROUND((EV56),6) -> 0 | AG56: =ROUND((AP56),6) -> 0 | AH56: =(EW56) -> 0 | AI56: =(EX56) -> 0 | AJ56: =(AS56) -> 0 | AK56: 70.45 | AL56: 70.45 | AM56: 0 | AN56: 0 | AO56: 0 | AP56: 0 | AQ56: 0 | AR56: 0 | AS56: 0 | AT56: 95 | AU56: 65 | AV56: 1 | AW56: 1 | AZ56: 1 | BA56: 1 | BB56: 1 | BC56: 1 | BH56: 3 | BI56: 2 | BJ56: ФССЦ-2001, 62.4.01.01-0003, приказ Минстроя России №1039/пр от 30.12.2016г. | BM56: 108001 | BN56: 0 | BP56: 0 | BQ56: 3 | BR56: 0 | BS56: 1 | BT56: 1 | BU56: 1 | BV56: 1 | BW56: 1 | BX56: 1 | BZ56: 95 | CA56: 65 | CE56: 0 | CF56: 0 | CG56: 0 | CM56: 0 | CO56: 0 | CP56: =(P56+Q56+S56) -> 140.9 | CQ56: =AC56*BC56 -> 70.45 | CR56: =AD56*BB56 -> 0 | CS56: =AE56*BS56 -> 0 | CT56: =AF56*BA56 -> 0 | CU56: =AG56 -> 0 | CV56: =AH56 -> 0 | CW56: =AI56 -> 0 | CX56: =AJ56 -> 0 | CY56: =(((S56+R56)*AT56)/100) -> 0 | CZ56: =(((S56+R56)*AU56)/100) -> 0 | DN56: 0 | DO56: 0 | DP56: 1 | DQ56: 1 | DU56: 1010 | DV56: шт. | DW56: шт. | DX56: 1 | EE56: 39174386 | EF56: 3 | EG56: Монтажные работы | EH56: 0 | EJ56: 2 | EK56: 108001 | EL56: Электромонтажные работы , отдел 01-03 : ( на АЭС НР = 110% ) - (работы по упр. авиа.- движением: СП=55% ( {АВИА}=1; обычные работы : СП=65 - {AВИА}=0), при работе на АЭС СП= 68% ) | EM56: мФЕР-08 | EQ56: 0 | ER56: 70.45 | ES56: 70.45 | ET56: 0 | EU56: 0 | EV56: 0 | EW56: 0 | EX56: 0 | FQ56: 0 | FR56: =ROUND(IF(AND(BH56=3,BI56=3),P56,0),2) -> 0 | FS56: 0 | FX56: 95 | FY56: 65 | GD56: 1 | GF56: -1695533700 | GG56: 2 | GH56: 1 | GI56: -2 | GJ56: 0 | GK56: 0 | GL56: =ROUND(IF(AND(BH56=3,BI56=3,FS56<>0),P56,0),2) -> 0 | GM56: =ROUND(O56+X56+Y56,2)+GX56 -> 140.9 | GN56: =IF(OR(BI56=0,BI56=1),ROUND(O56+X56+Y56,2),0) -> 0 | GO56: =IF(BI56=2,ROUND(O56+X56+Y56,2),0) -> 140.9 | GP56: =IF(BI56=4,ROUND(O56+X56+Y56,2)+GX56,0) -> 0 | GR56: 0 | GS56: 3 | GT56: 0 | GV56: =ROUND((GT56),6) -> 0 | GW56: 1 | GX56: =ROUND(HC56*I56,2) -> 0 | HA56: 0 | HB56: 0 | HC56: =GV56*GW56 -> 0 | IK56: 0
A57: 18 | B57: 1 | C57: 110 | E57: 6,2 | F57: 62.4.01.01-0003 | G57: Батарея аккумуляторная АКБ-4 12В/4,5 А/ч | H57: шт. | I57: =I53*J57 -> 2 | J57: 0.33333333 | O57: =ROUND(CP57,2) -> 953.89 | P57: =ROUND(CQ57*I57,2) -> 953.89 | Q57: =ROUND(CR57*I57,2) -> 0 | R57: =ROUND(CS57*I57,2) -> 0 | S57: =ROUND(CT57*I57,2) -> 0 | T57: =ROUND(CU57*I57,2) -> 0 | U57: =CV57*I57 -> 0 | V57: =CW57*I57 -> 0 | W57: =ROUND(CX57*I57,2) -> 0 | X57: =ROUND(CY57,2) -> 0 | Y57: =ROUND(CZ57,2) -> 0 | AA57: 39650538 | AB57: =ROUND((AC57+AD57+AF57),6) -> 70.45 | AC57: =ROUND((ES57),6) -> 70.45 | AD57: =ROUND((((ET57)-(EU57))+AE57),6) -> 0 | AE57: =ROUND((EU57),6) -> 0 | AF57: =ROUND((EV57),6) -> 0 | AG57: =ROUND((AP57),6) -> 0 | AH57: =(EW57) -> 0 | AI57: =(EX57) -> 0 | AJ57: =(AS57) -> 0 | AK57: 70.45 | AL57: 70.45 | AM57: 0 | AN57: 0 | AO57: 0 | AP57: 0 | AQ57: 0 | AR57: 0 | AS57: 0 | AT57: 95 | AU57: 65 | AV57: 1 | AW57: 1 | AZ57: 6.77 | BA57: 1 | BB57: 1 | BC57: 6.77 | BH57: 3 | BI57: 2 | BJ57: ФССЦ-2001, 62.4.01.01-0003, приказ Минстроя России №1039/пр от 30.12.2016г. | BM57: 108001 | BN57: 0 | BP57: 0 | BQ57: 3 | BR57: 0 | BS57: 1 | BT57: 1 | BU57: 1 | BV57: 1 | BW57: 1 | BX57: 1 | BZ57: 95 | CA57: 65 | CE57: 0 | CF57: 0 | CG57: 0 | CM57: 0 | CO57: 0 | CP57: =(P57+Q57+S57) -> 953.89 | CQ57: =AC57*BC57 -> 476.9465 | CR57: =AD57*BB57 -> 0 | CS57: =AE57*BS57 -> 0 | CT57: =AF57*BA57 -> 0 | CU57: =AG57 -> 0 | CV57: =AH57 -> 0 | CW57: =AI57 -> 0 | CX57: =AJ57 -> 0 | CY57: =(((S57+R57)*AT57)/100) -> 0 | CZ57: =(((S57+R57)*AU57)/100) -> 0 | DN57: 0 | DO57: 0 | DP57: 1 | DQ57: 1 | DU57: 1010 | DV57: шт. | DW57: шт. | DX57: 1 | EE57: 39174386 | EF57: 3 | EG57: Монтажные работы | EH57: 0 | EJ57: 2 | EK57: 108001 | EL57: Электромонтажные работы , отдел 01-03 : ( на АЭС НР = 110% ) - (работы по упр. авиа.- движением: СП=55% ( {АВИА}=1; обычные работы : СП=65 - {AВИА}=0), при работе на АЭС СП= 68% ) | EM57: мФЕР-08 | EQ57: 0 | ER57: 70.45 | ES57: 70.45 | ET57: 0 | EU57: 0 | EV57: 0 | EW57: 0 | EX57: 0 | FQ57: 0 | FR57: =ROUND(IF(AND(BH57=3,BI57=3),P57,0),2) -> 0 | FS57: 0 | FX57: 95 | FY57: 65 | GD57: 1 | GF57: -1695533700 | GG57: 1 | GH57: 1 | GI57: 4 | GJ57: 0 | GK57: 0 | GL57: =ROUND(IF(AND(BH57=3,BI57=3,FS57<>0),P57,0),2) -> 0 | GM57: =ROUND(O57+X57+Y57,2)+GX57 -> 953.89 | GN57: =IF(OR(BI57=0,BI57=1),ROUND(O57+X57+Y57,2),0) -> 0 | GO57: =IF(BI57=2,ROUND(O57+X57+Y57,2),0) -> 953.89 | GP57: =IF(BI57=4,ROUND(O57+X57+Y57,2)+GX57,0) -> 0 | GR57: 0 | GS57: 3 | GT57: 0 | GV57: =ROUND((GT57),6) -> 0 | GW57: 1 | GX57: =ROUND(HC57*I57,2) -> 0 | HA57: 0 | HB57: 0 | HC57: =GV57*GW57 -> 0 | IK57: 0
A58: 17 | B58: 1 | C58: =ROW(SmtRes!A119) -> 119 | D58: =ROW(EtalonRes!A104) -> 104 | E58: 7 | F58: м10-08-003-07 | G58: Устройство оптико-(фото)электрическое, комплект преобразователей (излучатель, фотоприемник) | H58: КОМПЛ | I58: 1 | J58: 0 | O58: =ROUND(CP58,2) -> 92.49 | P58: =ROUND(CQ58*I58,2) -> 8.33 | Q58: =ROUND(CR58*I58,2) -> 0 | R58: =ROUND(CS58*I58,2) -> 0 | S58: =ROUND(CT58*I58,2) -> 84.16 | T58: =ROUND(CU58*I58,2) -> 0 | U58: =CV58*I58 -> 8.748 | V58: =CW58*I58 -> 0 | W58: =ROUND(CX58*I58,2) -> 0 | X58: =ROUND(CY58,2) -> 67.33 | Y58: =ROUND(CZ58,2) -> 50.5 | AA58: 39650536 | AB58: =ROUND((AC58+AD58+AF58),6) -> 92.489 | AC58: =ROUND((ES58),6) -> 8.33 | AD58: =ROUND(((((ET58*1.35))-((EU58*1.35)))+AE58),6) -> 0 | AE58: =ROUND(((EU58*1.35)),6) -> 0 | AF58: =ROUND(((EV58*1.35)),6) -> 84.159 | AG58: =ROUND((AP58),6) -> 0 | AH58: =((EW58*1.35)) -> 8.748 | AI58: =((EX58*1.35)) -> 0 | AJ58: =(AS58) -> 0 | AK58: 70.67 | AL58: 8.33 | AM58: 0 | AN58: 0 | AO58: 62.34 | AP58: 0 | AQ58: 6.48 | AR58: 0 | AS58: 0 | AT58: 80 | AU58: 60 | AV58: 1 | AW58: 1 | AZ58: 1 | BA58: 1 | BB58: 1 | BC58: 1 | BH58: 0 | BI58: 2 | BJ58: ФЕРм-2001, м10-08-003-07, приказ Минстроя России №1039/пр от 30.12.2016г. | BM58: 110011 | BN58: 0 | BP58: 0 | BQ58: 3 | BR58: 0 | BS58: 1 | BT58: 1 | BU58: 1 | BV58: 1 | BW58: 1 | BX58: 1 | BZ58: 80 | CA58: 60 | CE58: 0 | CF58: 0 | CG58: 0 | CM58: 0 | CN58: Поправка: Прил.2, Табл.3, п. 6 Наименование: Производство ремонтно-строительных работ осуществляется внутри работающих трансформаторных и распределительных подстанций, в электропомещениях (щитовые, пультовые, подстанции, реакторные, РУ и пункты, кабельные шахты, тоннели и каналы, кабельные полуэтажи) с действующим электрооборудованием или кабельными линиями под напряжением | CO58: 0 | CP58: =(P58+Q58+S58) -> 92.49 | CQ58: =AC58*BC58 -> 8.33 | CR58: =AD58*BB58 -> 0 | CS58: =AE58*BS58 -> 0 | CT58: =AF58*BA58 -> 84.159 | CU58: =AG58 -> 0 | CV58: =AH58 -> 8.748 | CW58: =AI58 -> 0 | CX58: =AJ58 -> 0 | CY58: =(((S58+R58)*AT58)/100) -> 67.328 | CZ58: =(((S58+R58)*AU58)/100) -> 50.496 | DE58: )*1,35 | DF58: )*1,35 | DG58: )*1,35 | DI58: )*1,35 | DJ58: )*1,35 | DN58: 0 | DO58: 0 | DP58: 1 | DQ58: 1 | DU58: 1013 | DV58: КОМПЛ | DW58: КОМПЛ | DX58: 1 | EE58: 39174433 | EF58: 3 | EG58: Монтажные работы | EH58: 0 | EJ58: 2 | EK58: 110011 | EL58: Связь: пожарно-охранная сигнализация и пром. телевиз. установки ( отделы 8 и 9 ) (при устройстве средств посадки самолетов : НР=95%, СП=55% - {АВИА}=1) | EM58: мФЕР-10 | EO58: Поправка: Прил.2, Табл.3, п. 6 | EQ58: 0 | ER58: 70.67 | ES58: 8.33 | ET58: 0 | EU58: 0 | EV58: 62.34 | EW58: 6.48 | EX58: 0 | EY58: 0 | FQ58: 0 | FR58: =ROUND(IF(AND(BH58=3,BI58=3),P58,0),2) -> 0 | FS58: 0 | FX58: 80 | FY58: 60 | GD58: 1 | GF58: -1074051490 | GG58: 2 | GH58: 1 | GI58: -2 | GJ58: 0 | GK58: 0 | GL58: =ROUND(IF(AND(BH58=3,BI58=3,FS58<>0),P58,0),2) -> 0 | GM58: =ROUND(O58+X58+Y58,2)+GX58 -> 210.32 | GN58: =IF(OR(BI58=0,BI58=1),ROUND(O58+X58+Y58,2),0) -> 0 | GO58: =IF(BI58=2,ROUND(O58+X58+Y58,2),0) -> 210.32 | GP58: =IF(BI58=4,ROUND(O58+X58+Y58,2)+GX58,0) -> 0 | GR58: 0 | GS58: 3 | GT58: 0 | GV58: =ROUND((GT58),6) -> 0 | GW58: 1 | GX58: =ROUND(HC58*I58,2) -> 0 | HA58: 0 | HB58: 0 | HC58: =GV58*GW58 -> 0 | IK58: 0
A59: 17 | B59: 1 | C59: =ROW(SmtRes!A126) -> 126 | D59: =ROW(EtalonRes!A110) -> 110 | E59: 7 | F59: м10-08-003-07 | G59: Устройство оптико-(фото)электрическое, комплект преобразователей (излучатель, фотоприемник) | H59: КОМПЛ | I59: 1 | J59: 0 | O59: =ROUND(CP59,2) -> 626.15 | P59: =ROUND(CQ59*I59,2) -> 56.39 | Q59: =ROUND(CR59*I59,2) -> 0 | R59: =ROUND(CS59*I59,2) -> 0 | S59: =ROUND(CT59*I59,2) -> 569.76 | T59: =ROUND(CU59*I59,2) -> 0 | U59: =CV59*I59 -> 8.748 | V59: =CW59*I59 -> 0 | W59: =ROUND(CX59*I59,2) -> 0 | X59: =ROUND(CY59,2) -> 455.81 | Y59: =ROUND(CZ59,2) -> 341.86 | AA59: 39650538 | AB59: =ROUND((AC59+AD59+AF59),6) -> 92.489 | AC59: =ROUND((ES59),6) -> 8.33 | AD59: =ROUND(((((ET59*1.35))-((EU59*1.35)))+AE59),6) -> 0 | AE59: =ROUND(((EU59*1.35)),6) -> 0 | AF59: =ROUND(((EV59*1.35)),6) -> 84.159 | AG59: =ROUND((AP59),6) -> 0 | AH59: =((EW59*1.35)) -> 8.748 | AI59: =((EX59*1.35)) -> 0 | AJ59: =(AS59) -> 0 | AK59: 70.67 | AL59: 8.33 | AM59: 0 | AN59: 0 | AO59: 62.34 | AP59: 0 | AQ59: 6.48 | AR59: 0 | AS59: 0 | AT59: 80 | AU59: 60 | AV59: 1 | AW59: 1 | AZ59: 6.77 | BA59: 6.77 | BB59: 6.77 | BC59: 6.77 | BH59: 0 | BI59: 2 | BJ59: ФЕРм-2001, м10-08-003-07, приказ Минстроя России №1039/пр от 30.12.2016г. | BM59: 110011 | BN59: 0 | BP59: 0 | BQ59: 3 | BR59: 0 | BS59: 6.77 | BT59: 1 | BU59: 1 | BV59: 1 | BW59: 1 | BX59: 1 | BZ59: 80 | CA59: 60 | CE59: 0 | CF59: 0 | CG59: 0 | CM59: 0 | CN59: Поправка: Прил.2, Табл.3, п. 6 Наименование: Производство ремонтно-строительных работ осуществляется внутри работающих трансформаторных и распределительных подстанций, в электропомещениях (щитовые, пультовые, подстанции, реакторные, РУ и пункты, кабельные шахты, тоннели и каналы, кабельные полуэтажи) с действующим электрооборудованием или кабельными линиями под напряжением | CO59: 0 | CP59: =(P59+Q59+S59) -> 626.15 | CQ59: =AC59*BC59 -> 56.3941 | CR59: =AD59*BB59 -> 0 | CS59: =AE59*BS59 -> 0 | CT59: =AF59*BA59 -> 569.75643 | CU59: =AG59 -> 0 | CV59: =AH59 -> 8.748 | CW59: =AI59 -> 0 | CX59: =AJ59 -> 0 | CY59: =(((S59+R59)*AT59)/100) -> 455.808 | CZ59: =(((S59+R59)*AU59)/100) -> 341.856 | DE59: )*1,35 | DF59: )*1,35 | DG59: )*1,35 | DI59: )*1,35 | DJ59: )*1,35 | DN59: 0 | DO59: 0 | DP59: 1 | DQ59: 1 | DU59: 1013 | DV59: КОМПЛ | DW59: КОМПЛ | DX59: 1 | EE59: 39174433 | EF59: 3 | EG59: Монтажные работы | EH59: 0 | EJ59: 2 | EK59: 110011 | EL59: Связь: пожарно-охранная сигнализация и пром. телевиз. установки ( отделы 8 и 9 ) (при устройстве средств посадки самолетов : НР=95%, СП=55% - {АВИА}=1) | EM59: мФЕР-10 | EO59: Поправка: Прил.2, Табл.3, п. 6 | EQ59: 0 | ER59: 70.67 | ES59: 8.33 | ET59: 0 | EU59: 0 | EV59: 62.34 | EW59: 6.48 | EX59: 0 | EY59: 0 | FQ59: 0 | FR59: =ROUND(IF(AND(BH59=3,BI59=3),P59,0),2) -> 0 | FS59: 0 | FX59: 80 | FY59: 60 | GD59: 1 | GF59: -1074051490 | GG59: 1 | GH59: 1 | GI59: 4 | GJ59: 0 | GK59: 0 | GL59: =ROUND(IF(AND(BH59=3,BI59=3,FS59<>0),P59,0),2) -> 0 | GM59: =ROUND(O59+X59+Y59,2)+GX59 -> 1423.82 | GN59: =IF(OR(BI59=0,BI59=1),ROUND(O59+X59+Y59,2),0) -> 0 | GO59: =IF(BI59=2,ROUND(O59+X59+Y59,2),0) -> 1423.82 | GP59: =IF(BI59=4,ROUND(O59+X59+Y59,2)+GX59,0) -> 0 | GR59: 0 | GS59: 3 | GT59: 0 | GV59: =ROUND((GT59),6) -> 0 | GW59: 1 | GX59: =ROUND(HC59*I59,2) -> 0 | HA59: 0 | HB59: 0 | HC59: =GV59*GW59 -> 0 | IK59: 0
A60: 18 | B60: 1 | C60: 118 | E60: 7,1 | F60: 61.2.07.08-0003 | G60: Считыватель -2 прим. | H60: 10 шт. | I60: =I58*J60 -> 0.1 | J60: 0.1 | O60: =ROUND(CP60,2) -> 188.66 | P60: =ROUND(CQ60*I60,2) -> 188.66 | Q60: =ROUND(CR60*I60,2) -> 0 | R60: =ROUND(CS60*I60,2) -> 0 | S60: =ROUND(CT60*I60,2) -> 0 | T60: =ROUND(CU60*I60,2) -> 0 | U60: =CV60*I60 -> 0 | V60: =CW60*I60 -> 0 | W60: =ROUND(CX60*I60,2) -> 0 | X60: =ROUND(CY60,2) -> 0 | Y60: =ROUND(CZ60,2) -> 0 | AA60: 39650536 | AB60: =ROUND((AC60+AD60+AF60),6) -> 1886.6 | AC60: =ROUND((ES60),6) -> 1886.6 | AD60: =ROUND((((ET60)-(EU60))+AE60),6) -> 0 | AE60: =ROUND((EU60),6) -> 0 | AF60: =ROUND((EV60),6) -> 0 | AG60: =ROUND((AP60),6) -> 0 | AH60: =(EW60) -> 0 | AI60: =(EX60) -> 0 | AJ60: =(AS60) -> 0 | AK60: 1886.6 | AL60: 1886.6 | AM60: 0 | AN60: 0 | AO60: 0 | AP60: 0 | AQ60: 0 | AR60: 0 | AS60: 0 | AT60: 80 | AU60: 60 | AV60: 1 | AW60: 1 | AZ60: 1 | BA60: 1 | BB60: 1 | BC60: 1 | BH60: 3 | BI60: 2 | BJ60: ФССЦ-2001, 61.2.07.08-0003, приказ Минстроя России №1039/пр от 30.12.2016г. | BM60: 110011 | BN60: 0 | BP60: 0 | BQ60: 3 | BR60: 0 | BS60: 1 | BT60: 1 | BU60: 1 | BV60: 1 | BW60: 1 | BX60: 1 | BZ60: 80 | CA60: 60 | CE60: 0 | CF60: 0 | CG60: 0 | CM60: 0 | CO60: 0 | CP60: =(P60+Q60+S60) -> 188.66 | CQ60: =AC60*BC60 -> 1886.6 | CR60: =AD60*BB60 -> 0 | CS60: =AE60*BS60 -> 0 | CT60: =AF60*BA60 -> 0 | CU60: =AG60 -> 0 | CV60: =AH60 -> 0 | CW60: =AI60 -> 0 | CX60: =AJ60 -> 0 | CY60: =(((S60+R60)*AT60)/100) -> 0 | CZ60: =(((S60+R60)*AU60)/100) -> 0 | DN60: 0 | DO60: 0 | DP60: 1 | DQ60: 1 | DU60: 1010 | DV60: 10 шт. | DW60: 10 шт. | DX60: 10 | EE60: 39174433 | EF60: 3 | EG60: Монтажные работы | EH60: 0 | EJ60: 2 | EK60: 110011 | EL60: Связь: пожарно-охранная сигнализация и пром. телевиз. установки ( отделы 8 и 9 ) (при устройстве средств посадки самолетов : НР=95%, СП=55% - {АВИА}=1) | EM60: мФЕР-10 | EQ60: 0 | ER60: 1886.6 | ES60: 1886.6 | ET60: 0 | EU60: 0 | EV60: 0 | EW60: 0 | EX60: 0 | FQ60: 0 | FR60: =ROUND(IF(AND(BH60=3,BI60=3),P60,0),2) -> 0 | FS60: 0 | FX60: 80 | FY60: 60 | GD60: 1 | GF60: 377222393 | GG60: 2 | GH60: 1 | GI60: -2 | GJ60: 0 | GK60: 0 | GL60: =ROUND(IF(AND(BH60=3,BI60=3,FS60<>0),P60,0),2) -> 0 | GM60: =ROUND(O60+X60+Y60,2)+GX60 -> 188.66 | GN60: =IF(OR(BI60=0,BI60=1),ROUND(O60+X60+Y60,2),0) -> 0 | GO60: =IF(BI60=2,ROUND(O60+X60+Y60,2),0) -> 188.66 | GP60: =IF(BI60=4,ROUND(O60+X60+Y60,2)+GX60,0) -> 0 | GR60: 0 | GS60: 3 | GT60: 0 | GV60: =ROUND((GT60),6) -> 0 | GW60: 1 | GX60: =ROUND(HC60*I60,2) -> 0 | HA60: 0 | HB60: 0 | HC60: =GV60*GW60 -> 0 | IK60: 0
A61: 18 | B61: 1 | C61: 125 | E61: 7,1 | F61: 61.2.07.08-0003 | G61: Считыватель -2 прим. | H61: 10 шт. | I61: =I59*J61 -> 0.1 | J61: 0.1 | O61: =ROUND(CP61,2) -> 1277.23 | P61: =ROUND(CQ61*I61,2) -> 1277.23 | Q61: =ROUND(CR61*I61,2) -> 0 | R61: =ROUND(CS61*I61,2) -> 0 | S61: =ROUND(CT61*I61,2) -> 0 | T61: =ROUND(CU61*I61,2) -> 0 | U61: =CV61*I61 -> 0 | V61: =CW61*I61 -> 0 | W61: =ROUND(CX61*I61,2) -> 0 | X61: =ROUND(CY61,2) -> 0 | Y61: =ROUND(CZ61,2) -> 0 | AA61: 39650538 | AB61: =ROUND((AC61+AD61+AF61),6) -> 1886.6 | AC61: =ROUND((ES61),6) -> 1886.6 | AD61: =ROUND((((ET61)-(EU61))+AE61),6) -> 0 | AE61: =ROUND((EU61),6) -> 0 | AF61: =ROUND((EV61),6) -> 0 | AG61: =ROUND((AP61),6) -> 0 | AH61: =(EW61) -> 0 | AI61: =(EX61) -> 0 | AJ61: =(AS61) -> 0 | AK61: 1886.6 | AL61: 1886.6 | AM61: 0 | AN61: 0 | AO61: 0 | AP61: 0 | AQ61: 0 | AR61: 0 | AS61: 0 | AT61: 80 | AU61: 60 | AV61: 1 | AW61: 1 | AZ61: 6.77 | BA61: 1 | BB61: 1 | BC61: 6.77 | BH61: 3 | BI61: 2 | BJ61: ФССЦ-2001, 61.2.07.08-0003, приказ Минстроя России №1039/пр от 30.12.2016г. | BM61: 110011 | BN61: 0 | BP61: 0 | BQ61: 3 | BR61: 0 | BS61: 1 | BT61: 1 | BU61: 1 | BV61: 1 | BW61: 1 | BX61: 1 | BZ61: 80 | CA61: 60 | CE61: 0 | CF61: 0 | CG61: 0 | CM61: 0 | CO61: 0 | CP61: =(P61+Q61+S61) -> 1277.23 | CQ61: =AC61*BC61 -> 12772.282 | CR61: =AD61*BB61 -> 0 | CS61: =AE61*BS61 -> 0 | CT61: =AF61*BA61 -> 0 | CU61: =AG61 -> 0 | CV61: =AH61 -> 0 | CW61: =AI61 -> 0 | CX61: =AJ61 -> 0 | CY61: =(((S61+R61)*AT61)/100) -> 0 | CZ61: =(((S61+R61)*AU61)/100) -> 0 | DN61: 0 | DO61: 0 | DP61: 1 | DQ61: 1 | DU61: 1010 | DV61: 10 шт. | DW61: 10 шт. | DX61: 10 | EE61: 39174433 | EF61: 3 | EG61: Монтажные работы | EH61: 0 | EJ61: 2 | EK61: 110011 | EL61: Связь: пожарно-охранная сигнализация и пром. телевиз. установки ( отделы 8 и 9 ) (при устройстве средств посадки самолетов : НР=95%, СП=55% - {АВИА}=1) | EM61: мФЕР-10 | EQ61: 0 | ER61: 1886.6 | ES61: 1886.6 | ET61: 0 | EU61: 0 | EV61: 0 | EW61: 0 | EX61: 0 | FQ61: 0 | FR61: =ROUND(IF(AND(BH61=3,BI61=3),P61,0),2) -> 0 | FS61: 0 | FX61: 80 | FY61: 60 | GD61: 1 | GF61: 377222393 | GG61: 1 | GH61: 1 | GI61: 4 | GJ61: 0 | GK61: 0 | GL61: =ROUND(IF(AND(BH61=3,BI61=3,FS61<>0),P61,0),2) -> 0 | GM61: =ROUND(O61+X61+Y61,2)+GX61 -> 1277.23 | GN61: =IF(OR(BI61=0,BI61=1),ROUND(O61+X61+Y61,2),0) -> 0 | GO61: =IF(BI61=2,ROUND(O61+X61+Y61,2),0) -> 1277.23 | GP61: =IF(BI61=4,ROUND(O61+X61+Y61,2)+GX61,0) -> 0 | GR61: 0 | GS61: 3 | GT61: 0 | GV61: =ROUND((GT61),6) -> 0 | GW61: 1 | GX61: =ROUND(HC61*I61,2) -> 0 | HA61: 0 | HB61: 0 | HC61: =GV61*GW61 -> 0 | IK61: 0
A62: 17 | B62: 1 | C62: =ROW(SmtRes!A131) -> 131 | D62: =ROW(EtalonRes!A114) -> 114 | E62: 8 | F62: м10-04-101-15 | G62: Транспарант световой (табло) | H62: ШТ | I62: 5 | J62: 0 | O62: =ROUND(CP62,2) -> 140.27 | P62: =ROUND(CQ62*I62,2) -> 10.4 | Q62: =ROUND(CR62*I62,2) -> 0 | R62: =ROUND(CS62*I62,2) -> 0 | S62: =ROUND(CT62*I62,2) -> 129.87 | T62: =ROUND(CU62*I62,2) -> 0 | U62: =CV62*I62 -> 13.5 | V62: =CW62*I62 -> 0 | W62: =ROUND(CX62*I62,2) -> 0 | X62: =ROUND(CY62,2) -> 119.48 | Y62: =ROUND(CZ62,2) -> 84.42 | AA62: 39650536 | AB62: =ROUND((AC62+AD62+AF62),6) -> 28.054 | AC62: =ROUND((ES62),6) -> 2.08 | AD62: =ROUND(((((ET62*1.35))-((EU62*1.35)))+AE62),6) -> 0 | AE62: =ROUND(((EU62*1.35)),6) -> 0 | AF62: =ROUND(((EV62*1.35)),6) -> 25.974 | AG62: =ROUND((AP62),6) -> 0 | AH62: =((EW62*1.35)) -> 2.7 | AI62: =((EX62*1.35)) -> 0 | AJ62: =(AS62) -> 0 | AK62: 21.32 | AL62: 2.08 | AM62: 0 | AN62: 0 | AO62: 19.24 | AP62: 0 | AQ62: 2 | AR62: 0 | AS62: 0 | AT62: 92 | AU62: 65 | AV62: 1 | AW62: 1 | AZ62: 1 | BA62: 1 | BB62: 1 | BC62: 1 | BH62: 0 | BI62: 2 | BJ62: ФЕРм-2001, м10-04-101-15, приказ Минстроя России №1039/пр от 30.12.2016г. | BM62: 110004 | BN62: 0 | BP62: 0 | BQ62: 3 | BR62: 0 | BS62: 1 | BT62: 1 | BU62: 1 | BV62: 1 | BW62: 1 | BX62: 1 | BZ62: 92 | CA62: 65 | CE62: 0 | CF62: 0 | CG62: 0 | CM62: 0 | CN62: Поправка: Прил.2, Табл.3, п. 6 Наименование: Производство ремонтно-строительных работ осуществляется внутри работающих трансформаторных и распределительных подстанций, в электропомещениях (щитовые, пультовые, подстанции, реакторные, РУ и пункты, кабельные шахты, тоннели и каналы, кабельные полуэтажи) с действующим электрооборудованием или кабельными линиями под напряжением | CO62: 0 | CP62: =(P62+Q62+S62) -> 140.27 | CQ62: =AC62*BC62 -> 2.08 | CR62: =AD62*BB62 -> 0 | CS62: =AE62*BS62 -> 0 | CT62: =AF62*BA62 -> 25.974 | CU62: =AG62 -> 0 | CV62: =AH62 -> 2.7 | CW62: =AI62 -> 0 | CX62: =AJ62 -> 0 | CY62: =(((S62+R62)*AT62)/100) -> 119.4804 | CZ62: =(((S62+R62)*AU62)/100) -> 84.4155 | DE62: )*1,35 | DF62: )*1,35 | DG62: )*1,35 | DI62: )*1,35 | DJ62: )*1,35 | DN62: 0 | DO62: 0 | DP62: 1 | DQ62: 1 | DU62: 1013 | DV62: ШТ | DW62: ШТ | DX62: 1 | EE62: 39174390 | EF62: 3 | EG62: Монтажные работы | EH62: 0 | EJ62: 2 | EK62: 110004 | EL62: Связь: монтаж теле- радио оборудования ( отдел 4 и 5 ) - (при устройстве средств посадки самолетов : НР=95%, СП=55% - {АВИА}=1) | EM62: мФЕР-10 | EO62: Поправка: Прил.2, Табл.3, п. 6 | EQ62: 131072 | ER62: 21.32 | ES62: 2.08 | ET62: 0 | EU62: 0 | EV62: 19.24 | EW62: 2 | EX62: 0 | EY62: 0 | FQ62: 0 | FR62: =ROUND(IF(AND(BH62=3,BI62=3),P62,0),2) -> 0 | FS62: 0 | FX62: 92 | FY62: 65 | GD62: 1 | GF62: -1607130136 | GG62: 1 | GH62: 1 | GI62: -2 | GJ62: 0 | GK62: 0 | GL62: =ROUND(IF(AND(BH62=3,BI62=3,FS62<>0),P62,0),2) -> 0 | GM62: =ROUND(O62+X62+Y62,2)+GX62 -> 344.17 | GN62: =IF(OR(BI62=0,BI62=1),ROUND(O62+X62+Y62,2),0) -> 0 | GO62: =IF(BI62=2,ROUND(O62+X62+Y62,2),0) -> 344.17 | GP62: =IF(BI62=4,ROUND(O62+X62+Y62,2)+GX62,0) -> 0 | GR62: 0 | GS62: 3 | GT62: 0 | GV62: =ROUND((GT62),6) -> 0 | GW62: 1 | GX62: =ROUND(HC62*I62,2) -> 0 | HA62: 0 | HB62: 0 | HC62: =GV62*GW62 -> 0 | IK62: 0
A63: 17 | B63: 1 | C63: =ROW(SmtRes!A136) -> 136 | D63: =ROW(EtalonRes!A118) -> 118 | E63: 8 | F63: м10-04-101-15 | G63: Транспарант световой (табло) | H63: ШТ | I63: 5 | J63: 0 | O63: =ROUND(CP63,2) -> 949.63 | P63: =ROUND(CQ63*I63,2) -> 70.41 | Q63: =ROUND(CR63*I63,2) -> 0 | R63: =ROUND(CS63*I63,2) -> 0 | S63: =ROUND(CT63*I63,2) -> 879.22 | T63: =ROUND(CU63*I63,2) -> 0 | U63: =CV63*I63 -> 13.5 | V63: =CW63*I63 -> 0 | W63: =ROUND(CX63*I63,2) -> 0 | X63: =ROUND(CY63,2) -> 808.88 | Y63: =ROUND(CZ63,2) -> 571.49 | AA63: 39650538 | AB63: =ROUND((AC63+AD63+AF63),6) -> 28.054 | AC63: =ROUND((ES63),6) -> 2.08 | AD63: =ROUND(((((ET63*1.35))-((EU63*1.35)))+AE63),6) -> 0 | AE63: =ROUND(((EU63*1.35)),6) -> 0 | AF63: =ROUND(((EV63*1.35)),6) -> 25.974 | AG63: =ROUND((AP63),6) -> 0 | AH63: =((EW63*1.35)) -> 2.7 | AI63: =((EX63*1.35)) -> 0 | AJ63: =(AS63) -> 0 | AK63: 21.32 | AL63: 2.08 | AM63: 0 | AN63: 0 | AO63: 19.24 | AP63: 0 | AQ63: 2 | AR63: 0 | AS63: 0 | AT63: 92 | AU63: 65 | AV63: 1 | AW63: 1 | AZ63: 6.77 | BA63: 6.77 | BB63: 6.77 | BC63: 6.77 | BH63: 0 | BI63: 2 | BJ63: ФЕРм-2001, м10-04-101-15, приказ Минстроя России №1039/пр от 30.12.2016г. | BM63: 110004 | BN63: 0 | BP63: 0 | BQ63: 3 | BR63: 0 | BS63: 6.77 | BT63: 1 | BU63: 1 | BV63: 1 | BW63: 1 | BX63: 1 | BZ63: 92 | CA63: 65 | CE63: 0 | CF63: 0 | CG63: 0 | CM63: 0 | CN63: Поправка: Прил.2, Табл.3, п. 6 Наименование: Производство ремонтно-строительных работ осуществляется внутри работающих трансформаторных и распределительных подстанций, в электропомещениях (щитовые, пультовые, подстанции, реакторные, РУ и пункты, кабельные шахты, тоннели и каналы, кабельные полуэтажи) с действующим электрооборудованием или кабельными линиями под напряжением | CO63: 0 | CP63: =(P63+Q63+S63) -> 949.63 | CQ63: =AC63*BC63 -> 14.0816 | CR63: =AD63*BB63 -> 0 | CS63: =AE63*BS63 -> 0 | CT63: =AF63*BA63 -> 175.84398 | CU63: =AG63 -> 0 | CV63: =AH63 -> 2.7 | CW63: =AI63 -> 0 | CX63: =AJ63 -> 0 | CY63: =(((S63+R63)*AT63)/100) -> 808.8824 | CZ63: =(((S63+R63)*AU63)/100) -> 571.493 | DE63: )*1,35 | DF63: )*1,35 | DG63: )*1,35 | DI63: )*1,35 | DJ63: )*1,35 | DN63: 0 | DO63: 0 | DP63: 1 | DQ63: 1 | DU63: 1013 | DV63: ШТ | DW63: ШТ | DX63: 1 | EE63: 39174390 | EF63: 3 | EG63: Монтажные работы | EH63: 0 | EJ63: 2 | EK63: 110004 | EL63: Связь: монтаж теле- радио оборудования ( отдел 4 и 5 ) - (при устройстве средств посадки самолетов : НР=95%, СП=55% - {АВИА}=1) | EM63: мФЕР-10 | EO63: Поправка: Прил.2, Табл.3, п. 6 | EQ63: 131072 | ER63: 21.32 | ES63: 2.08 | ET63: 0 | EU63: 0 | EV63: 19.24 | EW63: 2 | EX63: 0 | EY63: 0 | FQ63: 0 | FR63: =ROUND(IF(AND(BH63=3,BI63=3),P63,0),2) -> 0 | FS63: 0 | FX63: 92 | FY63: 65 | GD63: 1 | GF63: -1607130136 | GG63: 1 | GH63: 1 | GI63: 4 | GJ63: 0 | GK63: 0 | GL63: =ROUND(IF(AND(BH63=3,BI63=3,FS63<>0),P63,0),2) -> 0 | GM63: =ROUND(O63+X63+Y63,2)+GX63 -> 2330 | GN63: =IF(OR(BI63=0,BI63=1),ROUND(O63+X63+Y63,2),0) -> 0 | GO63: =IF(BI63=2,ROUND(O63+X63+Y63,2),0) -> 2330 | GP63: =IF(BI63=4,ROUND(O63+X63+Y63,2)+GX63,0) -> 0 | GR63: 0 | GS63: 0 | GT63: 0 | GV63: =ROUND((GT63),6) -> 0 | GW63: 1 | GX63: =ROUND(HC63*I63,2) -> 0 | HA63: 0 | HB63: 0 | HC63: =GV63*GW63 -> 0 | IK63: 0
A64: 18 | B64: 1 | C64: 130 | E64: 8,1 | F64: 61.2.04.07-0010 | G64: Оповещатель световой КОП-25П | H64: шт. | I64: =I62*J64 -> 5 | J64: 1 | O64: =ROUND(CP64,2) -> 569.85 | P64: =ROUND(CQ64*I64,2) -> 569.85 | Q64: =ROUND(CR64*I64,2) -> 0 | R64: =ROUND(CS64*I64,2) -> 0 | S64: =ROUND(CT64*I64,2) -> 0 | T64: =ROUND(CU64*I64,2) -> 0 | U64: =CV64*I64 -> 0 | V64: =CW64*I64 -> 0 | W64: =ROUND(CX64*I64,2) -> 0 | X64: =ROUND(CY64,2) -> 0 | Y64: =ROUND(CZ64,2) -> 0 | AA64: 39650536 | AB64: =ROUND((AC64+AD64+AF64),6) -> 113.97 | AC64: =ROUND((ES64),6) -> 113.97 | AD64: =ROUND((((ET64)-(EU64))+AE64),6) -> 0 | AE64: =ROUND((EU64),6) -> 0 | AF64: =ROUND((EV64),6) -> 0 | AG64: =ROUND((AP64),6) -> 0 | AH64: =(EW64) -> 0 | AI64: =(EX64) -> 0 | AJ64: =(AS64) -> 0 | AK64: 113.97 | AL64: 113.97 | AM64: 0 | AN64: 0 | AO64: 0 | AP64: 0 | AQ64: 0 | AR64: 0 | AS64: 0 | AT64: 92 | AU64: 65 | AV64: 1 | AW64: 1 | AZ64: 1 | BA64: 1 | BB64: 1 | BC64: 1 | BH64: 3 | BI64: 2 | BJ64: ФССЦ-2001, 61.2.04.07-0010, приказ Минстроя России №1039/пр от 30.12.2016г. | BM64: 110004 | BN64: 0 | BP64: 0 | BQ64: 3 | BR64: 0 | BS64: 1 | BT64: 1 | BU64: 1 | BV64: 1 | BW64: 1 | BX64: 1 | BZ64: 92 | CA64: 65 | CE64: 0 | CF64: 0 | CG64: 0 | CM64: 0 | CO64: 0 | CP64: =(P64+Q64+S64) -> 569.85 | CQ64: =AC64*BC64 -> 113.97 | CR64: =AD64*BB64 -> 0 | CS64: =AE64*BS64 -> 0 | CT64: =AF64*BA64 -> 0 | CU64: =AG64 -> 0 | CV64: =AH64 -> 0 | CW64: =AI64 -> 0 | CX64: =AJ64 -> 0 | CY64: =(((S64+R64)*AT64)/100) -> 0 | CZ64: =(((S64+R64)*AU64)/100) -> 0 | DN64: 0 | DO64: 0 | DP64: 1 | DQ64: 1 | DU64: 1010 | DV64: шт. | DW64: шт. | DX64: 1 | EE64: 39174390 | EF64: 3 | EG64: Монтажные работы | EH64: 0 | EJ64: 2 | EK64: 110004 | EL64: Связь: монтаж теле- радио оборудования ( отдел 4 и 5 ) - (при устройстве средств посадки самолетов : НР=95%, СП=55% - {АВИА}=1) | EM64: мФЕР-10 | EQ64: 0 | ER64: 113.97 | ES64: 113.97 | ET64: 0 | EU64: 0 | EV64: 0 | EW64: 0 | EX64: 0 | FQ64: 0 | FR64: =ROUND(IF(AND(BH64=3,BI64=3),P64,0),2) -> 0 | FS64: 0 | FX64: 92 | FY64: 65 | GD64: 1 | GF64: -1812735390 | GG64: 1 | GH64: 1 | GI64: -2 | GJ64: 0 | GK64: 0 | GL64: =ROUND(IF(AND(BH64=3,BI64=3,FS64<>0),P64,0),2) -> 0 | GM64: =ROUND(O64+X64+Y64,2)+GX64 -> 569.85 | GN64: =IF(OR(BI64=0,BI64=1),ROUND(O64+X64+Y64,2),0) -> 0 | GO64: =IF(BI64=2,ROUND(O64+X64+Y64,2),0) -> 569.85 | GP64: =IF(BI64=4,ROUND(O64+X64+Y64,2)+GX64,0) -> 0 | GR64: 0 | GS64: 3 | GT64: 0 | GV64: =ROUND((GT64),6) -> 0 | GW64: 1 | GX64: =ROUND(HC64*I64,2) -> 0 | HA64: 0 | HB64: 0 | HC64: =GV64*GW64 -> 0 | IK64: 0
A65: 18 | B65: 1 | C65: 135 | E65: 8,1 | F65: 61.2.04.07-0010 | G65: Оповещатель световой КОП-25П | H65: шт. | I65: =I63*J65 -> 5 | J65: 1 | O65: =ROUND(CP65,2) -> 3857.88 | P65: =ROUND(CQ65*I65,2) -> 3857.88 | Q65: =ROUND(CR65*I65,2) -> 0 | R65: =ROUND(CS65*I65,2) -> 0 | S65: =ROUND(CT65*I65,2) -> 0 | T65: =ROUND(CU65*I65,2) -> 0 | U65: =CV65*I65 -> 0 | V65: =CW65*I65 -> 0 | W65: =ROUND(CX65*I65,2) -> 0 | X65: =ROUND(CY65,2) -> 0 | Y65: =ROUND(CZ65,2) -> 0 | AA65: 39650538 | AB65: =ROUND((AC65+AD65+AF65),6) -> 113.97 | AC65: =ROUND((ES65),6) -> 113.97 | AD65: =ROUND((((ET65)-(EU65))+AE65),6) -> 0 | AE65: =ROUND((EU65),6) -> 0 | AF65: =ROUND((EV65),6) -> 0 | AG65: =ROUND((AP65),6) -> 0 | AH65: =(EW65) -> 0 | AI65: =(EX65) -> 0 | AJ65: =(AS65) -> 0 | AK65: 113.97 | AL65: 113.97 | AM65: 0 | AN65: 0 | AO65: 0 | AP65: 0 | AQ65: 0 | AR65: 0 | AS65: 0 | AT65: 92 | AU65: 65 | AV65: 1 | AW65: 1 | AZ65: 6.77 | BA65: 1 | BB65: 1 | BC65: 6.77 | BH65: 3 | BI65: 2 | BJ65: ФССЦ-2001, 61.2.04.07-0010, приказ Минстроя России №1039/пр от 30.12.2016г. | BM65: 110004 | BN65: 0 | BP65: 0 | BQ65: 3 | BR65: 0 | BS65: 1 | BT65: 1 | BU65: 1 | BV65: 1 | BW65: 1 | BX65: 1 | BZ65: 92 | CA65: 65 | CE65: 0 | CF65: 0 | CG65: 0 | CM65: 0 | CO65: 0 | CP65: =(P65+Q65+S65) -> 3857.88 | CQ65: =AC65*BC65 -> 771.5769 | CR65: =AD65*BB65 -> 0 | CS65: =AE65*BS65 -> 0 | CT65: =AF65*BA65 -> 0 | CU65: =AG65 -> 0 | CV65: =AH65 -> 0 | CW65: =AI65 -> 0 | CX65: =AJ65 -> 0 | CY65: =(((S65+R65)*AT65)/100) -> 0 | CZ65: =(((S65+R65)*AU65)/100) -> 0 | DN65: 0 | DO65: 0 | DP65: 1 | DQ65: 1 | DU65: 1010 | DV65: шт. | DW65: шт. | DX65: 1 | EE65: 39174390 | EF65: 3 | EG65: Монтажные работы | EH65: 0 | EJ65: 2 | EK65: 110004 | EL65: Связь: монтаж теле- радио оборудования ( отдел 4 и 5 ) - (при устройстве средств посадки самолетов : НР=95%, СП=55% - {АВИА}=1) | EM65: мФЕР-10 | EQ65: 0 | ER65: 113.97 | ES65: 113.97 | ET65: 0 | EU65: 0 | EV65: 0 | EW65: 0 | EX65: 0 | FQ65: 0 | FR65: =ROUND(IF(AND(BH65=3,BI65=3),P65,0),2) -> 0 | FS65: 0 | FX65: 92 | FY65: 65 | GD65: 1 | GF65: -1812735390 | GG65: 1 | GH65: 1 | GI65: 4 | GJ65: 0 | GK65: 0 | GL65: =ROUND(IF(AND(BH65=3,BI65=3,FS65<>0),P65,0),2) -> 0 | GM65: =ROUND(O65+X65+Y65,2)+GX65 -> 3857.88 | GN65: =IF(OR(BI65=0,BI65=1),ROUND(O65+X65+Y65,2),0) -> 0 | GO65: =IF(BI65=2,ROUND(O65+X65+Y65,2),0) -> 3857.88 | GP65: =IF(BI65=4,ROUND(O65+X65+Y65,2)+GX65,0) -> 0 | GR65: 0 | GS65: 0 | GT65: 0 | GV65: =ROUND((GT65),6) -> 0 | GW65: 1 | GX65: =ROUND(HC65*I65,2) -> 0 | HA65: 0 | HB65: 0 | HC65: =GV65*GW65 -> 0 | IK65: 0
A66: 17 | B66: 1 | C66: =ROW(SmtRes!A143) -> 143 | D66: =ROW(EtalonRes!A124) -> 124 | E66: 9 | F66: м08-01-081-02 | G66: Аппарат (кнопка, ключ управления, замок электромагнитной блокировки, звуковой сигнал, сигнальная лампа) управления и сигнализации, количество подключаемых концов до 6 | H66: ШТ | I66: 2 | J66: 0 | O66: =ROUND(CP66,2) -> 50.07 | P66: =ROUND(CQ66*I66,2) -> 1.52 | Q66: =ROUND(CR66*I66,2) -> 19.2 | R66: =ROUND(CS66*I66,2) -> 2.7 | S66: =ROUND(CT66*I66,2) -> 29.35 | T66: =ROUND(CU66*I66,2) -> 0 | U66: =CV66*I66 -> 3.051 | V66: =CW66*I66 -> 0.216 | W66: =ROUND(CX66*I66,2) -> 0 | X66: =ROUND(CY66,2) -> 30.45 | Y66: =ROUND(CZ66,2) -> 20.83 | AA66: 39650536 | AB66: =ROUND((AC66+AD66+AF66),6) -> 25.033 | AC66: =ROUND((ES66),6) -> 0.76 | AD66: =ROUND(((((ET66*1.35))-((EU66*1.35)))+AE66),6) -> 9.5985 | AE66: =ROUND(((EU66*1.35)),6) -> 1.35 | AF66: =ROUND(((EV66*1.35)),6) -> 14.6745 | AG66: =ROUND((AP66),6) -> 0 | AH66: =((EW66*1.35)) -> 1.5255 | AI66: =((EX66*1.35)) -> 0.108 | AJ66: =(AS66) -> 0 | AK66: 18.74 | AL66: 0.76 | AM66: 7.11 | AN66: 1 | AO66: 10.87 | AP66: 0 | AQ66: 1.13 | AR66: 0.08 | AS66: 0 | AT66: 95 | AU66: 65 | AV66: 1 | AW66: 1 | AZ66: 1 | BA66: 1 | BB66: 1 | BC66: 1 | BH66: 0 | BI66: 2 | BJ66: ФЕРм-2001, м08-01-081-02, приказ Минстроя России №1039/пр от 30.12.2016г. | BM66: 108001 | BN66: 0 | BP66: 0 | BQ66: 3 | BR66: 0 | BS66: 1 | BT66: 1 | BU66: 1 | BV66: 1 | BW66: 1 | BX66: 1 | BZ66: 95 | CA66: 65 | CE66: 0 | CF66: 0 | CG66: 0 | CM66: 0 | CN66: Поправка: Прил.2, Табл.3, п. 6 Наименование: Производство ремонтно-строительных работ осуществляется внутри работающих трансформаторных и распределительных подстанций, в электропомещениях (щитовые, пультовые, подстанции, реакторные, РУ и пункты, кабельные шахты, тоннели и каналы, кабельные полуэтажи) с действующим электрооборудованием или кабельными линиями под напряжением | CO66: 0 | CP66: =(P66+Q66+S66) -> 50.07 | CQ66: =AC66*BC66 -> 0.76 | CR66: =AD66*BB66 -> 9.5985 | CS66: =AE66*BS66 -> 1.35 | CT66: =AF66*BA66 -> 14.6745 | CU66: =AG66 -> 0 | CV66: =AH66 -> 1.5255 | CW66: =AI66 -> 0.108 | CX66: =AJ66 -> 0 | CY66: =(((S66+R66)*AT66)/100) -> 30.4475 | CZ66: =(((S66+R66)*AU66)/100) -> 20.8325 | DE66: )*1,35 | DF66: )*1,35 | DG66: )*1,35 | DI66: )*1,35 | DJ66: )*1,35 | DN66: 0 | DO66: 0 | DP66: 1 | DQ66: 1 | DU66: 1013 | DV66: ШТ | DW66: ШТ | DX66: 1 | EE66: 39174386 | EF66: 3 | EG66: Монтажные работы | EH66: 0 | EJ66: 2 | EK66: 108001 | EL66: Электромонтажные работы , отдел 01-03 : ( на АЭС НР = 110% ) - (работы по упр. авиа.- движением: СП=55% ( {АВИА}=1; обычные работы : СП=65 - {AВИА}=0), при работе на АЭС СП= 68% ) | EM66: мФЕР-08 | EO66: Поправка: Прил.2, Табл.3, п. 6 | EQ66: 131072 | ER66: 18.74 | ES66: 0.76 | ET66: 7.11 | EU66: 1 | EV66: 10.87 | EW66: 1.13 | EX66: 0.08 | EY66: 0 | FQ66: 0 | FR66: =ROUND(IF(AND(BH66=3,BI66=3),P66,0),2) -> 0 | FS66: 0 | FX66: 95 | FY66: 65 | GD66: 1 | GF66: 2033015479 | GG66: 1 | GH66: 1 | GI66: -2 | GJ66: 0 | GK66: 0 | GL66: =ROUND(IF(AND(BH66=3,BI66=3,FS66<>0),P66,0),2) -> 0 | GM66: =ROUND(O66+X66+Y66,2)+GX66 -> 101.35 | GN66: =IF(OR(BI66=0,BI66=1),ROUND(O66+X66+Y66,2),0) -> 0 | GO66: =IF(BI66=2,ROUND(O66+X66+Y66,2),0) -> 101.35 | GP66: =IF(BI66=4,ROUND(O66+X66+Y66,2)+GX66,0) -> 0 | GR66: 0 | GS66: 3 | GT66: 0 | GV66: =ROUND((GT66),6) -> 0 | GW66: 1 | GX66: =ROUND(HC66*I66,2) -> 0 | HA66: 0 | HB66: 0 | HC66: =GV66*GW66 -> 0 | IK66: 0
A67: 17 | B67: 1 | C67: =ROW(SmtRes!A150) -> 150 | D67: =ROW(EtalonRes!A130) -> 130 | E67: 9 | F67: м08-01-081-02 | G67: Аппарат (кнопка, ключ управления, замок электромагнитной блокировки, звуковой сигнал, сигнальная лампа) управления и сигнализации, количество подключаемых концов до 6 | H67: ШТ | I67: 2 | J67: 0 | O67: =ROUND(CP67,2) -> 338.94 | P67: =ROUND(CQ67*I67,2) -> 10.29 | Q67: =ROUND(CR67*I67,2) -> 129.96 | R67: =ROUND(CS67*I67,2) -> 18.28 | S67: =ROUND(CT67*I67,2) -> 198.69 | T67: =ROUND(CU67*I67,2) -> 0 | U67: =CV67*I67 -> 3.051 | V67: =CW67*I67 -> 0.216 | W67: =ROUND(CX67*I67,2) -> 0 | X67: =ROUND(CY67,2) -> 206.12 | Y67: =ROUND(CZ67,2) -> 141.03 | AA67: 39650538 | AB67: =ROUND((AC67+AD67+AF67),6) -> 25.033 | AC67: =ROUND((ES67),6) -> 0.76 | AD67: =ROUND(((((ET67*1.35))-((EU67*1.35)))+AE67),6) -> 9.5985 | AE67: =ROUND(((EU67*1.35)),6) -> 1.35 | AF67: =ROUND(((EV67*1.35)),6) -> 14.6745 | AG67: =ROUND((AP67),6) -> 0 | AH67: =((EW67*1.35)) -> 1.5255 | AI67: =((EX67*1.35)) -> 0.108 | AJ67: =(AS67) -> 0 | AK67: 18.74 | AL67: 0.76 | AM67: 7.11 | AN67: 1 | AO67: 10.87 | AP67: 0 | AQ67: 1.13 | AR67: 0.08 | AS67: 0 | AT67: 95 | AU67: 65 | AV67: 1 | AW67: 1 | AZ67: 6.77 | BA67: 6.77 | BB67: 6.77 | BC67: 6.77 | BH67: 0 | BI67: 2 | BJ67: ФЕРм-2001, м08-01-081-02, приказ Минстроя России №1039/пр от 30.12.2016г. | BM67: 108001 | BN67: 0 | BP67: 0 | BQ67: 3 | BR67: 0 | BS67: 6.77 | BT67: 1 | BU67: 1 | BV67: 1 | BW67: 1 | BX67: 1 | BZ67: 95 | CA67: 65 | CE67: 0 | CF67: 0 | CG67: 0 | CM67: 0 | CN67: Поправка: Прил.2, Табл.3, п. 6 Наименование: Производство ремонтно-строительных работ осуществляется внутри работающих трансформаторных и распределительных подстанций, в электропомещениях (щитовые, пультовые, подстанции, реакторные, РУ и пункты, кабельные шахты, тоннели и каналы, кабельные полуэтажи) с действующим электрооборудованием или кабельными линиями под напряжением | CO67: 0 | CP67: =(P67+Q67+S67) -> 338.94 | CQ67: =AC67*BC67 -> 5.1452 | CR67: =AD67*BB67 -> 64.981845 | CS67: =AE67*BS67 -> 9.1395 | CT67: =AF67*BA67 -> 99.346365 | CU67: =AG67 -> 0 | CV67: =AH67 -> 1.5255 | CW67: =AI67 -> 0.108 | CX67: =AJ67 -> 0 | CY67: =(((S67+R67)*AT67)/100) -> 206.1215 | CZ67: =(((S67+R67)*AU67)/100) -> 141.0305 | DE67: )*1,35 | DF67: )*1,35 | DG67: )*1,35 | DI67: )*1,35 | DJ67: )*1,35 | DN67: 0 | DO67: 0 | DP67: 1 | DQ67: 1 | DU67: 1013 | DV67: ШТ | DW67: ШТ | DX67: 1 | EE67: 39174386 | EF67: 3 | EG67: Монтажные работы | EH67: 0 | EJ67: 2 | EK67: 108001 | EL67: Электромонтажные работы , отдел 01-03 : ( на АЭС НР = 110% ) - (работы по упр. авиа.- движением: СП=55% ( {АВИА}=1; обычные работы : СП=65 - {AВИА}=0), при работе на АЭС СП= 68% ) | EM67: мФЕР-08 | EO67: Поправка: Прил.2, Табл.3, п. 6 | EQ67: 131072 | ER67: 18.74 | ES67: 0.76 | ET67: 7.11 | EU67: 1 | EV67: 10.87 | EW67: 1.13 | EX67: 0.08 | EY67: 0 | FQ67: 0 | FR67: =ROUND(IF(AND(BH67=3,BI67=3),P67,0),2) -> 0 | FS67: 0 | FX67: 95 | FY67: 65 | GD67: 1 | GF67: 2033015479 | GG67: 1 | GH67: 1 | GI67: 4 | GJ67: 0 | GK67: 0 | GL67: =ROUND(IF(AND(BH67=3,BI67=3,FS67<>0),P67,0),2) -> 0 | GM67: =ROUND(O67+X67+Y67,2)+GX67 -> 686.09 | GN67: =IF(OR(BI67=0,BI67=1),ROUND(O67+X67+Y67,2),0) -> 0 | GO67: =IF(BI67=2,ROUND(O67+X67+Y67,2),0) -> 686.09 | GP67: =IF(BI67=4,ROUND(O67+X67+Y67,2)+GX67,0) -> 0 | GR67: 0 | GS67: 0 | GT67: 0 | GV67: =ROUND((GT67),6) -> 0 | GW67: 1 | GX67: =ROUND(HC67*I67,2) -> 0 | HA67: 0 | HB67: 0 | HC67: =GV67*GW67 -> 0 | IK67: 0
A68: 18 | B68: 1 | C68: 142 | E68: 9,1 | F68: 61.2.04.03-0007 | G68: Ключ Touch Memori с держателем | H68: 10 шт. | I68: =I66*J68 -> 0.2 | J68: 0.1 | O68: =ROUND(CP68,2) -> 198.7 | P68: =ROUND(CQ68*I68,2) -> 198.7 | Q68: =ROUND(CR68*I68,2) -> 0 | R68: =ROUND(CS68*I68,2) -> 0 | S68: =ROUND(CT68*I68,2) -> 0 | T68: =ROUND(CU68*I68,2) -> 0 | U68: =CV68*I68 -> 0 | V68: =CW68*I68 -> 0 | W68: =ROUND(CX68*I68,2) -> 0 | X68: =ROUND(CY68,2) -> 0 | Y68: =ROUND(CZ68,2) -> 0 | AA68: 39650536 | AB68: =ROUND((AC68+AD68+AF68),6) -> 993.5 | AC68: =ROUND((ES68),6) -> 993.5 | AD68: =ROUND((((ET68)-(EU68))+AE68),6) -> 0 | AE68: =ROUND((EU68),6) -> 0 | AF68: =ROUND((EV68),6) -> 0 | AG68: =ROUND((AP68),6) -> 0 | AH68: =(EW68) -> 0 | AI68: =(EX68) -> 0 | AJ68: =(AS68) -> 0 | AK68: 993.5 | AL68: 993.5 | AM68: 0 | AN68: 0 | AO68: 0 | AP68: 0 | AQ68: 0 | AR68: 0 | AS68: 0 | AT68: 95 | AU68: 65 | AV68: 1 | AW68: 1 | AZ68: 1 | BA68: 1 | BB68: 1 | BC68: 1 | BH68: 3 | BI68: 2 | BJ68: ФССЦ-2001, 61.2.04.03-0007, приказ Минстроя России №1039/пр от 30.12.2016г. | BM68: 108001 | BN68: 0 | BP68: 0 | BQ68: 3 | BR68: 0 | BS68: 1 | BT68: 1 | BU68: 1 | BV68: 1 | BW68: 1 | BX68: 1 | BZ68: 95 | CA68: 65 | CE68: 0 | CF68: 0 | CG68: 0 | CM68: 0 | CO68: 0 | CP68: =(P68+Q68+S68) -> 198.7 | CQ68: =AC68*BC68 -> 993.5 | CR68: =AD68*BB68 -> 0 | CS68: =AE68*BS68 -> 0 | CT68: =AF68*BA68 -> 0 | CU68: =AG68 -> 0 | CV68: =AH68 -> 0 | CW68: =AI68 -> 0 | CX68: =AJ68 -> 0 | CY68: =(((S68+R68)*AT68)/100) -> 0 | CZ68: =(((S68+R68)*AU68)/100) -> 0 | DN68: 0 | DO68: 0 | DP68: 1 | DQ68: 1 | DU68: 1010 | DV68: 10 шт. | DW68: 10 шт. | DX68: 10 | EE68: 39174386 | EF68: 3 | EG68: Монтажные работы | EH68: 0 | EJ68: 2 | EK68: 108001 | EL68: Электромонтажные работы , отдел 01-03 : ( на АЭС НР = 110% ) - (работы по упр. авиа.- движением: СП=55% ( {АВИА}=1; обычные работы : СП=65 - {AВИА}=0), при работе на АЭС СП= 68% ) | EM68: мФЕР-08 | EQ68: 0 | ER68: 993.5 | ES68: 993.5 | ET68: 0 | EU68: 0 | EV68: 0 | EW68: 0 | EX68: 0 | FQ68: 0 | FR68: =ROUND(IF(AND(BH68=3,BI68=3),P68,0),2) -> 0 | FS68: 0 | FX68: 95 | FY68: 65 | GD68: 1 | GF68: 1516669058 | GG68: 2 | GH68: 1 | GI68: -2 | GJ68: 0 | GK68: 0 | GL68: =ROUND(IF(AND(BH68=3,BI68=3,FS68<>0),P68,0),2) -> 0 | GM68: =ROUND(O68+X68+Y68,2)+GX68 -> 198.7 | GN68: =IF(OR(BI68=0,BI68=1),ROUND(O68+X68+Y68,2),0) -> 0 | GO68: =IF(BI68=2,ROUND(O68+X68+Y68,2),0) -> 198.7 | GP68: =IF(BI68=4,ROUND(O68+X68+Y68,2)+GX68,0) -> 0 | GR68: 0 | GS68: 3 | GT68: 0 | GV68: =ROUND((GT68),6) -> 0 | GW68: 1 | GX68: =ROUND(HC68*I68,2) -> 0 | HA68: 0 | HB68: 0 | HC68: =GV68*GW68 -> 0 | IK68: 0
A69: 18 | B69: 1 | C69: 149 | E69: 9,1 | F69: 61.2.04.03-0007 | G69: Ключ Touch Memori с держателем | H69: 10 шт. | I69: =I67*J69 -> 0.2 | J69: 0.1 | O69: =ROUND(CP69,2) -> 1345.2 | P69: =ROUND(CQ69*I69,2) -> 1345.2 | Q69: =ROUND(CR69*I69,2) -> 0 | R69: =ROUND(CS69*I69,2) -> 0 | S69: =ROUND(CT69*I69,2) -> 0 | T69: =ROUND(CU69*I69,2) -> 0 | U69: =CV69*I69 -> 0 | V69: =CW69*I69 -> 0 | W69: =ROUND(CX69*I69,2) -> 0 | X69: =ROUND(CY69,2) -> 0 | Y69: =ROUND(CZ69,2) -> 0 | AA69: 39650538 | AB69: =ROUND((AC69+AD69+AF69),6) -> 993.5 | AC69: =ROUND((ES69),6) -> 993.5 | AD69: =ROUND((((ET69)-(EU69))+AE69),6) -> 0 | AE69: =ROUND((EU69),6) -> 0 | AF69: =ROUND((EV69),6) -> 0 | AG69: =ROUND((AP69),6) -> 0 | AH69: =(EW69) -> 0 | AI69: =(EX69) -> 0 | AJ69: =(AS69) -> 0 | AK69: 993.5 | AL69: 993.5 | AM69: 0 | AN69: 0 | AO69: 0 | AP69: 0 | AQ69: 0 | AR69: 0 | AS69: 0 | AT69: 95 | AU69: 65 | AV69: 1 | AW69: 1 | AZ69: 6.77 | BA69: 1 | BB69: 1 | BC69: 6.77 | BH69: 3 | BI69: 2 | BJ69: ФССЦ-2001, 61.2.04.03-0007, приказ Минстроя России №1039/пр от 30.12.2016г. | BM69: 108001 | BN69: 0 | BP69: 0 | BQ69: 3 | BR69: 0 | BS69: 1 | BT69: 1 | BU69: 1 | BV69: 1 | BW69: 1 | BX69: 1 | BZ69: 95 | CA69: 65 | CE69: 0 | CF69: 0 | CG69: 0 | CM69: 0 | CO69: 0 | CP69: =(P69+Q69+S69) -> 1345.2 | CQ69: =AC69*BC69 -> 6725.995 | CR69: =AD69*BB69 -> 0 | CS69: =AE69*BS69 -> 0 | CT69: =AF69*BA69 -> 0 | CU69: =AG69 -> 0 | CV69: =AH69 -> 0 | CW69: =AI69 -> 0 | CX69: =AJ69 -> 0 | CY69: =(((S69+R69)*AT69)/100) -> 0 | CZ69: =(((S69+R69)*AU69)/100) -> 0 | DN69: 0 | DO69: 0 | DP69: 1 | DQ69: 1 | DU69: 1010 | DV69: 10 шт. | DW69: 10 шт. | DX69: 10 | EE69: 39174386 | EF69: 3 | EG69: Монтажные работы | EH69: 0 | EJ69: 2 | EK69: 108001 | EL69: Электромонтажные работы , отдел 01-03 : ( на АЭС НР = 110% ) - (работы по упр. авиа.- движением: СП=55% ( {АВИА}=1; обычные работы : СП=65 - {AВИА}=0), при работе на АЭС СП= 68% ) | EM69: мФЕР-08 | EQ69: 0 | ER69: 993.5 | ES69: 993.5 | ET69: 0 | EU69: 0 | EV69: 0 | EW69: 0 | EX69: 0 | FQ69: 0 | FR69: =ROUND(IF(AND(BH69=3,BI69=3),P69,0),2) -> 0 | FS69: 0 | FX69: 95 | FY69: 65 | GD69: 1 | GF69: 1516669058 | GG69: 1 | GH69: 1 | GI69: 4 | GJ69: 0 | GK69: 0 | GL69: =ROUND(IF(AND(BH69=3,BI69=3,FS69<>0),P69,0),2) -> 0 | GM69: =ROUND(O69+X69+Y69,2)+GX69 -> 1345.2 | GN69: =IF(OR(BI69=0,BI69=1),ROUND(O69+X69+Y69,2),0) -> 0 | GO69: =IF(BI69=2,ROUND(O69+X69+Y69,2),0) -> 1345.2 | GP69: =IF(BI69=4,ROUND(O69+X69+Y69,2)+GX69,0) -> 0 | GR69: 0 | GS69: 3 | GT69: 0 | GV69: =ROUND((GT69),6) -> 0 | GW69: 1 | GX69: =ROUND(HC69*I69,2) -> 0 | HA69: 0 | HB69: 0 | HC69: =GV69*GW69 -> 0 | IK69: 0
A70: 17 | B70: 1 | C70: =ROW(SmtRes!A156) -> 156 | D70: =ROW(EtalonRes!A135) -> 135 | E70: 10 | F70: м10-04-101-07 | G70: Громкоговоритель или звуковая колонка в помещении | H70: ШТ | I70: 2 | J70: 0 | O70: =ROUND(CP70,2) -> 74.24 | P70: =ROUND(CQ70*I70,2) -> 25.26 | Q70: =ROUND(CR70*I70,2) -> 0 | R70: =ROUND(CS70*I70,2) -> 0 | S70: =ROUND(CT70*I70,2) -> 48.98 | T70: =ROUND(CU70*I70,2) -> 0 | U70: =CV70*I70 -> 5.4 | V70: =CW70*I70 -> 0 | W70: =ROUND(CX70*I70,2) -> 0 | X70: =ROUND(CY70,2) -> 45.06 | Y70: =ROUND(CZ70,2) -> 31.84 | AA70: 39650536 | AB70: =ROUND((AC70+AD70+AF70),6) -> 37.119 | AC70: =ROUND((ES70),6) -> 12.63 | AD70: =ROUND(((((ET70*1.35))-((EU70*1.35)))+AE70),6) -> 0 | AE70: =ROUND(((EU70*1.35)),6) -> 0 | AF70: =ROUND(((EV70*1.35)),6) -> 24.489 | AG70: =ROUND((AP70),6) -> 0 | AH70: =((EW70*1.35)) -> 2.7 | AI70: =((EX70*1.35)) -> 0 | AJ70: =(AS70) -> 0 | AK70: 30.77 | AL70: 12.63 | AM70: 0 | AN70: 0 | AO70: 18.14 | AP70: 0 | AQ70: 2 | AR70: 0 | AS70: 0 | AT70: 92 | AU70: 65 | AV70: 1 | AW70: 1 | AZ70: 1 | BA70: 1 | BB70: 1 | BC70: 1 | BH70: 0 | BI70: 2 | BJ70: ФЕРм-2001, м10-04-101-07, приказ Минстроя России №1039/пр от 30.12.2016г. | BM70: 110004 | BN70: 0 | BP70: 0 | BQ70: 3 | BR70: 0 | BS70: 1 | BT70: 1 | BU70: 1 | BV70: 1 | BW70: 1 | BX70: 1 | BZ70: 92 | CA70: 65 | CE70: 0 | CF70: 0 | CG70: 0 | CM70: 0 | CN70: Поправка: Прил.2, Табл.3, п. 6 Наименование: Производство ремонтно-строительных работ осуществляется внутри работающих трансформаторных и распределительных подстанций, в электропомещениях (щитовые, пультовые, подстанции, реакторные, РУ и пункты, кабельные шахты, тоннели и каналы, кабельные полуэтажи) с действующим электрооборудованием или кабельными линиями под напряжением | CO70: 0 | CP70: =(P70+Q70+S70) -> 74.24 | CQ70: =AC70*BC70 -> 12.63 | CR70: =AD70*BB70 -> 0 | CS70: =AE70*BS70 -> 0 | CT70: =AF70*BA70 -> 24.489 | CU70: =AG70 -> 0 | CV70: =AH70 -> 2.7 | CW70: =AI70 -> 0 | CX70: =AJ70 -> 0 | CY70: =(((S70+R70)*AT70)/100) -> 45.0616 | CZ70: =(((S70+R70)*AU70)/100) -> 31.837 | DE70: )*1,35 | DF70: )*1,35 | DG70: )*1,35 | DI70: )*1,35 | DJ70: )*1,35 | DN70: 0 | DO70: 0 | DP70: 1 | DQ70: 1 | DU70: 1013 | DV70: ШТ | DW70: ШТ | DX70: 1 | EE70: 39174390 | EF70: 3 | EG70: Монтажные работы | EH70: 0 | EJ70: 2 | EK70: 110004 | EL70: Связь: монтаж теле- радио оборудования ( отдел 4 и 5 ) - (при устройстве средств посадки самолетов : НР=95%, СП=55% - {АВИА}=1) | EM70: мФЕР-10 | EO70: Поправка: Прил.2, Табл.3, п. 6 | EQ70: 131072 | ER70: 30.77 | ES70: 12.63 | ET70: 0 | EU70: 0 | EV70: 18.14 | EW70: 2 | EX70: 0 | EY70: 0 | FQ70: 0 | FR70: =ROUND(IF(AND(BH70=3,BI70=3),P70,0),2) -> 0 | FS70: 0 | FX70: 92 | FY70: 65 | GD70: 1 | GF70: -1929198871 | GG70: 1 | GH70: 1 | GI70: -2 | GJ70: 0 | GK70: 0 | GL70: =ROUND(IF(AND(BH70=3,BI70=3,FS70<>0),P70,0),2) -> 0 | GM70: =ROUND(O70+X70+Y70,2)+GX70 -> 151.14 | GN70: =IF(OR(BI70=0,BI70=1),ROUND(O70+X70+Y70,2),0) -> 0 | GO70: =IF(BI70=2,ROUND(O70+X70+Y70,2),0) -> 151.14 | GP70: =IF(BI70=4,ROUND(O70+X70+Y70,2)+GX70,0) -> 0 | GR70: 0 | GS70: 3 | GT70: 0 | GV70: =ROUND((GT70),6) -> 0 | GW70: 1 | GX70: =ROUND(HC70*I70,2) -> 0 | HA70: 0 | HB70: 0 | HC70: =GV70*GW70 -> 0 | IK70: 0
A71: 17 | B71: 1 | C71: =ROW(SmtRes!A162) -> 162 | D71: =ROW(EtalonRes!A140) -> 140 | E71: 10 | F71: м10-04-101-07 | G71: Громкоговоритель или звуковая колонка в помещении | H71: ШТ | I71: 2 | J71: 0 | O71: =ROUND(CP71,2) -> 502.59 | P71: =ROUND(CQ71*I71,2) -> 171.01 | Q71: =ROUND(CR71*I71,2) -> 0 | R71: =ROUND(CS71*I71,2) -> 0 | S71: =ROUND(CT71*I71,2) -> 331.58 | T71: =ROUND(CU71*I71,2) -> 0 | U71: =CV71*I71 -> 5.4 | V71: =CW71*I71 -> 0 | W71: =ROUND(CX71*I71,2) -> 0 | X71: =ROUND(CY71,2) -> 305.05 | Y71: =ROUND(CZ71,2) -> 215.53 | AA71: 39650538 | AB71: =ROUND((AC71+AD71+AF71),6) -> 37.119 | AC71: =ROUND((ES71),6) -> 12.63 | AD71: =ROUND(((((ET71*1.35))-((EU71*1.35)))+AE71),6) -> 0 | AE71: =ROUND(((EU71*1.35)),6) -> 0 | AF71: =ROUND(((EV71*1.35)),6) -> 24.489 | AG71: =ROUND((AP71),6) -> 0 | AH71: =((EW71*1.35)) -> 2.7 | AI71: =((EX71*1.35)) -> 0 | AJ71: =(AS71) -> 0 | AK71: 30.77 | AL71: 12.63 | AM71: 0 | AN71: 0 | AO71: 18.14 | AP71: 0 | AQ71: 2 | AR71: 0 | AS71: 0 | AT71: 92 | AU71: 65 | AV71: 1 | AW71: 1 | AZ71: 6.77 | BA71: 6.77 | BB71: 6.77 | BC71: 6.77 | BH71: 0 | BI71: 2 | BJ71: ФЕРм-2001, м10-04-101-07, приказ Минстроя России №1039/пр от 30.12.2016г. | BM71: 110004 | BN71: 0 | BP71: 0 | BQ71: 3 | BR71: 0 | BS71: 6.77 | BT71: 1 | BU71: 1 | BV71: 1 | BW71: 1 | BX71: 1 | BZ71: 92 | CA71: 65 | CE71: 0 | CF71: 0 | CG71: 0 | CM71: 0 | CN71: Поправка: Прил.2, Табл.3, п. 6 Наименование: Производство ремонтно-строительных работ осуществляется внутри работающих трансформаторных и распределительных подстанций, в электропомещениях (щитовые, пультовые, подстанции, реакторные, РУ и пункты, кабельные шахты, тоннели и каналы, кабельные полуэтажи) с действующим электрооборудованием или кабельными линиями под напряжением | CO71: 0 | CP71: =(P71+Q71+S71) -> 502.59 | CQ71: =AC71*BC71 -> 85.5051 | CR71: =AD71*BB71 -> 0 | CS71: =AE71*BS71 -> 0 | CT71: =AF71*BA71 -> 165.79053 | CU71: =AG71 -> 0 | CV71: =AH71 -> 2.7 | CW71: =AI71 -> 0 | CX71: =AJ71 -> 0 | CY71: =(((S71+R71)*AT71)/100) -> 305.0536 | CZ71: =(((S71+R71)*AU71)/100) -> 215.527 | DE71: )*1,35 | DF71: )*1,35 | DG71: )*1,35 | DI71: )*1,35 | DJ71: )*1,35 | DN71: 0 | DO71: 0 | DP71: 1 | DQ71: 1 | DU71: 1013 | DV71: ШТ | DW71: ШТ | DX71: 1 | EE71: 39174390 | EF71: 3 | EG71: Монтажные работы | EH71: 0 | EJ71: 2 | EK71: 110004 | EL71: Связь: монтаж теле- радио оборудования ( отдел 4 и 5 ) - (при устройстве средств посадки самолетов : НР=95%, СП=55% - {АВИА}=1) | EM71: мФЕР-10 | EO71: Поправка: Прил.2, Табл.3, п. 6 | EQ71: 131072 | ER71: 30.77 | ES71: 12.63 | ET71: 0 | EU71: 0 | EV71: 18.14 | EW71: 2 | EX71: 0 | EY71: 0 | FQ71: 0 | FR71: =ROUND(IF(AND(BH71=3,BI71=3),P71,0),2) -> 0 | FS71: 0 | FX71: 92 | FY71: 65 | GD71: 1 | GF71: -1929198871 | GG71: 1 | GH71: 1 | GI71: 4 | GJ71: 0 | GK71: 0 | GL71: =ROUND(IF(AND(BH71=3,BI71=3,FS71<>0),P71,0),2) -> 0 | GM71: =ROUND(O71+X71+Y71,2)+GX71 -> 1023.17 | GN71: =IF(OR(BI71=0,BI71=1),ROUND(O71+X71+Y71,2),0) -> 0 | GO71: =IF(BI71=2,ROUND(O71+X71+Y71,2),0) -> 1023.17 | GP71: =IF(BI71=4,ROUND(O71+X71+Y71,2)+GX71,0) -> 0 | GR71: 0 | GS71: 0 | GT71: 0 | GV71: =ROUND((GT71),6) -> 0 | GW71: 1 | GX71: =ROUND(HC71*I71,2) -> 0 | HA71: 0 | HB71: 0 | HC71: =GV71*GW71 -> 0 | IK71: 0
A72: 18 | B72: 1 | C72: 155 | E72: 10,1 | F72: 61.2.04.05-0013 | G72: Оповещатель звуковой, марка "Маяк-24-ЗМ" | H72: 10 шт. | I72: =I70*J72 -> 0.2 | J72: 0.1 | O72: =ROUND(CP72,2) -> 62.24 | P72: =ROUND(CQ72*I72,2) -> 62.24 | Q72: =ROUND(CR72*I72,2) -> 0 | R72: =ROUND(CS72*I72,2) -> 0 | S72: =ROUND(CT72*I72,2) -> 0 | T72: =ROUND(CU72*I72,2) -> 0 | U72: =CV72*I72 -> 0 | V72: =CW72*I72 -> 0 | W72: =ROUND(CX72*I72,2) -> 0 | X72: =ROUND(CY72,2) -> 0 | Y72: =ROUND(CZ72,2) -> 0 | AA72: 39650536 | AB72: =ROUND((AC72+AD72+AF72),6) -> 311.2 | AC72: =ROUND((ES72),6) -> 311.2 | AD72: =ROUND((((ET72)-(EU72))+AE72),6) -> 0 | AE72: =ROUND((EU72),6) -> 0 | AF72: =ROUND((EV72),6) -> 0 | AG72: =ROUND((AP72),6) -> 0 | AH72: =(EW72) -> 0 | AI72: =(EX72) -> 0 | AJ72: =(AS72) -> 0 | AK72: 311.2 | AL72: 311.2 | AM72: 0 | AN72: 0 | AO72: 0 | AP72: 0 | AQ72: 0 | AR72: 0 | AS72: 0 | AT72: 92 | AU72: 65 | AV72: 1 | AW72: 1 | AZ72: 1 | BA72: 1 | BB72: 1 | BC72: 1 | BH72: 3 | BI72: 2 | BJ72: ФССЦ-2001, 61.2.04.05-0013, приказ Минстроя России №1039/пр от 30.12.2016г. | BM72: 110004 | BN72: 0 | BP72: 0 | BQ72: 3 | BR72: 0 | BS72: 1 | BT72: 1 | BU72: 1 | BV72: 1 | BW72: 1 | BX72: 1 | BZ72: 92 | CA72: 65 | CE72: 0 | CF72: 0 | CG72: 0 | CM72: 0 | CO72: 0 | CP72: =(P72+Q72+S72) -> 62.24 | CQ72: =AC72*BC72 -> 311.2 | CR72: =AD72*BB72 -> 0 | CS72: =AE72*BS72 -> 0 | CT72: =AF72*BA72 -> 0 | CU72: =AG72 -> 0 | CV72: =AH72 -> 0 | CW72: =AI72 -> 0 | CX72: =AJ72 -> 0 | CY72: =(((S72+R72)*AT72)/100) -> 0 | CZ72: =(((S72+R72)*AU72)/100) -> 0 | DN72: 0 | DO72: 0 | DP72: 1 | DQ72: 1 | DU72: 1010 | DV72: 10 шт. | DW72: 10 шт. | DX72: 10 | EE72: 39174390 | EF72: 3 | EG72: Монтажные работы | EH72: 0 | EJ72: 2 | EK72: 110004 | EL72: Связь: монтаж теле- радио оборудования ( отдел 4 и 5 ) - (при устройстве средств посадки самолетов : НР=95%, СП=55% - {АВИА}=1) | EM72: мФЕР-10 | EQ72: 0 | ER72: 311.2 | ES72: 311.2 | ET72: 0 | EU72: 0 | EV72: 0 | EW72: 0 | EX72: 0 | FQ72: 0 | FR72: =ROUND(IF(AND(BH72=3,BI72=3),P72,0),2) -> 0 | FS72: 0 | FX72: 92 | FY72: 65 | GD72: 1 | GF72: 1129849940 | GG72: 2 | GH72: 1 | GI72: -2 | GJ72: 0 | GK72: 0 | GL72: =ROUND(IF(AND(BH72=3,BI72=3,FS72<>0),P72,0),2) -> 0 | GM72: =ROUND(O72+X72+Y72,2)+GX72 -> 62.24 | GN72: =IF(OR(BI72=0,BI72=1),ROUND(O72+X72+Y72,2),0) -> 0 | GO72: =IF(BI72=2,ROUND(O72+X72+Y72,2),0) -> 62.24 | GP72: =IF(BI72=4,ROUND(O72+X72+Y72,2)+GX72,0) -> 0 | GR72: 0 | GS72: 3 | GT72: 0 | GV72: =ROUND((GT72),6) -> 0 | GW72: 1 | GX72: =ROUND(HC72*I72,2) -> 0 | HA72: 0 | HB72: 0 | HC72: =GV72*GW72 -> 0 | IK72: 0
A73: 18 | B73: 1 | C73: 161 | E73: 10,1 | F73: 61.2.04.05-0013 | G73: Оповещатель звуковой, марка "Маяк-24-ЗМ" | H73: 10 шт. | I73: =I71*J73 -> 0.2 | J73: 0.1 | O73: =ROUND(CP73,2) -> 421.36 | P73: =ROUND(CQ73*I73,2) -> 421.36 | Q73: =ROUND(CR73*I73,2) -> 0 | R73: =ROUND(CS73*I73,2) -> 0 | S73: =ROUND(CT73*I73,2) -> 0 | T73: =ROUND(CU73*I73,2) -> 0 | U73: =CV73*I73 -> 0 | V73: =CW73*I73 -> 0 | W73: =ROUND(CX73*I73,2) -> 0 | X73: =ROUND(CY73,2) -> 0 | Y73: =ROUND(CZ73,2) -> 0 | AA73: 39650538 | AB73: =ROUND((AC73+AD73+AF73),6) -> 311.2 | AC73: =ROUND((ES73),6) -> 311.2 | AD73: =ROUND((((ET73)-(EU73))+AE73),6) -> 0 | AE73: =ROUND((EU73),6) -> 0 | AF73: =ROUND((EV73),6) -> 0 | AG73: =ROUND((AP73),6) -> 0 | AH73: =(EW73) -> 0 | AI73: =(EX73) -> 0 | AJ73: =(AS73) -> 0 | AK73: 311.2 | AL73: 311.2 | AM73: 0 | AN73: 0 | AO73: 0 | AP73: 0 | AQ73: 0 | AR73: 0 | AS73: 0 | AT73: 92 | AU73: 65 | AV73: 1 | AW73: 1 | AZ73: 6.77 | BA73: 1 | BB73: 1 | BC73: 6.77 | BH73: 3 | BI73: 2 | BJ73: ФССЦ-2001, 61.2.04.05-0013, приказ Минстроя России №1039/пр от 30.12.2016г. | BM73: 110004 | BN73: 0 | BP73: 0 | BQ73: 3 | BR73: 0 | BS73: 1 | BT73: 1 | BU73: 1 | BV73: 1 | BW73: 1 | BX73: 1 | BZ73: 92 | CA73: 65 | CE73: 0 | CF73: 0 | CG73: 0 | CM73: 0 | CO73: 0 | CP73: =(P73+Q73+S73) -> 421.36 | CQ73: =AC73*BC73 -> 2106.824 | CR73: =AD73*BB73 -> 0 | CS73: =AE73*BS73 -> 0 | CT73: =AF73*BA73 -> 0 | CU73: =AG73 -> 0 | CV73: =AH73 -> 0 | CW73: =AI73 -> 0 | CX73: =AJ73 -> 0 | CY73: =(((S73+R73)*AT73)/100) -> 0 | CZ73: =(((S73+R73)*AU73)/100) -> 0 | DN73: 0 | DO73: 0 | DP73: 1 | DQ73: 1 | DU73: 1010 | DV73: 10 шт. | DW73: 10 шт. | DX73: 10 | EE73: 39174390 | EF73: 3 | EG73: Монтажные работы | EH73: 0 | EJ73: 2 | EK73: 110004 | EL73: Связь: монтаж теле- радио оборудования ( отдел 4 и 5 ) - (при устройстве средств посадки самолетов : НР=95%, СП=55% - {АВИА}=1) | EM73: мФЕР-10 | EQ73: 0 | ER73: 311.2 | ES73: 311.2 | ET73: 0 | EU73: 0 | EV73: 0 | EW73: 0 | EX73: 0 | FQ73: 0 | FR73: =ROUND(IF(AND(BH73=3,BI73=3),P73,0),2) -> 0 | FS73: 0 | FX73: 92 | FY73: 65 | GD73: 1 | GF73: 1129849940 | GG73: 1 | GH73: 1 | GI73: 4 | GJ73: 0 | GK73: 0 | GL73: =ROUND(IF(AND(BH73=3,BI73=3,FS73<>0),P73,0),2) -> 0 | GM73: =ROUND(O73+X73+Y73,2)+GX73 -> 421.36 | GN73: =IF(OR(BI73=0,BI73=1),ROUND(O73+X73+Y73,2),0) -> 0 | GO73: =IF(BI73=2,ROUND(O73+X73+Y73,2),0) -> 421.36 | GP73: =IF(BI73=4,ROUND(O73+X73+Y73,2)+GX73,0) -> 0 | GR73: 0 | GS73: 3 | GT73: 0 | GV73: =ROUND((GT73),6) -> 0 | GW73: 1 | GX73: =ROUND(HC73*I73,2) -> 0 | HA73: 0 | HB73: 0 | HC73: =GV73*GW73 -> 0 | IK73: 0
A74: 17 | B74: 1 | C74: =ROW(SmtRes!A168) -> 168 | D74: =ROW(EtalonRes!A145) -> 145 | E74: 11 | F74: м10-08-019-01 | G74: Коробка ответвительная на стене | H74: ШТ | I74: 1 | J74: 0 | O74: =ROUND(CP74,2) -> 5.29 | P74: =ROUND(CQ74*I74,2) -> 0.41 | Q74: =ROUND(CR74*I74,2) -> 0 | R74: =ROUND(CS74*I74,2) -> 0 | S74: =ROUND(CT74*I74,2) -> 4.88 | T74: =ROUND(CU74*I74,2) -> 0 | U74: =CV74*I74 -> 0.5 | V74: =CW74*I74 -> 0 | W74: =ROUND(CX74*I74,2) -> 0 | X74: =ROUND(CY74,2) -> 3.9 | Y74: =ROUND(CZ74,2) -> 2.93 | AA74: 39650536 | AB74: =ROUND((AC74+AD74+AF74),6) -> 5.29 | AC74: =ROUND((ES74),6) -> 0.41 | AD74: =ROUND((((ET74)-(EU74))+AE74),6) -> 0 | AE74: =ROUND((EU74),6) -> 0 | AF74: =ROUND((EV74),6) -> 4.88 | AG74: =ROUND((AP74),6) -> 0 | AH74: =(EW74) -> 0.5 | AI74: =(EX74) -> 0 | AJ74: =(AS74) -> 0 | AK74: 5.29 | AL74: 0.41 | AM74: 0 | AN74: 0 | AO74: 4.88 | AP74: 0 | AQ74: 0.5 | AR74: 0 | AS74: 0 | AT74: 80 | AU74: 60 | AV74: 1 | AW74: 1 | AZ74: 1 | BA74: 1 | BB74: 1 | BC74: 1 | BH74: 0 | BI74: 2 | BJ74: ФЕРм-2001, м10-08-019-01, приказ Минстроя России №1039/пр от 30.12.2016г. | BM74: 110011 | BN74: 0 | BP74: 0 | BQ74: 3 | BR74: 0 | BS74: 1 | BT74: 1 | BU74: 1 | BV74: 1 | BW74: 1 | BX74: 1 | BZ74: 80 | CA74: 60 | CE74: 0 | CF74: 0 | CG74: 0 | CM74: 0 | CO74: 0 | CP74: =(P74+Q74+S74) -> 5.29 | CQ74: =AC74*BC74 -> 0.41 | CR74: =AD74*BB74 -> 0 | CS74: =AE74*BS74 -> 0 | CT74: =AF74*BA74 -> 4.88 | CU74: =AG74 -> 0 | CV74: =AH74 -> 0.5 | CW74: =AI74 -> 0 | CX74: =AJ74 -> 0 | CY74: =(((S74+R74)*AT74)/100) -> 3.904 | CZ74: =(((S74+R74)*AU74)/100) -> 2.928 | DN74: 0 | DO74: 0 | DP74: 1 | DQ74: 1 | DU74: 1013 | DV74: ШТ | DW74: ШТ | DX74: 1 | EE74: 39174433 | EF74: 3 | EG74: Монтажные работы | EH74: 0 | EJ74: 2 | EK74: 110011 | EL74: Связь: пожарно-охранная сигнализация и пром. телевиз. установки ( отделы 8 и 9 ) (при устройстве средств посадки самолетов : НР=95%, СП=55% - {АВИА}=1) | EM74: мФЕР-10 | EQ74: 0 | ER74: 5.29 | ES74: 0.41 | ET74: 0 | EU74: 0 | EV74: 4.88 | EW74: 0.5 | EX74: 0 | EY74: 0 | FQ74: 0 | FR74: =ROUND(IF(AND(BH74=3,BI74=3),P74,0),2) -> 0 | FS74: 0 | FX74: 80 | FY74: 60 | GD74: 1 | GF74: 287023441 | GG74: 2 | GH74: 1 | GI74: -2 | GJ74: 0 | GK74: 0 | GL74: =ROUND(IF(AND(BH74=3,BI74=3,FS74<>0),P74,0),2) -> 0 | GM74: =ROUND(O74+X74+Y74,2)+GX74 -> 12.12 | GN74: =IF(OR(BI74=0,BI74=1),ROUND(O74+X74+Y74,2),0) -> 0 | GO74: =IF(BI74=2,ROUND(O74+X74+Y74,2),0) -> 12.12 | GP74: =IF(BI74=4,ROUND(O74+X74+Y74,2)+GX74,0) -> 0 | GR74: 0 | GS74: 3 | GT74: 0 | GV74: =ROUND((GT74),6) -> 0 | GW74: 1 | GX74: =ROUND(HC74*I74,2) -> 0 | HA74: 0 | HB74: 0 | HC74: =GV74*GW74 -> 0 | IK74: 0
A75: 17 | B75: 1 | C75: =ROW(SmtRes!A174) -> 174 | D75: =ROW(EtalonRes!A150) -> 150 | E75: 11 | F75: м10-08-019-01 | G75: Коробка ответвительная на стене | H75: ШТ | I75: 1 | J75: 0 | O75: =ROUND(CP75,2) -> 35.82 | P75: =ROUND(CQ75*I75,2) -> 2.78 | Q75: =ROUND(CR75*I75,2) -> 0 | R75: =ROUND(CS75*I75,2) -> 0 | S75: =ROUND(CT75*I75,2) -> 33.04 | T75: =ROUND(CU75*I75,2) -> 0 | U75: =CV75*I75 -> 0.5 | V75: =CW75*I75 -> 0 | W75: =ROUND(CX75*I75,2) -> 0 | X75: =ROUND(CY75,2) -> 26.43 | Y75: =ROUND(CZ75,2) -> 19.82 | AA75: 39650538 | AB75: =ROUND((AC75+AD75+AF75),6) -> 5.29 | AC75: =ROUND((ES75),6) -> 0.41 | AD75: =ROUND((((ET75)-(EU75))+AE75),6) -> 0 | AE75: =ROUND((EU75),6) -> 0 | AF75: =ROUND((EV75),6) -> 4.88 | AG75: =ROUND((AP75),6) -> 0 | AH75: =(EW75) -> 0.5 | AI75: =(EX75) -> 0 | AJ75: =(AS75) -> 0 | AK75: 5.29 | AL75: 0.41 | AM75: 0 | AN75: 0 | AO75: 4.88 | AP75: 0 | AQ75: 0.5 | AR75: 0 | AS75: 0 | AT75: 80 | AU75: 60 | AV75: 1 | AW75: 1 | AZ75: 6.77 | BA75: 6.77 | BB75: 6.77 | BC75: 6.77 | BH75: 0 | BI75: 2 | BJ75: ФЕРм-2001, м10-08-019-01, приказ Минстроя России №1039/пр от 30.12.2016г. | BM75: 110011 | BN75: 0 | BP75: 0 | BQ75: 3 | BR75: 0 | BS75: 6.77 | BT75: 1 | BU75: 1 | BV75: 1 | BW75: 1 | BX75: 1 | BZ75: 80 | CA75: 60 | CE75: 0 | CF75: 0 | CG75: 0 | CM75: 0 | CO75: 0 | CP75: =(P75+Q75+S75) -> 35.82 | CQ75: =AC75*BC75 -> 2.7757 | CR75: =AD75*BB75 -> 0 | CS75: =AE75*BS75 -> 0 | CT75: =AF75*BA75 -> 33.0376 | CU75: =AG75 -> 0 | CV75: =AH75 -> 0.5 | CW75: =AI75 -> 0 | CX75: =AJ75 -> 0 | CY75: =(((S75+R75)*AT75)/100) -> 26.432 | CZ75: =(((S75+R75)*AU75)/100) -> 19.824 | DN75: 0 | DO75: 0 | DP75: 1 | DQ75: 1 | DU75: 1013 | DV75: ШТ | DW75: ШТ | DX75: 1 | EE75: 39174433 | EF75: 3 | EG75: Монтажные работы | EH75: 0 | EJ75: 2 | EK75: 110011 | EL75: Связь: пожарно-охранная сигнализация и пром. телевиз. установки ( отделы 8 и 9 ) (при устройстве средств посадки самолетов : НР=95%, СП=55% - {АВИА}=1) | EM75: мФЕР-10 | EQ75: 0 | ER75: 5.29 | ES75: 0.41 | ET75: 0 | EU75: 0 | EV75: 4.88 | EW75: 0.5 | EX75: 0 | EY75: 0 | FQ75: 0 | FR75: =ROUND(IF(AND(BH75=3,BI75=3),P75,0),2) -> 0 | FS75: 0 | FX75: 80 | FY75: 60 | GD75: 1 | GF75: 287023441 | GG75: 1 | GH75: 1 | GI75: 4 | GJ75: 0 | GK75: 0 | GL75: =ROUND(IF(AND(BH75=3,BI75=3,FS75<>0),P75,0),2) -> 0 | GM75: =ROUND(O75+X75+Y75,2)+GX75 -> 82.07 | GN75: =IF(OR(BI75=0,BI75=1),ROUND(O75+X75+Y75,2),0) -> 0 | GO75: =IF(BI75=2,ROUND(O75+X75+Y75,2),0) -> 82.07 | GP75: =IF(BI75=4,ROUND(O75+X75+Y75,2)+GX75,0) -> 0 | GR75: 0 | GS75: 3 | GT75: 0 | GV75: =ROUND((GT75),6) -> 0 | GW75: 1 | GX75: =ROUND(HC75*I75,2) -> 0 | HA75: 0 | HB75: 0 | HC75: =GV75*GW75 -> 0 | IK75: 0
A76: 18 | B76: 1 | C76: 167 | E76: 11,1 | F76: 20.5.02.07-0002 | G76: Коробка распаечная с десятью клеммами размером пластиковая RD9041 прим. | H76: шт. | I76: =I74*J76 -> 1 | J76: 1 | O76: =ROUND(CP76,2) -> 23.83 | P76: =ROUND(CQ76*I76,2) -> 23.83 | Q76: =ROUND(CR76*I76,2) -> 0 | R76: =ROUND(CS76*I76,2) -> 0 | S76: =ROUND(CT76*I76,2) -> 0 | T76: =ROUND(CU76*I76,2) -> 0 | U76: =CV76*I76 -> 0 | V76: =CW76*I76 -> 0 | W76: =ROUND(CX76*I76,2) -> 0 | X76: =ROUND(CY76,2) -> 0 | Y76: =ROUND(CZ76,2) -> 0 | AA76: 39650536 | AB76: =ROUND((AC76+AD76+AF76),6) -> 23.83 | AC76: =ROUND((ES76),6) -> 23.83 | AD76: =ROUND((((ET76)-(EU76))+AE76),6) -> 0 | AE76: =ROUND((EU76),6) -> 0 | AF76: =ROUND((EV76),6) -> 0 | AG76: =ROUND((AP76),6) -> 0 | AH76: =(EW76) -> 0 | AI76: =(EX76) -> 0 | AJ76: =(AS76) -> 0 | AK76: 23.83 | AL76: 23.83 | AM76: 0 | AN76: 0 | AO76: 0 | AP76: 0 | AQ76: 0 | AR76: 0 | AS76: 0 | AT76: 80 | AU76: 60 | AV76: 1 | AW76: 1 | AZ76: 1 | BA76: 1 | BB76: 1 | BC76: 1 | BH76: 3 | BI76: 2 | BJ76: ФССЦ-2001, 20.5.02.07-0002, приказ Минстроя России №1039/пр от 30.12.2016г. | BM76: 110011 | BN76: 0 | BP76: 0 | BQ76: 3 | BR76: 0 | BS76: 1 | BT76: 1 | BU76: 1 | BV76: 1 | BW76: 1 | BX76: 1 | BZ76: 80 | CA76: 60 | CE76: 0 | CF76: 0 | CG76: 0 | CM76: 0 | CO76: 0 | CP76: =(P76+Q76+S76) -> 23.83 | CQ76: =AC76*BC76 -> 23.83 | CR76: =AD76*BB76 -> 0 | CS76: =AE76*BS76 -> 0 | CT76: =AF76*BA76 -> 0 | CU76: =AG76 -> 0 | CV76: =AH76 -> 0 | CW76: =AI76 -> 0 | CX76: =AJ76 -> 0 | CY76: =(((S76+R76)*AT76)/100) -> 0 | CZ76: =(((S76+R76)*AU76)/100) -> 0 | DN76: 0 | DO76: 0 | DP76: 1 | DQ76: 1 | DU76: 1010 | DV76: шт. | DW76: шт. | DX76: 1 | EE76: 39174433 | EF76: 3 | EG76: Монтажные работы | EH76: 0 | EJ76: 2 | EK76: 110011 | EL76: Связь: пожарно-охранная сигнализация и пром. телевиз. установки ( отделы 8 и 9 ) (при устройстве средств посадки самолетов : НР=95%, СП=55% - {АВИА}=1) | EM76: мФЕР-10 | EQ76: 0 | ER76: 23.83 | ES76: 23.83 | ET76: 0 | EU76: 0 | EV76: 0 | EW76: 0 | EX76: 0 | FQ76: 0 | FR76: =ROUND(IF(AND(BH76=3,BI76=3),P76,0),2) -> 0 | FS76: 0 | FX76: 80 | FY76: 60 | GD76: 1 | GF76: -1215076367 | GG76: 2 | GH76: 1 | GI76: -2 | GJ76: 0 | GK76: 0 | GL76: =ROUND(IF(AND(BH76=3,BI76=3,FS76<>0),P76,0),2) -> 0 | GM76: =ROUND(O76+X76+Y76,2)+GX76 -> 23.83 | GN76: =IF(OR(BI76=0,BI76=1),ROUND(O76+X76+Y76,2),0) -> 0 | GO76: =IF(BI76=2,ROUND(O76+X76+Y76,2),0) -> 23.83 | GP76: =IF(BI76=4,ROUND(O76+X76+Y76,2)+GX76,0) -> 0 | GR76: 0 | GS76: 3 | GT76: 0 | GV76: =ROUND((GT76),6) -> 0 | GW76: 1 | GX76: =ROUND(HC76*I76,2) -> 0 | HA76: 0 | HB76: 0 | HC76: =GV76*GW76 -> 0 | IK76: 0
A77: 18 | B77: 1 | C77: 173 | E77: 11,1 | F77: 20.5.02.07-0002 | G77: Коробка распаечная с десятью клеммами размером пластиковая RD9041 прим. | H77: шт. | I77: =I75*J77 -> 1 | J77: 1 | O77: =ROUND(CP77,2) -> 161.33 | P77: =ROUND(CQ77*I77,2) -> 161.33 | Q77: =ROUND(CR77*I77,2) -> 0 | R77: =ROUND(CS77*I77,2) -> 0 | S77: =ROUND(CT77*I77,2) -> 0 | T77: =ROUND(CU77*I77,2) -> 0 | U77: =CV77*I77 -> 0 | V77: =CW77*I77 -> 0 | W77: =ROUND(CX77*I77,2) -> 0 | X77: =ROUND(CY77,2) -> 0 | Y77: =ROUND(CZ77,2) -> 0 | AA77: 39650538 | AB77: =ROUND((AC77+AD77+AF77),6) -> 23.83 | AC77: =ROUND((ES77),6) -> 23.83 | AD77: =ROUND((((ET77)-(EU77))+AE77),6) -> 0 | AE77: =ROUND((EU77),6) -> 0 | AF77: =ROUND((EV77),6) -> 0 | AG77: =ROUND((AP77),6) -> 0 | AH77: =(EW77) -> 0 | AI77: =(EX77) -> 0 | AJ77: =(AS77) -> 0 | AK77: 23.83 | AL77: 23.83 | AM77: 0 | AN77: 0 | AO77: 0 | AP77: 0 | AQ77: 0 | AR77: 0 | AS77: 0 | AT77: 80 | AU77: 60 | AV77: 1 | AW77: 1 | AZ77: 6.77 | BA77: 1 | BB77: 1 | BC77: 6.77 | BH77: 3 | BI77: 2 | BJ77: ФССЦ-2001, 20.5.02.07-0002, приказ Минстроя России №1039/пр от 30.12.2016г. | BM77: 110011 | BN77: 0 | BP77: 0 | BQ77: 3 | BR77: 0 | BS77: 1 | BT77: 1 | BU77: 1 | BV77: 1 | BW77: 1 | BX77: 1 | BZ77: 80 | CA77: 60 | CE77: 0 | CF77: 0 | CG77: 0 | CM77: 0 | CO77: 0 | CP77: =(P77+Q77+S77) -> 161.33 | CQ77: =AC77*BC77 -> 161.3291 | CR77: =AD77*BB77 -> 0 | CS77: =AE77*BS77 -> 0 | CT77: =AF77*BA77 -> 0 | CU77: =AG77 -> 0 | CV77: =AH77 -> 0 | CW77: =AI77 -> 0 | CX77: =AJ77 -> 0 | CY77: =(((S77+R77)*AT77)/100) -> 0 | CZ77: =(((S77+R77)*AU77)/100) -> 0 | DN77: 0 | DO77: 0 | DP77: 1 | DQ77: 1 | DU77: 1010 | DV77: шт. | DW77: шт. | DX77: 1 | EE77: 39174433 | EF77: 3 | EG77: Монтажные работы | EH77: 0 | EJ77: 2 | EK77: 110011 | EL77: Связь: пожарно-охранная сигнализация и пром. телевиз. установки ( отделы 8 и 9 ) (при устройстве средств посадки самолетов : НР=95%, СП=55% - {АВИА}=1) | EM77: мФЕР-10 | EQ77: 0 | ER77: 23.83 | ES77: 23.83 | ET77: 0 | EU77: 0 | EV77: 0 | EW77: 0 | EX77: 0 | FQ77: 0 | FR77: =ROUND(IF(AND(BH77=3,BI77=3),P77,0),2) -> 0 | FS77: 0 | FX77: 80 | FY77: 60 | GD77: 1 | GF77: -1215076367 | GG77: 1 | GH77: 1 | GI77: 4 | GJ77: 0 | GK77: 0 | GL77: =ROUND(IF(AND(BH77=3,BI77=3,FS77<>0),P77,0),2) -> 0 | GM77: =ROUND(O77+X77+Y77,2)+GX77 -> 161.33 | GN77: =IF(OR(BI77=0,BI77=1),ROUND(O77+X77+Y77,2),0) -> 0 | GO77: =IF(BI77=2,ROUND(O77+X77+Y77,2),0) -> 161.33 | GP77: =IF(BI77=4,ROUND(O77+X77+Y77,2)+GX77,0) -> 0 | GR77: 0 | GS77: 3 | GT77: 0 | GV77: =ROUND((GT77),6) -> 0 | GW77: 1 | GX77: =ROUND(HC77*I77,2) -> 0 | HA77: 0 | HB77: 0 | HC77: =GV77*GW77 -> 0 | IK77: 0
A78: 17 | B78: 1 | C78: =ROW(SmtRes!A182) -> 182 | D78: =ROW(EtalonRes!A157) -> 157 | E78: 12 | F78: м10-08-002-04 | G78: Извещатель ОС автоматический контактный, магнитоконтактный на открывание окон, дверей | H78: ШТ | I78: 4 | J78: 0 | O78: =ROUND(CP78,2) -> 51.15 | P78: =ROUND(CQ78*I78,2) -> 7.52 | Q78: =ROUND(CR78*I78,2) -> 0 | R78: =ROUND(CS78*I78,2) -> 0 | S78: =ROUND(CT78*I78,2) -> 43.63 | T78: =ROUND(CU78*I78,2) -> 0 | U78: =CV78*I78 -> 4.536 | V78: =CW78*I78 -> 0 | W78: =ROUND(CX78*I78,2) -> 0 | X78: =ROUND(CY78,2) -> 34.9 | Y78: =ROUND(CZ78,2) -> 26.18 | AA78: 39650536 | AB78: =ROUND((AC78+AD78+AF78),6) -> 12.788 | AC78: =ROUND((ES78),6) -> 1.88 | AD78: =ROUND(((((ET78*1.35))-((EU78*1.35)))+AE78),6) -> 0 | AE78: =ROUND(((EU78*1.35)),6) -> 0 | AF78: =ROUND(((EV78*1.35)),6) -> 10.908 | AG78: =ROUND((AP78),6) -> 0 | AH78: =((EW78*1.35)) -> 1.134 | AI78: =((EX78*1.35)) -> 0 | AJ78: =(AS78) -> 0 | AK78: 9.96 | AL78: 1.88 | AM78: 0 | AN78: 0 | AO78: 8.08 | AP78: 0 | AQ78: 0.84 | AR78: 0 | AS78: 0 | AT78: 80 | AU78: 60 | AV78: 1 | AW78: 1 | AZ78: 1 | BA78: 1 | BB78: 1 | BC78: 1 | BH78: 0 | BI78: 2 | BJ78: ФЕРм-2001, м10-08-002-04, приказ Минстроя России №1039/пр от 30.12.2016г. | BM78: 110011 | BN78: 0 | BP78: 0 | BQ78: 3 | BR78: 0 | BS78: 1 | BT78: 1 | BU78: 1 | BV78: 1 | BW78: 1 | BX78: 1 | BZ78: 80 | CA78: 60 | CE78: 0 | CF78: 0 | CG78: 0 | CM78: 0 | CN78: Поправка: Прил.2, Табл.3, п. 6 Наименование: Производство ремонтно-строительных работ осуществляется внутри работающих трансформаторных и распределительных подстанций, в электропомещениях (щитовые, пультовые, подстанции, реакторные, РУ и пункты, кабельные шахты, тоннели и каналы, кабельные полуэтажи) с действующим электрооборудованием или кабельными линиями под напряжением | CO78: 0 | CP78: =(P78+Q78+S78) -> 51.15 | CQ78: =AC78*BC78 -> 1.88 | CR78: =AD78*BB78 -> 0 | CS78: =AE78*BS78 -> 0 | CT78: =AF78*BA78 -> 10.908 | CU78: =AG78 -> 0 | CV78: =AH78 -> 1.134 | CW78: =AI78 -> 0 | CX78: =AJ78 -> 0 | CY78: =(((S78+R78)*AT78)/100) -> 34.904 | CZ78: =(((S78+R78)*AU78)/100) -> 26.178 | DE78: )*1,35 | DF78: )*1,35 | DG78: )*1,35 | DI78: )*1,35 | DJ78: )*1,35 | DN78: 0 | DO78: 0 | DP78: 1 | DQ78: 1 | DU78: 1013 | DV78: ШТ | DW78: ШТ | DX78: 1 | EE78: 39174433 | EF78: 3 | EG78: Монтажные работы | EH78: 0 | EJ78: 2 | EK78: 110011 | EL78: Связь: пожарно-охранная сигнализация и пром. телевиз. установки ( отделы 8 и 9 ) (при устройстве средств посадки самолетов : НР=95%, СП=55% - {АВИА}=1) | EM78: мФЕР-10 | EO78: Поправка: Прил.2, Табл.3, п. 6 | EQ78: 131072 | ER78: 9.96 | ES78: 1.88 | ET78: 0 | EU78: 0 | EV78: 8.08 | EW78: 0.84 | EX78: 0 | EY78: 0 | FQ78: 0 | FR78: =ROUND(IF(AND(BH78=3,BI78=3),P78,0),2) -> 0 | FS78: 0 | FX78: 80 | FY78: 60 | GD78: 1 | GF78: 1159013296 | GG78: 1 | GH78: 1 | GI78: -2 | GJ78: 0 | GK78: 0 | GL78: =ROUND(IF(AND(BH78=3,BI78=3,FS78<>0),P78,0),2) -> 0 | GM78: =ROUND(O78+X78+Y78,2)+GX78 -> 112.23 | GN78: =IF(OR(BI78=0,BI78=1),ROUND(O78+X78+Y78,2),0) -> 0 | GO78: =IF(BI78=2,ROUND(O78+X78+Y78,2),0) -> 112.23 | GP78: =IF(BI78=4,ROUND(O78+X78+Y78,2)+GX78,0) -> 0 | GR78: 0 | GS78: 3 | GT78: 0 | GV78: =ROUND((GT78),6) -> 0 | GW78: 1 | GX78: =ROUND(HC78*I78,2) -> 0 | HA78: 0 | HB78: 0 | HC78: =GV78*GW78 -> 0 | IK78: 0
A79: 17 | B79: 1 | C79: =ROW(SmtRes!A190) -> 190 | D79: =ROW(EtalonRes!A164) -> 164 | E79: 12 | F79: м10-08-002-04 | G79: Извещатель ОС автоматический контактный, магнитоконтактный на открывание окон, дверей | H79: ШТ | I79: 4 | J79: 0 | O79: =ROUND(CP79,2) -> 346.3 | P79: =ROUND(CQ79*I79,2) -> 50.91 | Q79: =ROUND(CR79*I79,2) -> 0 | R79: =ROUND(CS79*I79,2) -> 0 | S79: =ROUND(CT79*I79,2) -> 295.39 | T79: =ROUND(CU79*I79,2) -> 0 | U79: =CV79*I79 -> 4.536 | V79: =CW79*I79 -> 0 | W79: =ROUND(CX79*I79,2) -> 0 | X79: =ROUND(CY79,2) -> 236.31 | Y79: =ROUND(CZ79,2) -> 177.23 | AA79: 39650538 | AB79: =ROUND((AC79+AD79+AF79),6) -> 12.788 | AC79: =ROUND((ES79),6) -> 1.88 | AD79: =ROUND(((((ET79*1.35))-((EU79*1.35)))+AE79),6) -> 0 | AE79: =ROUND(((EU79*1.35)),6) -> 0 | AF79: =ROUND(((EV79*1.35)),6) -> 10.908 | AG79: =ROUND((AP79),6) -> 0 | AH79: =((EW79*1.35)) -> 1.134 | AI79: =((EX79*1.35)) -> 0 | AJ79: =(AS79) -> 0 | AK79: 9.96 | AL79: 1.88 | AM79: 0 | AN79: 0 | AO79: 8.08 | AP79: 0 | AQ79: 0.84 | AR79: 0 | AS79: 0 | AT79: 80 | AU79: 60 | AV79: 1 | AW79: 1 | AZ79: 6.77 | BA79: 6.77 | BB79: 6.77 | BC79: 6.77 | BH79: 0 | BI79: 2 | BJ79: ФЕРм-2001, м10-08-002-04, приказ Минстроя России №1039/пр от 30.12.2016г. | BM79: 110011 | BN79: 0 | BP79: 0 | BQ79: 3 | BR79: 0 | BS79: 6.77 | BT79: 1 | BU79: 1 | BV79: 1 | BW79: 1 | BX79: 1 | BZ79: 80 | CA79: 60 | CE79: 0 | CF79: 0 | CG79: 0 | CM79: 0 | CN79: Поправка: Прил.2, Табл.3, п. 6 Наименование: Производство ремонтно-строительных работ осуществляется внутри работающих трансформаторных и распределительных подстанций, в электропомещениях (щитовые, пультовые, подстанции, реакторные, РУ и пункты, кабельные шахты, тоннели и каналы, кабельные полуэтажи) с действующим электрооборудованием или кабельными линиями под напряжением | CO79: 0 | CP79: =(P79+Q79+S79) -> 346.3 | CQ79: =AC79*BC79 -> 12.7276 | CR79: =AD79*BB79 -> 0 | CS79: =AE79*BS79 -> 0 | CT79: =AF79*BA79 -> 73.84716 | CU79: =AG79 -> 0 | CV79: =AH79 -> 1.134 | CW79: =AI79 -> 0 | CX79: =AJ79 -> 0 | CY79: =(((S79+R79)*AT79)/100) -> 236.312 | CZ79: =(((S79+R79)*AU79)/100) -> 177.234 | DE79: )*1,35 | DF79: )*1,35 | DG79: )*1,35 | DI79: )*1,35 | DJ79: )*1,35 | DN79: 0 | DO79: 0 | DP79: 1 | DQ79: 1 | DU79: 1013 | DV79: ШТ | DW79: ШТ | DX79: 1 | EE79: 39174433 | EF79: 3 | EG79: Монтажные работы | EH79: 0 | EJ79: 2 | EK79: 110011 | EL79: Связь: пожарно-охранная сигнализация и пром. телевиз. установки ( отделы 8 и 9 ) (при устройстве средств посадки самолетов : НР=95%, СП=55% - {АВИА}=1) | EM79: мФЕР-10 | EO79: Поправка: Прил.2, Табл.3, п. 6 | EQ79: 131072 | ER79: 9.96 | ES79: 1.88 | ET79: 0 | EU79: 0 | EV79: 8.08 | EW79: 0.84 | EX79: 0 | EY79: 0 | FQ79: 0 | FR79: =ROUND(IF(AND(BH79=3,BI79=3),P79,0),2) -> 0 | FS79: 0 | FX79: 80 | FY79: 60 | GD79: 1 | GF79: 1159013296 | GG79: 1 | GH79: 1 | GI79: 4 | GJ79: 0 | GK79: 0 | GL79: =ROUND(IF(AND(BH79=3,BI79=3,FS79<>0),P79,0),2) -> 0 | GM79: =ROUND(O79+X79+Y79,2)+GX79 -> 759.84 | GN79: =IF(OR(BI79=0,BI79=1),ROUND(O79+X79+Y79,2),0) -> 0 | GO79: =IF(BI79=2,ROUND(O79+X79+Y79,2),0) -> 759.84 | GP79: =IF(BI79=4,ROUND(O79+X79+Y79,2)+GX79,0) -> 0 | GR79: 0 | GS79: 0 | GT79: 0 | GV79: =ROUND((GT79),6) -> 0 | GW79: 1 | GX79: =ROUND(HC79*I79,2) -> 0 | HA79: 0 | HB79: 0 | HC79: =GV79*GW79 -> 0 | IK79: 0
A80: 18 | B80: 1 | C80: 181 | E80: 12,1 | F80: 61.2.01.05-0040 | G80: Извещатель охранный контактный ИО 102-26 исп. 04 | H80: шт. | I80: =I78*J80 -> 4 | J80: 1 | O80: =ROUND(CP80,2) -> 167.16 | P80: =ROUND(CQ80*I80,2) -> 167.16 | Q80: =ROUND(CR80*I80,2) -> 0 | R80: =ROUND(CS80*I80,2) -> 0 | S80: =ROUND(CT80*I80,2) -> 0 | T80: =ROUND(CU80*I80,2) -> 0 | U80: =CV80*I80 -> 0 | V80: =CW80*I80 -> 0 | W80: =ROUND(CX80*I80,2) -> 0 | X80: =ROUND(CY80,2) -> 0 | Y80: =ROUND(CZ80,2) -> 0 | AA80: 39650536 | AB80: =ROUND((AC80+AD80+AF80),6) -> 41.79 | AC80: =ROUND((ES80),6) -> 41.79 | AD80: =ROUND((((ET80)-(EU80))+AE80),6) -> 0 | AE80: =ROUND((EU80),6) -> 0 | AF80: =ROUND((EV80),6) -> 0 | AG80: =ROUND((AP80),6) -> 0 | AH80: =(EW80) -> 0 | AI80: =(EX80) -> 0 | AJ80: =(AS80) -> 0 | AK80: 41.79 | AL80: 41.79 | AM80: 0 | AN80: 0 | AO80: 0 | AP80: 0 | AQ80: 0 | AR80: 0 | AS80: 0 | AT80: 80 | AU80: 60 | AV80: 1 | AW80: 1 | AZ80: 1 | BA80: 1 | BB80: 1 | BC80: 1 | BH80: 3 | BI80: 2 | BJ80: ФССЦ-2001, 61.2.01.05-0040, приказ Минстроя России №1039/пр от 30.12.2016г. | BM80: 110011 | BN80: 0 | BP80: 0 | BQ80: 3 | BR80: 0 | BS80: 1 | BT80: 1 | BU80: 1 | BV80: 1 | BW80: 1 | BX80: 1 | BZ80: 80 | CA80: 60 | CE80: 0 | CF80: 0 | CG80: 0 | CM80: 0 | CO80: 0 | CP80: =(P80+Q80+S80) -> 167.16 | CQ80: =AC80*BC80 -> 41.79 | CR80: =AD80*BB80 -> 0 | CS80: =AE80*BS80 -> 0 | CT80: =AF80*BA80 -> 0 | CU80: =AG80 -> 0 | CV80: =AH80 -> 0 | CW80: =AI80 -> 0 | CX80: =AJ80 -> 0 | CY80: =(((S80+R80)*AT80)/100) -> 0 | CZ80: =(((S80+R80)*AU80)/100) -> 0 | DN80: 0 | DO80: 0 | DP80: 1 | DQ80: 1 | DU80: 1010 | DV80: шт. | DW80: шт. | DX80: 1 | EE80: 39174433 | EF80: 3 | EG80: Монтажные работы | EH80: 0 | EJ80: 2 | EK80: 110011 | EL80: Связь: пожарно-охранная сигнализация и пром. телевиз. установки ( отделы 8 и 9 ) (при устройстве средств посадки самолетов : НР=95%, СП=55% - {АВИА}=1) | EM80: мФЕР-10 | EQ80: 0 | ER80: 41.79 | ES80: 41.79 | ET80: 0 | EU80: 0 | EV80: 0 | EW80: 0 | EX80: 0 | FQ80: 0 | FR80: =ROUND(IF(AND(BH80=3,BI80=3),P80,0),2) -> 0 | FS80: 0 | FX80: 80 | FY80: 60 | GD80: 1 | GF80: 222646065 | GG80: 2 | GH80: 1 | GI80: -2 | GJ80: 0 | GK80: 0 | GL80: =ROUND(IF(AND(BH80=3,BI80=3,FS80<>0),P80,0),2) -> 0 | GM80: =ROUND(O80+X80+Y80,2)+GX80 -> 167.16 | GN80: =IF(OR(BI80=0,BI80=1),ROUND(O80+X80+Y80,2),0) -> 0 | GO80: =IF(BI80=2,ROUND(O80+X80+Y80,2),0) -> 167.16 | GP80: =IF(BI80=4,ROUND(O80+X80+Y80,2)+GX80,0) -> 0 | GR80: 0 | GS80: 3 | GT80: 0 | GV80: =ROUND((GT80),6) -> 0 | GW80: 1 | GX80: =ROUND(HC80*I80,2) -> 0 | HA80: 0 | HB80: 0 | HC80: =GV80*GW80 -> 0 | IK80: 0
A81: 18 | B81: 1 | C81: 189 | E81: 12,1 | F81: 61.2.01.05-0040 | G81: Извещатель охранный контактный ИО 102-26 исп. 04 | H81: шт. | I81: =I79*J81 -> 4 | J81: 1 | O81: =ROUND(CP81,2) -> 1131.67 | P81: =ROUND(CQ81*I81,2) -> 1131.67 | Q81: =ROUND(CR81*I81,2) -> 0 | R81: =ROUND(CS81*I81,2) -> 0 | S81: =ROUND(CT81*I81,2) -> 0 | T81: =ROUND(CU81*I81,2) -> 0 | U81: =CV81*I81 -> 0 | V81: =CW81*I81 -> 0 | W81: =ROUND(CX81*I81,2) -> 0 | X81: =ROUND(CY81,2) -> 0 | Y81: =ROUND(CZ81,2) -> 0 | AA81: 39650538 | AB81: =ROUND((AC81+AD81+AF81),6) -> 41.79 | AC81: =ROUND((ES81),6) -> 41.79 | AD81: =ROUND((((ET81)-(EU81))+AE81),6) -> 0 | AE81: =ROUND((EU81),6) -> 0 | AF81: =ROUND((EV81),6) -> 0 | AG81: =ROUND((AP81),6) -> 0 | AH81: =(EW81) -> 0 | AI81: =(EX81) -> 0 | AJ81: =(AS81) -> 0 | AK81: 41.79 | AL81: 41.79 | AM81: 0 | AN81: 0 | AO81: 0 | AP81: 0 | AQ81: 0 | AR81: 0 | AS81: 0 | AT81: 80 | AU81: 60 | AV81: 1 | AW81: 1 | AZ81: 6.77 | BA81: 1 | BB81: 1 | BC81: 6.77 | BH81: 3 | BI81: 2 | BJ81: ФССЦ-2001, 61.2.01.05-0040, приказ Минстроя России №1039/пр от 30.12.2016г. | BM81: 110011 | BN81: 0 | BP81: 0 | BQ81: 3 | BR81: 0 | BS81: 1 | BT81: 1 | BU81: 1 | BV81: 1 | BW81: 1 | BX81: 1 | BZ81: 80 | CA81: 60 | CE81: 0 | CF81: 0 | CG81: 0 | CM81: 0 | CO81: 0 | CP81: =(P81+Q81+S81) -> 1131.67 | CQ81: =AC81*BC81 -> 282.9183 | CR81: =AD81*BB81 -> 0 | CS81: =AE81*BS81 -> 0 | CT81: =AF81*BA81 -> 0 | CU81: =AG81 -> 0 | CV81: =AH81 -> 0 | CW81: =AI81 -> 0 | CX81: =AJ81 -> 0 | CY81: =(((S81+R81)*AT81)/100) -> 0 | CZ81: =(((S81+R81)*AU81)/100) -> 0 | DN81: 0 | DO81: 0 | DP81: 1 | DQ81: 1 | DU81: 1010 | DV81: шт. | DW81: шт. | DX81: 1 | EE81: 39174433 | EF81: 3 | EG81: Монтажные работы | EH81: 0 | EJ81: 2 | EK81: 110011 | EL81: Связь: пожарно-охранная сигнализация и пром. телевиз. установки ( отделы 8 и 9 ) (при устройстве средств посадки самолетов : НР=95%, СП=55% - {АВИА}=1) | EM81: мФЕР-10 | EQ81: 0 | ER81: 41.79 | ES81: 41.79 | ET81: 0 | EU81: 0 | EV81: 0 | EW81: 0 | EX81: 0 | FQ81: 0 | FR81: =ROUND(IF(AND(BH81=3,BI81=3),P81,0),2) -> 0 | FS81: 0 | FX81: 80 | FY81: 60 | GD81: 1 | GF81: 222646065 | GG81: 1 | GH81: 1 | GI81: 4 | GJ81: 0 | GK81: 0 | GL81: =ROUND(IF(AND(BH81=3,BI81=3,FS81<>0),P81,0),2) -> 0 | GM81: =ROUND(O81+X81+Y81,2)+GX81 -> 1131.67 | GN81: =IF(OR(BI81=0,BI81=1),ROUND(O81+X81+Y81,2),0) -> 0 | GO81: =IF(BI81=2,ROUND(O81+X81+Y81,2),0) -> 1131.67 | GP81: =IF(BI81=4,ROUND(O81+X81+Y81,2)+GX81,0) -> 0 | GR81: 0 | GS81: 3 | GT81: 0 | GV81: =ROUND((GT81),6) -> 0 | GW81: 1 | GX81: =ROUND(HC81*I81,2) -> 0 | HA81: 0 | HB81: 0 | HC81: =GV81*GW81 -> 0 | IK81: 0
A82: 17 | B82: 1 | C82: =ROW(SmtRes!A195) -> 195 | D82: =ROW(EtalonRes!A168) -> 168 | E82: 13 | F82: м10-06-010-22 прим. | G82: Устройство оконечное кабельное УОК | H82: ШТ | I82: 6 | J82: 0 | O82: =ROUND(CP82,2) -> 1238.37 | P82: =ROUND(CQ82*I82,2) -> 7.98 | Q82: =ROUND(CR82*I82,2) -> 691.42 | R82: =ROUND(CS82*I82,2) -> 72.33 | S82: =ROUND(CT82*I82,2) -> 538.97 | T82: =ROUND(CU82*I82,2) -> 0 | U82: =CV82*I82 -> 48.6 | V82: =CW82*I82 -> 6.237 | W82: =ROUND(CX82*I82,2) -> 0 | X82: =ROUND(CY82,2) -> 733.56 | Y82: =ROUND(CZ82,2) -> 427.91 | AA82: 39650536 | AB82: =ROUND((AC82+AD82+AF82),6) -> 206.395 | AC82: =ROUND((ES82),6) -> 1.33 | AD82: =ROUND(((((ET82*1.35))-((EU82*1.35)))+AE82),6) -> 115.236 | AE82: =ROUND(((EU82*1.35)),6) -> 12.0555 | AF82: =ROUND(((EV82*1.35)),6) -> 89.829 | AG82: =ROUND((AP82),6) -> 0 | AH82: =((EW82*1.35)) -> 8.1 | AI82: =((EX82*1.35)) -> 1.0395 | AJ82: =(AS82) -> 0 | AK82: 153.23 | AL82: 1.33 | AM82: 85.36 | AN82: 8.93 | AO82: 66.54 | AP82: 0 | AQ82: 6 | AR82: 0.77 | AS82: 0 | AT82: 120 | AU82: 70 | AV82: 1 | AW82: 1 | AZ82: 1 | BA82: 1 | BB82: 1 | BC82: 1 | BH82: 0 | BI82: 2 | BJ82: ФЕРм-2001, м10-06-010-22, приказ Минстроя России №1039/пр от 30.12.2016г. | BM82: 110005 | BN82: 0 | BP82: 0 | BQ82: 3 | BR82: 0 | BS82: 1 | BT82: 1 | BU82: 1 | BV82: 1 | BW82: 1 | BX82: 1 | BZ82: 120 | CA82: 70 | CE82: 0 | CF82: 0 | CG82: 0 | CM82: 0 | CN82: Поправка: Прил.2, Табл.3, п. 6 Наименование: Производство ремонтно-строительных работ осуществляется внутри работающих трансформаторных и распределительных подстанций, в электропомещениях (щитовые, пультовые, подстанции, реакторные, РУ и пункты, кабельные шахты, тоннели и каналы, кабельные полуэтажи) с действующим электрооборудованием или кабельными линиями под напряжением | CO82: 0 | CP82: =(P82+Q82+S82) -> 1238.37 | CQ82: =AC82*BC82 -> 1.33 | CR82: =AD82*BB82 -> 115.236 | CS82: =AE82*BS82 -> 12.0555 | CT82: =AF82*BA82 -> 89.829 | CU82: =AG82 -> 0 | CV82: =AH82 -> 8.1 | CW82: =AI82 -> 1.0395 | CX82: =AJ82 -> 0 | CY82: =(((S82+R82)*AT82)/100) -> 733.56 | CZ82: =(((S82+R82)*AU82)/100) -> 427.91 | DE82: )*1,35 | DF82: )*1,35 | DG82: )*1,35 | DI82: )*1,35 | DJ82: )*1,35 | DN82: 0 | DO82: 0 | DP82: 1 | DQ82: 1 | DU82: 1013 | DV82: ШТ | DW82: ШТ | DX82: 1 | EE82: 39174429 | EF82: 3 | EG82: Монтажные работы | EH82: 0 | EJ82: 2 | EK82: 110005 | EL82: Связь: линии связи кабельные междугородные ( отдел 6, раздел 1) | EM82: мФЕР-10 | EO82: Поправка: Прил.2, Табл.3, п. 6 | EQ82: 0 | ER82: 153.23 | ES82: 1.33 | ET82: 85.36 | EU82: 8.93 | EV82: 66.54 | EW82: 6 | EX82: 0.77 | EY82: 0 | FQ82: 0 | FR82: =ROUND(IF(AND(BH82=3,BI82=3),P82,0),2) -> 0 | FS82: 0 | FX82: 120 | FY82: 70 | GD82: 1 | GF82: -869925553 | GG82: 2 | GH82: 1 | GI82: -2 | GJ82: 0 | GK82: 0 | GL82: =ROUND(IF(AND(BH82=3,BI82=3,FS82<>0),P82,0),2) -> 0 | GM82: =ROUND(O82+X82+Y82,2)+GX82 -> 2399.84 | GN82: =IF(OR(BI82=0,BI82=1),ROUND(O82+X82+Y82,2),0) -> 0 | GO82: =IF(BI82=2,ROUND(O82+X82+Y82,2),0) -> 2399.84 | GP82: =IF(BI82=4,ROUND(O82+X82+Y82,2)+GX82,0) -> 0 | GR82: 0 | GS82: 3 | GT82: 0 | GV82: =ROUND((GT82),6) -> 0 | GW82: 1 | GX82: =ROUND(HC82*I82,2) -> 0 | HA82: 0 | HB82: 0 | HC82: =GV82*GW82 -> 0 | IK82: 0
A83: 17 | B83: 1 | C83: =ROW(SmtRes!A200) -> 200 | D83: =ROW(EtalonRes!A172) -> 172 | E83: 13 | F83: м10-06-010-22 прим. | G83: Устройство оконечное кабельное УОК | H83: ШТ | I83: 6 | J83: 0 | O83: =ROUND(CP83,2) -> 8383.76 | P83: =ROUND(CQ83*I83,2) -> 54.02 | Q83: =ROUND(CR83*I83,2) -> 4680.89 | R83: =ROUND(CS83*I83,2) -> 489.69 | S83: =ROUND(CT83*I83,2) -> 3648.85 | T83: =ROUND(CU83*I83,2) -> 0 | U83: =CV83*I83 -> 48.6 | V83: =CW83*I83 -> 6.237 | W83: =ROUND(CX83*I83,2) -> 0 | X83: =ROUND(CY83,2) -> 4966.25 | Y83: =ROUND(CZ83,2) -> 2896.98 | AA83: 39650538 | AB83: =ROUND((AC83+AD83+AF83),6) -> 206.395 | AC83: =ROUND((ES83),6) -> 1.33 | AD83: =ROUND(((((ET83*1.35))-((EU83*1.35)))+AE83),6) -> 115.236 | AE83: =ROUND(((EU83*1.35)),6) -> 12.0555 | AF83: =ROUND(((EV83*1.35)),6) -> 89.829 | AG83: =ROUND((AP83),6) -> 0 | AH83: =((EW83*1.35)) -> 8.1 | AI83: =((EX83*1.35)) -> 1.0395 | AJ83: =(AS83) -> 0 | AK83: 153.23 | AL83: 1.33 | AM83: 85.36 | AN83: 8.93 | AO83: 66.54 | AP83: 0 | AQ83: 6 | AR83: 0.77 | AS83: 0 | AT83: 120 | AU83: 70 | AV83: 1 | AW83: 1 | AZ83: 6.77 | BA83: 6.77 | BB83: 6.77 | BC83: 6.77 | BH83: 0 | BI83: 2 | BJ83: ФЕРм-2001, м10-06-010-22, приказ Минстроя России №1039/пр от 30.12.2016г. | BM83: 110005 | BN83: 0 | BP83: 0 | BQ83: 3 | BR83: 0 | BS83: 6.77 | BT83: 1 | BU83: 1 | BV83: 1 | BW83: 1 | BX83: 1 | BZ83: 120 | CA83: 70 | CE83: 0 | CF83: 0 | CG83: 0 | CM83: 0 | CN83: Поправка: Прил.2, Табл.3, п. 6 Наименование: Производство ремонтно-строительных работ осуществляется внутри работающих трансформаторных и распределительных подстанций, в электропомещениях (щитовые, пультовые, подстанции, реакторные, РУ и пункты, кабельные шахты, тоннели и каналы, кабельные полуэтажи) с действующим электрооборудованием или кабельными линиями под напряжением | CO83: 0 | CP83: =(P83+Q83+S83) -> 8383.76 | CQ83: =AC83*BC83 -> 9.0041 | CR83: =AD83*BB83 -> 780.14772 | CS83: =AE83*BS83 -> 81.615735 | CT83: =AF83*BA83 -> 608.14233 | CU83: =AG83 -> 0 | CV83: =AH83 -> 8.1 | CW83: =AI83 -> 1.0395 | CX83: =AJ83 -> 0 | CY83: =(((S83+R83)*AT83)/100) -> 4966.248 | CZ83: =(((S83+R83)*AU83)/100) -> 2896.978 | DE83: )*1,35 | DF83: )*1,35 | DG83: )*1,35 | DI83: )*1,35 | DJ83: )*1,35 | DN83: 0 | DO83: 0 | DP83: 1 | DQ83: 1 | DU83: 1013 | DV83: ШТ | DW83: ШТ | DX83: 1 | EE83: 39174429 | EF83: 3 | EG83: Монтажные работы | EH83: 0 | EJ83: 2 | EK83: 110005 | EL83: Связь: линии связи кабельные междугородные ( отдел 6, раздел 1) | EM83: мФЕР-10 | EO83: Поправка: Прил.2, Табл.3, п. 6 | EQ83: 0 | ER83: 153.23 | ES83: 1.33 | ET83: 85.36 | EU83: 8.93 | EV83: 66.54 | EW83: 6 | EX83: 0.77 | EY83: 0 | FQ83: 0 | FR83: =ROUND(IF(AND(BH83=3,BI83=3),P83,0),2) -> 0 | FS83: 0 | FX83: 120 | FY83: 70 | GD83: 1 | GF83: -869925553 | GG83: 1 | GH83: 1 | GI83: 4 | GJ83: 0 | GK83: 0 | GL83: =ROUND(IF(AND(BH83=3,BI83=3,FS83<>0),P83,0),2) -> 0 | GM83: =ROUND(O83+X83+Y83,2)+GX83 -> 16246.99 | GN83: =IF(OR(BI83=0,BI83=1),ROUND(O83+X83+Y83,2),0) -> 0 | GO83: =IF(BI83=2,ROUND(O83+X83+Y83,2),0) -> 16246.99 | GP83: =IF(BI83=4,ROUND(O83+X83+Y83,2)+GX83,0) -> 0 | GR83: 0 | GS83: 3 | GT83: 0 | GV83: =ROUND((GT83),6) -> 0 | GW83: 1 | GX83: =ROUND(HC83*I83,2) -> 0 | HA83: 0 | HB83: 0 | HC83: =GV83*GW83 -> 0 | IK83: 0
A84: 18 | B84: 1 | C84: 194 | E84: 13,1 | F84: 61.2.07.04-0051 | G84: Устройство контроля шлейфа УШК-01 прим. | H84: шт. | I84: =I82*J84 -> 6 | J84: 1 | O84: =ROUND(CP84,2) -> 347.52 | P84: =ROUND(CQ84*I84,2) -> 347.52 | Q84: =ROUND(CR84*I84,2) -> 0 | R84: =ROUND(CS84*I84,2) -> 0 | S84: =ROUND(CT84*I84,2) -> 0 | T84: =ROUND(CU84*I84,2) -> 0 | U84: =CV84*I84 -> 0 | V84: =CW84*I84 -> 0 | W84: =ROUND(CX84*I84,2) -> 0 | X84: =ROUND(CY84,2) -> 0 | Y84: =ROUND(CZ84,2) -> 0 | AA84: 39650536 | AB84: =ROUND((AC84+AD84+AF84),6) -> 57.92 | AC84: =ROUND((ES84),6) -> 57.92 | AD84: =ROUND((((ET84)-(EU84))+AE84),6) -> 0 | AE84: =ROUND((EU84),6) -> 0 | AF84: =ROUND((EV84),6) -> 0 | AG84: =ROUND((AP84),6) -> 0 | AH84: =(EW84) -> 0 | AI84: =(EX84) -> 0 | AJ84: =(AS84) -> 0 | AK84: 57.92 | AL84: 57.92 | AM84: 0 | AN84: 0 | AO84: 0 | AP84: 0 | AQ84: 0 | AR84: 0 | AS84: 0 | AT84: 80 | AU84: 60 | AV84: 1 | AW84: 1 | AZ84: 1 | BA84: 1 | BB84: 1 | BC84: 1 | BH84: 3 | BI84: 2 | BJ84: ФССЦ-2001, 61.2.07.04-0051, приказ Минстроя России №1039/пр от 30.12.2016г. | BM84: 110011 | BN84: 0 | BP84: 0 | BQ84: 3 | BR84: 0 | BS84: 1 | BT84: 1 | BU84: 1 | BV84: 1 | BW84: 1 | BX84: 1 | BZ84: 80 | CA84: 60 | CE84: 0 | CF84: 0 | CG84: 0 | CM84: 0 | CO84: 0 | CP84: =(P84+Q84+S84) -> 347.52 | CQ84: =AC84*BC84 -> 57.92 | CR84: =AD84*BB84 -> 0 | CS84: =AE84*BS84 -> 0 | CT84: =AF84*BA84 -> 0 | CU84: =AG84 -> 0 | CV84: =AH84 -> 0 | CW84: =AI84 -> 0 | CX84: =AJ84 -> 0 | CY84: =(((S84+R84)*AT84)/100) -> 0 | CZ84: =(((S84+R84)*AU84)/100) -> 0 | DN84: 0 | DO84: 0 | DP84: 1 | DQ84: 1 | DU84: 1010 | DV84: шт. | DW84: шт. | DX84: 1 | EE84: 39174433 | EF84: 3 | EG84: Монтажные работы | EH84: 0 | EJ84: 2 | EK84: 110011 | EL84: Связь: пожарно-охранная сигнализация и пром. телевиз. установки ( отделы 8 и 9 ) (при устройстве средств посадки самолетов : НР=95%, СП=55% - {АВИА}=1) | EM84: мФЕР-10 | EQ84: 0 | ER84: 57.92 | ES84: 57.92 | ET84: 0 | EU84: 0 | EV84: 0 | EW84: 0 | EX84: 0 | FQ84: 0 | FR84: =ROUND(IF(AND(BH84=3,BI84=3),P84,0),2) -> 0 | FS84: 0 | FX84: 80 | FY84: 60 | GD84: 1 | GF84: -355802124 | GG84: 2 | GH84: 1 | GI84: -2 | GJ84: 0 | GK84: 0 | GL84: =ROUND(IF(AND(BH84=3,BI84=3,FS84<>0),P84,0),2) -> 0 | GM84: =ROUND(O84+X84+Y84,2)+GX84 -> 347.52 | GN84: =IF(OR(BI84=0,BI84=1),ROUND(O84+X84+Y84,2),0) -> 0 | GO84: =IF(BI84=2,ROUND(O84+X84+Y84,2),0) -> 347.52 | GP84: =IF(BI84=4,ROUND(O84+X84+Y84,2)+GX84,0) -> 0 | GR84: 0 | GS84: 3 | GT84: 0 | GV84: =ROUND((GT84),6) -> 0 | GW84: 1 | GX84: =ROUND(HC84*I84,2) -> 0 | HA84: 0 | HB84: 0 | HC84: =GV84*GW84 -> 0 | IK84: 0
A85: 18 | B85: 1 | C85: 199 | E85: 13,1 | F85: 61.2.07.04-0051 | G85: Устройство контроля шлейфа УШК-01 прим. | H85: шт. | I85: =I83*J85 -> 6 | J85: 1 | O85: =ROUND(CP85,2) -> 2352.71 | P85: =ROUND(CQ85*I85,2) -> 2352.71 | Q85: =ROUND(CR85*I85,2) -> 0 | R85: =ROUND(CS85*I85,2) -> 0 | S85: =ROUND(CT85*I85,2) -> 0 | T85: =ROUND(CU85*I85,2) -> 0 | U85: =CV85*I85 -> 0 | V85: =CW85*I85 -> 0 | W85: =ROUND(CX85*I85,2) -> 0 | X85: =ROUND(CY85,2) -> 0 | Y85: =ROUND(CZ85,2) -> 0 | AA85: 39650538 | AB85: =ROUND((AC85+AD85+AF85),6) -> 57.92 | AC85: =ROUND((ES85),6) -> 57.92 | AD85: =ROUND((((ET85)-(EU85))+AE85),6) -> 0 | AE85: =ROUND((EU85),6) -> 0 | AF85: =ROUND((EV85),6) -> 0 | AG85: =ROUND((AP85),6) -> 0 | AH85: =(EW85) -> 0 | AI85: =(EX85) -> 0 | AJ85: =(AS85) -> 0 | AK85: 57.92 | AL85: 57.92 | AM85: 0 | AN85: 0 | AO85: 0 | AP85: 0 | AQ85: 0 | AR85: 0 | AS85: 0 | AT85: 80 | AU85: 60 | AV85: 1 | AW85: 1 | AZ85: 6.77 | BA85: 1 | BB85: 1 | BC85: 6.77 | BH85: 3 | BI85: 2 | BJ85: ФССЦ-2001, 61.2.07.04-0051, приказ Минстроя России №1039/пр от 30.12.2016г. | BM85: 110011 | BN85: 0 | BP85: 0 | BQ85: 3 | BR85: 0 | BS85: 1 | BT85: 1 | BU85: 1 | BV85: 1 | BW85: 1 | BX85: 1 | BZ85: 80 | CA85: 60 | CE85: 0 | CF85: 0 | CG85: 0 | CM85: 0 | CO85: 0 | CP85: =(P85+Q85+S85) -> 2352.71 | CQ85: =AC85*BC85 -> 392.1184 | CR85: =AD85*BB85 -> 0 | CS85: =AE85*BS85 -> 0 | CT85: =AF85*BA85 -> 0 | CU85: =AG85 -> 0 | CV85: =AH85 -> 0 | CW85: =AI85 -> 0 | CX85: =AJ85 -> 0 | CY85: =(((S85+R85)*AT85)/100) -> 0 | CZ85: =(((S85+R85)*AU85)/100) -> 0 | DN85: 0 | DO85: 0 | DP85: 1 | DQ85: 1 | DU85: 1010 | DV85: шт. | DW85: шт. | DX85: 1 | EE85: 39174433 | EF85: 3 | EG85: Монтажные работы | EH85: 0 | EJ85: 2 | EK85: 110011 | EL85: Связь: пожарно-охранная сигнализация и пром. телевиз. установки ( отделы 8 и 9 ) (при устройстве средств посадки самолетов : НР=95%, СП=55% - {АВИА}=1) | EM85: мФЕР-10 | EQ85: 0 | ER85: 57.92 | ES85: 57.92 | ET85: 0 | EU85: 0 | EV85: 0 | EW85: 0 | EX85: 0 | FQ85: 0 | FR85: =ROUND(IF(AND(BH85=3,BI85=3),P85,0),2) -> 0 | FS85: 0 | FX85: 80 | FY85: 60 | GD85: 1 | GF85: -355802124 | GG85: 1 | GH85: 1 | GI85: 4 | GJ85: 0 | GK85: 0 | GL85: =ROUND(IF(AND(BH85=3,BI85=3,FS85<>0),P85,0),2) -> 0 | GM85: =ROUND(O85+X85+Y85,2)+GX85 -> 2352.71 | GN85: =IF(OR(BI85=0,BI85=1),ROUND(O85+X85+Y85,2),0) -> 0 | GO85: =IF(BI85=2,ROUND(O85+X85+Y85,2),0) -> 2352.71 | GP85: =IF(BI85=4,ROUND(O85+X85+Y85,2)+GX85,0) -> 0 | GR85: 0 | GS85: 3 | GT85: 0 | GV85: =ROUND((GT85),6) -> 0 | GW85: 1 | GX85: =ROUND(HC85*I85,2) -> 0 | HA85: 0 | HB85: 0 | HC85: =GV85*GW85 -> 0 | IK85: 0
